Workbook

Sheet 日報
A2: 0 | B2: 社 長 | F2: 専 務 | H2: 部 長 | J2: 次 長 | L2: 課 長 | N2: 係 長 | O2: 係 | R2: 船 舶 部 ウ ト ロ 営 業 日 報 | AD2: 天候 | AF2: 午 前 | AG2: 午 後
O3: =IF(ISERROR(VLOOKUP(O5,参照!AB:AC,2,FALSE)),"",VLOOKUP(O5,参照!AB:AC,2,FALSE)) -> 菅原 | S3: * | W3: =TEXT(S3,"aaaa") -> * | AF3: =IF(ISERROR(VLOOKUP(P3,参照!M:N,2,FALSE)),"",VLOOKUP(P3,参照!M:N,2,FALSE)) | AG3: =IF(ISERROR(VLOOKUP(P4,参照!M:N,2,FALSE)),"",VLOOKUP(P4,参照!M:N,2,FALSE))
O4: =IF(ISERROR(VLOOKUP(N4,参照!#REF!,2,FALSE)),"",VLOOKUP(N4,参照!#REF!,2,FALSE)) | AF4: =IF(ISERROR(VLOOKUP(AE4,参照!O:P,2,FALSE)),"",VLOOKUP(AE4,参照!O:P,2,FALSE)) | AG4: =IF(ISERROR(VLOOKUP(AF4,参照!P:Q,2,FALSE)),"",VLOOKUP(AF4,参照!P:Q,2,FALSE))
B5: 航路別売上 | O5: 5 | R5: Ｂ 発券精算 | V5: Ｃ 請求精算 | Z5: Ｄ 売店等内訳 | AF5: Ｆ 当日売掛金
F6: 硫黄山（A) ・ 水晶（B）・岩尾別（C)・知床岬（D）・カシュニ（E） | R6: エージェント名 | T6: 金 額 | V6: エージェント名 | X6: 金 額 | Z6: 項 目 | AC6: 金 額
B7: 航 | C7: 次 | D7: 船 | F7: 一般A | H7: 団体B | J7: 学割 | L7: 小人A | N7: 小人B | O7: 人 数 | P7: 金 額 | R7: =IF(ISERROR(VLOOKUP(Q7,参照!A:B,2,FALSE)),"",VLOOKUP(Q7,参照!A:B,2,FALSE)) | V7: =IF(ISERROR(VLOOKUP(U7,参照!D:E,2,FALSE)),"",VLOOKUP(U7,参照!D:E,2,FALSE)) | Z7: 売店現金 | AC7: =SUM(S40) -> 0 | AF7: 売掛合計 | AG7: =+T27+T31 -> 0
E8: =IF(B8="","",VLOOKUP(B8,参照!$U$1:$Z$25,2,FALSE)) | G8: =IF(B8="","",VLOOKUP(B8,参照!$U$1:$Z$25,3,FALSE)) | I8: =IF(B8="","",VLOOKUP(B8,参照!$U$1:$Z$25,4,FALSE)) | K8: =IF(B8="","",VLOOKUP(B8,参照!$U$1:$Z$25,5,FALSE)) | M8: =IF(B8="","",VLOOKUP(B8,参照!$U$1:$Z$25,6,FALSE)) | O8: =IF(SUM(F8+H8+J8+L8+N8)=0,"",SUM(F8+H8+J8+L8+N8)) | P8: =IF(ISERROR(SUM(E8*F8+G8*H8+I8*J8+K8*L8+M8*N8)),"",SUM(E8*F8+G8*H8+I8*J8+K8*L8+M8*N8)) | R8: =IF(ISERROR(VLOOKUP(Q8,参照!A:B,2,FALSE)),"",VLOOKUP(Q8,参照!A:B,2,FALSE)) | V8: =IF(ISERROR(VLOOKUP(U8,参照!D:E,2,FALSE)),"",VLOOKUP(U8,参照!D:E,2,FALSE)) | Z8: 船フイルム１
E9: =IF(B9="","",VLOOKUP(B9,参照!$U$1:$Z$25,2,FALSE)) | G9: =IF(B9="","",VLOOKUP(B9,参照!$U$1:$Z$25,3,FALSE)) | I9: =IF(B9="","",VLOOKUP(B9,参照!$U$1:$Z$25,4,FALSE)) | K9: =IF(B9="","",VLOOKUP(B9,参照!$U$1:$Z$25,5,FALSE)) | M9: =IF(B9="","",VLOOKUP(B9,参照!$U$1:$Z$25,6,FALSE)) | O9: =IF(SUM(F9+H9+J9+L9+N9)=0,"",SUM(F9+H9+J9+L9+N9)) | P9: =IF(ISERROR(SUM(E9*F9+G9*H9+I9*J9+K9*L9+M9*N9)),"",SUM(E9*F9+G9*H9+I9*J9+K9*L9+M9*N9)) | R9: =IF(ISERROR(VLOOKUP(Q9,参照!A:B,2,FALSE)),"",VLOOKUP(Q9,参照!A:B,2,FALSE)) | V9: =IF(ISERROR(VLOOKUP(U9,参照!D:E,2,FALSE)),"",VLOOKUP(U9,参照!D:E,2,FALSE)) | Z9: 船フイルム２ | AF9: 預 り 金
E10: =IF(B10="","",VLOOKUP(B10,参照!$U$1:$Z$25,2,FALSE)) | G10: =IF(B10="","",VLOOKUP(B10,参照!$U$1:$Z$25,3,FALSE)) | I10: =IF(B10="","",VLOOKUP(B10,参照!$U$1:$Z$25,4,FALSE)) | K10: =IF(B10="","",VLOOKUP(B10,参照!$U$1:$Z$25,5,FALSE)) | M10: =IF(B10="","",VLOOKUP(B10,参照!$U$1:$Z$25,6,FALSE)) | O10: =IF(SUM(F10+H10+J10+L10+N10)=0,"",SUM(F10+H10+J10+L10+N10)) | P10: =IF(ISERROR(SUM(E10*F10+G10*H10+I10*J10+K10*L10+M10*N10)),"",SUM(E10*F10+G10*H10+I10*J10+K10*L10+M10*N10)) | R10: =IF(ISERROR(VLOOKUP(Q10,参照!A:B,2,FALSE)),"",VLOOKUP(Q10,参照!A:B,2,FALSE)) | V10: =IF(ISERROR(VLOOKUP(U10,参照!D:E,2,FALSE)),"",VLOOKUP(U10,参照!D:E,2,FALSE)) | Z10: 売店売掛金 | AC10: =+T26+T30 -> 0
E11: =IF(B11="","",VLOOKUP(B11,参照!$U$1:$Z$25,2,FALSE)) | G11: =IF(B11="","",VLOOKUP(B11,参照!$U$1:$Z$25,3,FALSE)) | I11: =IF(B11="","",VLOOKUP(B11,参照!$U$1:$Z$25,4,FALSE)) | K11: =IF(B11="","",VLOOKUP(B11,参照!$U$1:$Z$25,5,FALSE)) | M11: =IF(B11="","",VLOOKUP(B11,参照!$U$1:$Z$25,6,FALSE)) | O11: =IF(SUM(F11+H11+J11+L11+N11)=0,"",SUM(F11+H11+J11+L11+N11)) | P11: =IF(ISERROR(SUM(E11*F11+G11*H11+I11*J11+K11*L11+M11*N11)),"",SUM(E11*F11+G11*H11+I11*J11+K11*L11+M11*N11)) | R11: =IF(ISERROR(VLOOKUP(Q11,参照!A:B,2,FALSE)),"",VLOOKUP(Q11,参照!A:B,2,FALSE)) | V11: =IF(ISERROR(VLOOKUP(U11,参照!D:E,2,FALSE)),"",VLOOKUP(U11,参照!D:E,2,FALSE)) | Z11: 合 計 | AC11: =SUM(AC7:AC10) -> 0 | AF11: 合 計 | AG11: =SUM(AG7:AG10) -> 0
E12: =IF(B12="","",VLOOKUP(B12,参照!$U$1:$Z$25,2,FALSE)) | G12: =IF(B12="","",VLOOKUP(B12,参照!$U$1:$Z$25,3,FALSE)) | I12: =IF(B12="","",VLOOKUP(B12,参照!$U$1:$Z$25,4,FALSE)) | K12: =IF(B12="","",VLOOKUP(B12,参照!$U$1:$Z$25,5,FALSE)) | M12: =IF(B12="","",VLOOKUP(B12,参照!$U$1:$Z$25,6,FALSE)) | O12: =IF(SUM(F12+H12+J12+L12+N12)=0,"",SUM(F12+H12+J12+L12+N12)) | P12: =IF(ISERROR(SUM(E12*F12+G12*H12+I12*J12+K12*L12+M12*N12)),"",SUM(E12*F12+G12*H12+I12*J12+K12*L12+M12*N12)) | R12: =IF(ISERROR(VLOOKUP(Q12,参照!A:B,2,FALSE)),"",VLOOKUP(Q12,参照!A:B,2,FALSE)) | V12: =IF(ISERROR(VLOOKUP(U12,参照!D:E,2,FALSE)),"",VLOOKUP(U12,参照!D:E,2,FALSE))
E13: =IF(B13="","",VLOOKUP(B13,参照!$U$1:$Z$25,2,FALSE)) | G13: =IF(B13="","",VLOOKUP(B13,参照!$U$1:$Z$25,3,FALSE)) | I13: =IF(B13="","",VLOOKUP(B13,参照!$U$1:$Z$25,4,FALSE)) | K13: =IF(B13="","",VLOOKUP(B13,参照!$U$1:$Z$25,5,FALSE)) | M13: =IF(B13="","",VLOOKUP(B13,参照!$U$1:$Z$25,6,FALSE)) | O13: =IF(SUM(F13+H13+J13+L13+N13)=0,"",SUM(F13+H13+J13+L13+N13)) | P13: =IF(ISERROR(SUM(E13*F13+G13*H13+I13*J13+K13*L13+M13*N13)),"",SUM(E13*F13+G13*H13+I13*J13+K13*L13+M13*N13)) | R13: =IF(ISERROR(VLOOKUP(Q13,参照!A:B,2,FALSE)),"",VLOOKUP(Q13,参照!A:B,2,FALSE)) | V13: =IF(ISERROR(VLOOKUP(U13,参照!D:E,2,FALSE)),"",VLOOKUP(U13,参照!D:E,2,FALSE))
E14: =IF(B14="","",VLOOKUP(B14,参照!$U$1:$Z$25,2,FALSE)) | G14: =IF(B14="","",VLOOKUP(B14,参照!$U$1:$Z$25,3,FALSE)) | I14: =IF(B14="","",VLOOKUP(B14,参照!$U$1:$Z$25,4,FALSE)) | K14: =IF(B14="","",VLOOKUP(B14,参照!$U$1:$Z$25,5,FALSE)) | M14: =IF(B14="","",VLOOKUP(B14,参照!$U$1:$Z$25,6,FALSE)) | O14: =IF(SUM(F14+H14+J14+L14+N14)=0,"",SUM(F14+H14+J14+L14+N14)) | P14: =IF(ISERROR(SUM(E14*F14+G14*H14+I14*J14+K14*L14+M14*N14)),"",SUM(E14*F14+G14*H14+I14*J14+K14*L14+M14*N14)) | R14: =IF(ISERROR(VLOOKUP(Q14,参照!A:B,2,FALSE)),"",VLOOKUP(Q14,参照!A:B,2,FALSE)) | V14: =IF(ISERROR(VLOOKUP(U14,参照!D:E,2,FALSE)),"",VLOOKUP(U14,参照!D:E,2,FALSE)) | Z14: Ｅ 前入金及びその他収入内訳 | AF14: Ｇ 当日取扱現金
E15: =IF(B15="","",VLOOKUP(B15,参照!$U$1:$Z$25,2,FALSE)) | G15: =IF(B15="","",VLOOKUP(B15,参照!$U$1:$Z$25,3,FALSE)) | I15: =IF(B15="","",VLOOKUP(B15,参照!$U$1:$Z$25,4,FALSE)) | K15: =IF(B15="","",VLOOKUP(B15,参照!$U$1:$Z$25,5,FALSE)) | M15: =IF(B15="","",VLOOKUP(B15,参照!$U$1:$Z$25,6,FALSE)) | O15: =IF(SUM(F15+H15+J15+L15+N15)=0,"",SUM(F15+H15+J15+L15+N15)) | P15: =IF(ISERROR(SUM(E15*F15+G15*H15+I15*J15+K15*L15+M15*N15)),"",SUM(E15*F15+G15*H15+I15*J15+K15*L15+M15*N15)) | R15: =IF(ISERROR(VLOOKUP(Q15,参照!A:B,2,FALSE)),"",VLOOKUP(Q15,参照!A:B,2,FALSE)) | V15: =IF(ISERROR(VLOOKUP(U15,参照!D:E,2,FALSE)),"",VLOOKUP(U15,参照!D:E,2,FALSE)) | Z15: （乗船券類前入金）
E16: =IF(B16="","",VLOOKUP(B16,参照!$U$1:$Z$25,2,FALSE)) | G16: =IF(B16="","",VLOOKUP(B16,参照!$U$1:$Z$25,3,FALSE)) | I16: =IF(B16="","",VLOOKUP(B16,参照!$U$1:$Z$25,4,FALSE)) | K16: =IF(B16="","",VLOOKUP(B16,参照!$U$1:$Z$25,5,FALSE)) | M16: =IF(B16="","",VLOOKUP(B16,参照!$U$1:$Z$25,6,FALSE)) | O16: =IF(SUM(F16+H16+J16+L16+N16)=0,"",SUM(F16+H16+J16+L16+N16)) | P16: =IF(ISERROR(SUM(E16*F16+G16*H16+I16*J16+K16*L16+M16*N16)),"",SUM(E16*F16+G16*H16+I16*J16+K16*L16+M16*N16)) | R16: =IF(ISERROR(VLOOKUP(Q16,参照!A:B,2,FALSE)),"",VLOOKUP(Q16,参照!A:B,2,FALSE)) | V16: =IF(ISERROR(VLOOKUP(U16,参照!D:E,2,FALSE)),"",VLOOKUP(U16,参照!D:E,2,FALSE)) | AF16: 現金売上 | AG16: =+T50-AG11-AC31 -> #VALUE!
E17: =IF(B17="","",VLOOKUP(B17,参照!$U$1:$Z$25,2,FALSE)) | G17: =IF(B17="","",VLOOKUP(B17,参照!$U$1:$Z$25,3,FALSE)) | I17: =IF(B17="","",VLOOKUP(B17,参照!$U$1:$Z$25,4,FALSE)) | K17: =IF(B17="","",VLOOKUP(B17,参照!$U$1:$Z$25,5,FALSE)) | M17: =IF(B17="","",VLOOKUP(B17,参照!$U$1:$Z$25,6,FALSE)) | O17: =IF(SUM(F17+H17+J17+L17+N17)=0,"",SUM(F17+H17+J17+L17+N17)) | P17: =IF(ISERROR(SUM(E17*F17+G17*H17+I17*J17+K17*L17+M17*N17)),"",SUM(E17*F17+G17*H17+I17*J17+K17*L17+M17*N17)) | R17: =IF(ISERROR(VLOOKUP(Q17,参照!A:B,2,FALSE)),"",VLOOKUP(Q17,参照!A:B,2,FALSE)) | V17: =IF(ISERROR(VLOOKUP(U17,参照!D:E,2,FALSE)),"",VLOOKUP(U17,参照!D:E,2,FALSE))
E18: =IF(B18="","",VLOOKUP(B18,参照!$U$1:$Z$25,2,FALSE)) | G18: =IF(B18="","",VLOOKUP(B18,参照!$U$1:$Z$25,3,FALSE)) | I18: =IF(B18="","",VLOOKUP(B18,参照!$U$1:$Z$25,4,FALSE)) | K18: =IF(B18="","",VLOOKUP(B18,参照!$U$1:$Z$25,5,FALSE)) | M18: =IF(B18="","",VLOOKUP(B18,参照!$U$1:$Z$25,6,FALSE)) | O18: =IF(SUM(F18+H18+J18+L18+N18)=0,"",SUM(F18+H18+J18+L18+N18)) | P18: =IF(ISERROR(SUM(E18*F18+G18*H18+I18*J18+K18*L18+M18*N18)),"",SUM(E18*F18+G18*H18+I18*J18+K18*L18+M18*N18)) | R18: =IF(ISERROR(VLOOKUP(Q18,参照!A:B,2,FALSE)),"",VLOOKUP(Q18,参照!A:B,2,FALSE)) | V18: =IF(ISERROR(VLOOKUP(U18,参照!D:E,2,FALSE)),"",VLOOKUP(U18,参照!D:E,2,FALSE)) | AF18: 売掛回収
E19: =IF(B19="","",VLOOKUP(B19,参照!$U$1:$Z$25,2,FALSE)) | G19: =IF(B19="","",VLOOKUP(B19,参照!$U$1:$Z$25,3,FALSE)) | I19: =IF(B19="","",VLOOKUP(B19,参照!$U$1:$Z$25,4,FALSE)) | K19: =IF(B19="","",VLOOKUP(B19,参照!$U$1:$Z$25,5,FALSE)) | M19: =IF(B19="","",VLOOKUP(B19,参照!$U$1:$Z$25,6,FALSE)) | O19: =IF(SUM(F19+H19+J19+L19+N19)=0,"",SUM(F19+H19+J19+L19+N19)) | P19: =IF(ISERROR(SUM(E19*F19+G19*H19+I19*J19+K19*L19+M19*N19)),"",SUM(E19*F19+G19*H19+I19*J19+K19*L19+M19*N19)) | R19: =IF(ISERROR(VLOOKUP(Q19,参照!A:B,2,FALSE)),"",VLOOKUP(Q19,参照!A:B,2,FALSE)) | V19: =IF(ISERROR(VLOOKUP(U19,参照!D:E,2,FALSE)),"",VLOOKUP(U19,参照!D:E,2,FALSE)) | Z19: （その他収入内訳）
B20: * | E20: =IF(B20="","",VLOOKUP(B20,参照!$U$1:$Z$25,2,FALSE)) -> 5000 | G20: =IF(B20="","",VLOOKUP(B20,参照!$U$1:$Z$25,3,FALSE)) -> 4750 | I20: =IF(B20="","",VLOOKUP(B20,参照!$U$1:$Z$25,4,FALSE)) -> 3500 | K20: =IF(B20="","",VLOOKUP(B20,参照!$U$1:$Z$25,5,FALSE)) -> 2500 | M20: =IF(B20="","",VLOOKUP(B20,参照!$U$1:$Z$25,6,FALSE)) -> 2380 | O20: =IF(SUM(F20+H20+J20+L20+N20)=0,"",SUM(F20+H20+J20+L20+N20)) | P20: =IF(ISERROR(SUM(E20*F20+G20*H20+I20*J20+K20*L20+M20*N20)),"",SUM(E20*F20+G20*H20+I20*J20+K20*L20+M20*N20)) -> 0 | R20: =IF(ISERROR(VLOOKUP(Q20,参照!A:B,2,FALSE)),"",VLOOKUP(Q20,参照!A:B,2,FALSE)) | V20: =IF(ISERROR(VLOOKUP(U20,参照!D:E,2,FALSE)),"",VLOOKUP(U20,参照!D:E,2,FALSE))
B21: * | E21: =IF(B21="","",VLOOKUP(B21,参照!$U$1:$Z$25,2,FALSE)) -> 5000 | G21: =IF(B21="","",VLOOKUP(B21,参照!$U$1:$Z$25,3,FALSE)) -> 4750 | I21: =IF(B21="","",VLOOKUP(B21,参照!$U$1:$Z$25,4,FALSE)) -> 3500 | K21: =IF(B21="","",VLOOKUP(B21,参照!$U$1:$Z$25,5,FALSE)) -> 2500 | M21: =IF(B21="","",VLOOKUP(B21,参照!$U$1:$Z$25,6,FALSE)) -> 2380 | O21: =IF(SUM(F21+H21+J21+L21+N21)=0,"",SUM(F21+H21+J21+L21+N21)) | P21: =IF(ISERROR(SUM(E21*F21+G21*H21+I21*J21+K21*L21+M21*N21)),"",SUM(E21*F21+G21*H21+I21*J21+K21*L21+M21*N21)) -> 0 | R21: =IF(ISERROR(VLOOKUP(Q21,参照!A:B,2,FALSE)),"",VLOOKUP(Q21,参照!A:B,2,FALSE)) | V21: =IF(ISERROR(VLOOKUP(U21,参照!D:E,2,FALSE)),"",VLOOKUP(U21,参照!D:E,2,FALSE))
E22: =IF(B22="","",VLOOKUP(B22,参照!$U$1:$Z$25,2,FALSE)) | R22: =IF(ISERROR(VLOOKUP(Q22,参照!A:B,2,FALSE)),"",VLOOKUP(Q22,参照!A:B,2,FALSE)) | V22: =IF(ISERROR(VLOOKUP(U22,参照!D:E,2,FALSE)),"",VLOOKUP(U22,参照!D:E,2,FALSE)) | AF22: 乗船手数料
B23: 小 計 | F23: =SUM(F8:F21) -> 0 | G23: =SUM(G8:G21) -> 9500 | H23: =SUM(H8:H21) -> 0 | I23: =SUM(I8:I21) -> 7000 | J23: =SUM(J8:J21) -> 0 | K23: =SUM(K8:K21) -> 5000 | L23: =SUM(L8:L21) -> 0 | M23: =SUM(M8:M21) -> 4760 | ... P23: =SUM(P8:P21) -> 0 | R23: =IF(ISERROR(VLOOKUP(Q23,参照!A:B,2,FALSE)),"",VLOOKUP(Q23,参照!A:B,2,FALSE)) | V23: =IF(ISERROR(VLOOKUP(U23,参照!D:E,2,FALSE)),"",VLOOKUP(U23,参照!D:E,2,FALSE))
R24: 小 計 | T24: =SUM(T7:T23) -> 0 | V24: =IF(ISERROR(VLOOKUP(U24,参照!D:E,2,FALSE)),"",VLOOKUP(U24,参照!D:E,2,FALSE)) | AF24: 過不足金
B25: 月 計 | E25: =IF(B25="","",VLOOKUP(B25,参照!$U$1:$Z$25,2,FALSE)) -> #N/A | F25: 月 航路別乗船人数・売上金額 | R25: 売店売掛（発券精算分） | V25: =IF(ISERROR(VLOOKUP(U25,参照!D:E,2,FALSE)),"",VLOOKUP(U25,参照!D:E,2,FALSE))
B26: 航路名 | E26: #N/A | F26: 一般A | H26: 団体B | J26: 学割 | L26: 小人A | N26: 小人B | O26: 人 数 | P26: 金 額 | R26: =IF(ISERROR(VLOOKUP(Q26,参照!A:B,2,FALSE)),"",VLOOKUP(Q26,参照!A:B,2,FALSE)) | V26: =IF(ISERROR(VLOOKUP(U26,参照!D:E,2,FALSE)),"",VLOOKUP(U26,参照!D:E,2,FALSE)) | AF26: 預金額計 | AG26: =SUM(AG16:AG25) -> #VALUE!
B27: 硫黄山 | F27: =SUMIF($B8:$P21,$A27,F8:F21) -> 0 | G27: =SUMIF($B8:$P21,$A27,G8:G21) -> 0 | R27: 発 券 精 算 計 | T27: =SUM(T24+T26) -> 0 | V27: =IF(ISERROR(VLOOKUP(U27,参照!D:E,2,FALSE)),"",VLOOKUP(U27,参照!D:E,2,FALSE)) | Z27: その他収入計 | AC27: =SUM(AC20:AC25) -> 0
B28: 小 計 | E28: #N/A | V28: =IF(ISERROR(VLOOKUP(U28,参照!D:E,2,FALSE)),"",VLOOKUP(U28,参照!D:E,2,FALSE)) | Z28: 現金=0、前入金・後入金=1入力
B29: 水晶岬 | R29: 売店売掛（請求精算分） | V29: =IF(ISERROR(VLOOKUP(U29,参照!D:E,2,FALSE)),"",VLOOKUP(U29,参照!D:E,2,FALSE)) | AF29: 双眼鏡レンタル月累計
B30: 小 計 | E30: #N/A | R30: =IF(ISERROR(VLOOKUP(Q30,参照!#REF!,2,FALSE)),"",VLOOKUP(Q30,参照!#REF!,2,FALSE)) | V30: =IF(ISERROR(VLOOKUP(U30,参照!D:E,2,FALSE)),"",VLOOKUP(U30,参照!D:E,2,FALSE)) | AF30: おーろら | AG30: 0
B31: 岩尾別 | R31: 請 求 精 算 計 | T31: =SUM(X31+T30) -> 0 | V31: 小 計 | X31: =SUM(X7:X30) -> 0 | Z31: 前 後 入 金 計 | AC31: =+AB16*AC16+AB17*AC17+AB20*AC20+AB21*AC21+AB22*AC22+AB23*AC23+AB24*AC24+AB25*AC25 -> 0 | AF31: おーろら2 | AG31: 0
B32: 小 計
B33: 知床岬 | E33: #N/A | R33: Ｈ 収入内訳 | AF33: Ｉ 記 事
B34: 小 計 | E34: #N/A | T34: 当 日 | X34: 当 月 累 計 | AC34: 全 期 累 計
B35: カシュニ | S35: （昨年） | W35: （昨年） | AA35: （昨年） | AC35: =SUM(前月ペースト場所!AI34) -> 278
B36: 小 計 | E36: #N/A | R36: 乗 客 数 | S36: （本年） | T36: =O40+O43+O46+O49+O52 -> 138 | W36: （本年） | Z36: =+IF(ISERROR(X36/X35*100),"",(X36/X35*100)) | AA36: （本年） | AC36: =SUM(前月ペースト場所!AI35) -> 138 | AD36: =+IF(ISERROR(AC36/AC35*100),"",(AC36/AC35*100)) -> 49.640288
E37: =IF(B37="","",VLOOKUP(B37,参照!$U$1:$Z$25,2,FALSE)) | AC37: =SUM(前月ペースト場所!AI36) -> 1183960
B38: 月 累 計 | R38: 旅客収入 | T38: =P8+P9+P10+P11+P12+P13+P14+P15+P16+P17+P18+P19+P20+P21+P22+P23+P24+P25+P26+P27+P28+P29+P30+P31+P32+P33+P34+P35+P36+P37+P38 -> #VALUE! | Z38: =+IF(ISERROR(X38/X37*100),"",(X38/X37*100)) | AC38: =SUM(前月ペースト場所!AI37) -> 675760 | AD38: =+IF(ISERROR(AC38/AC37*100),"",(AC38/AC37*100)) -> 57.076253
R39: フイルム | S39: =SUM(AC8:AC9) -> 0 | AC39: =SUM(前月ペースト場所!AI38) -> 0
B40: 全期計 | E40: =IF(B40="","",VLOOKUP(B40,参照!$U$1:$Z$25,2,FALSE)) -> #N/A | F40: 全期 航路別乗船人数・売上金額 | R40: 売 店 | T40: =SUM(T26+T30+S39+S40) -> 0 | Z40: =+IF(ISERROR(X40/X39*100),"",(X40/X39*100)) | AC40: =SUM(前月ペースト場所!AI39) -> 31216 | AD40: =+IF(ISERROR(AC40/AC39*100),"",(AC40/AC39*100))
B41: 航路名 | E41: #N/A | F41: 一般A | H41: 団体B | J41: 学割 | L41: 小人A | N41: 小人B | O41: 人 数 | P41: 金 額 | R41: 船舶売店1 | AC41: =SUM(前月ペースト場所!AI40) -> 17400
B42: 硫黄山 | R42: 船舶売店2 | T42: =SUM(S41:S42) -> 0 | Z42: =+IF(ISERROR(X42/X41*100),"",(X42/X41*100)) | AC42: =SUM(前月ペースト場所!AI41) -> 5010 | AD42: =+IF(ISERROR(AC42/AC41*100),"",(AC42/AC41*100)) -> 28.793103
B43: 全期小計 | E43: #N/A | F43: =SUM(前月ペースト場所!F42) -> 118 | G43: =SUM(前月ペースト場所!G42) -> 19000 | H43: =SUM(前月ペースト場所!H42) -> 16 | I43: =SUM(前月ペースト場所!I42) -> 14000 | J43: =SUM(前月ペースト場所!J42) -> 0 | K43: =SUM(前月ペースト場所!K42) -> 10000 | L43: =SUM(前月ペースト場所!L42) -> 2 | M43: =SUM(前月ペースト場所!M42) -> 9520 | ... P43: =SUM(前月ペースト場所!P42) -> 675760 | R43: 座席指定1 | AC43: =SUM(前月ペースト場所!AI42) -> 33000
B44: 水晶岬 | R44: 座席指定2 | T44: =SUM(S43:S44) -> 0 | Z44: =+IF(ISERROR(X44/X43*100),"",(X44/X43*100)) | AC44: =SUM(前月ペースト場所!AI43) -> 9000 | AD44: =+IF(ISERROR(AC44/AC43*100),"",(AC44/AC43*100)) -> 27.272727
B45: 全期小計 | E45: #N/A | F45: =SUM(前月ペースト場所!F44) -> 0 | G45: =SUM(前月ペースト場所!G44) -> 0 | H45: =SUM(前月ペースト場所!H44) -> 0 | I45: =SUM(前月ペースト場所!I44) -> 0 | J45: =SUM(前月ペースト場所!J44) -> 0 | K45: =SUM(前月ペースト場所!K44) -> 0 | L45: =SUM(前月ペースト場所!L44) -> 0 | M45: =SUM(前月ペースト場所!M44) -> 0 | ... P45: =SUM(前月ペースト場所!P44) -> 0 | AC45: =SUM(前月ペースト場所!AI44) -> 0
B46: 岩尾別 | R46: そ の 他 | T46: =+AC27 -> 0 | Z46: =+IF(ISERROR(X46/X45*100),"",(X46/X45*100)) | AC46: =SUM(前月ペースト場所!AI45) -> 0 | AD46: =+IF(ISERROR(AC46/AC45*100),"",(AC46/AC45*100))
B47: 全期小計 | F47: =SUM(前月ペースト場所!F46) -> 0 | G47: =SUM(前月ペースト場所!G46) -> 0 | H47: =SUM(前月ペースト場所!H46) -> 0 | I47: =SUM(前月ペースト場所!I46) -> 0 | J47: =SUM(前月ペースト場所!J46) -> 0 | K47: =SUM(前月ペースト場所!K46) -> 0 | L47: =SUM(前月ペースト場所!L46) -> 0 | M47: =SUM(前月ペースト場所!M46) -> 0 | ... P47: =SUM(前月ペースト場所!P46) -> 0 | R47: 双眼鏡 1 | AC47: =SUM(前月ペースト場所!AI46) -> 7500
B48: 知床岬 | E48: #N/A | R48: 双眼鏡2 | T48: =S47+S48 -> 0 | AC48: =SUM(前月ペースト場所!AI47) -> 6500 | AK48: 航 | AL48: 航 | AM48: 航 | AN48: 航 | AO48: 航 | AP48: 航
B49: 全期小計 | E49: #N/A | F49: =SUM(前月ペースト場所!F48) -> 0 | G49: =SUM(前月ペースト場所!G48) -> 0 | H49: =SUM(前月ペースト場所!H48) -> 0 | I49: =SUM(前月ペースト場所!I48) -> 0 | J49: =SUM(前月ペースト場所!J48) -> 0 | K49: =SUM(前月ペースト場所!K48) -> 0 | L49: =SUM(前月ペースト場所!L48) -> 0 | M49: =SUM(前月ペースト場所!M48) -> 0 | ... P49: =SUM(前月ペースト場所!P48) -> 0 | T49: =+T37+T39+T41+T43+T45+T47 -> 0 | X49: =+X37+X39+X41+X43+X45+X47 -> 0 | AC49: =SUM(前月ペースト場所!AI48) -> 1241860 | AK49: A | AL49: B | AM49: C | AN49: D | AO49: E | AP49: F
B50: カシュニ | R50: 合 計 | T50: =+T38+T40+T42+T44+T46+T48 -> #VALUE! | X50: =+X38+X40+X42+X44+X46+X48 -> 0 | Z50: =+IF(ISERROR(X50/X49*100),"",(X50/X49*100)) | AC50: =SUM(前月ペースト場所!AI49) -> 727486 | AD50: =+IF(ISERROR(AC50/AC49*100),"",(AC50/AC49*100)) -> 58.580355
B51: 全期小計 | E51: #N/A | F51: =SUM(前月ペースト場所!F50) -> 0 | G51: =SUM(前月ペースト場所!G50) -> 0 | H51: =SUM(前月ペースト場所!H50) -> 0 | I51: =SUM(前月ペースト場所!I50) -> 0 | J51: =SUM(前月ペースト場所!J50) -> 0 | K51: =SUM(前月ペースト場所!K50) -> 0 | L51: =SUM(前月ペースト場所!L50) -> 0 | M51: =SUM(前月ペースト場所!M50) -> 0 | ... P51: =SUM(前月ペースト場所!P50) -> 0 | T51: =+T49/1.08 -> 0 | X51: =+X49/1.08 -> 0 | AC51: =SUM(前月ペースト場所!AI50) -> 1129054 | AM51: 硫黄山A1 | AN51: 水晶岬B2 | AO51: 岩尾別Ｃ3
E52: =IF(B52="","",VLOOKUP(B52,参照!$U$1:$Z$25,2,FALSE)) | R52: 税引後 | T52: =+T50/1.08 -> #VALUE! | X52: =+X50/1.08 -> 0 | Z52: =+IF(ISERROR(X52/X51*100),"",(X52/X51*100)) | AC52: =SUM(前月ペースト場所!AI51) -> 661396.53 | AD52: =+IF(ISERROR(AC52/AC51*100),"",(AC52/AC51*100)) -> 58.579706 | AK52: ①
B53: 全期累計 | F53: =SUM(前月ペースト場所!F52) -> 118 | G53: =SUM(前月ペースト場所!G52) -> 19000 | H53: =SUM(前月ペースト場所!H52) -> 16 | I53: =SUM(前月ペースト場所!I52) -> 14000 | J53: =SUM(前月ペースト場所!J52) -> 0 | K53: =SUM(前月ペースト場所!K52) -> 10000 | L53: =SUM(前月ペースト場所!L52) -> 2 | M53: =SUM(前月ペースト場所!M52) -> 9520 | ... P53: =SUM(前月ペースト場所!P52) -> 675760 | S53: （税額） | T53: =+T50*8/108 -> #VALUE! | W53: （税額） | X53: =+X50*8/108 -> 0 | AA53: （税額） | AC53: =SUM(前月ペースト場所!AI52) -> 66089.468 | AK53: ②
A56: =A2+1 -> 1 | F56: 社 長 | H56: 常 務 | J56: 部 長 | L56: 次 長 | N56: 課 長 | O56: 係 | R56: 船 舶 部 ウ ト ロ 営 業 日 報 | AD56: 天候 | AF56: 午 前 | AG56: 午 後
O57: =IF(ISERROR(VLOOKUP(O59,参照!AB:AC,2,FALSE)),"",VLOOKUP(O59,参照!AB:AC,2,FALSE)) -> 菅原 | P57: 1 | S57: 46143 | W57: =TEXT(S57,"aaaa") -> 金曜日 | AF57: =IF(ISERROR(VLOOKUP(P57,参照!M:N,2,FALSE)),"",VLOOKUP(P57,参照!M:N,2,FALSE)) -> 晴 れ | AG57: =IF(ISERROR(VLOOKUP(P58,参照!M:N,2,FALSE)),"",VLOOKUP(P58,参照!M:N,2,FALSE)) -> 晴 れ
O58: =IF(ISERROR(VLOOKUP(N58,参照!#REF!,2,FALSE)),"",VLOOKUP(N58,参照!#REF!,2,FALSE)) | P58: 1 | AF58: =IF(ISERROR(VLOOKUP(AE58,参照!O:P,2,FALSE)),"",VLOOKUP(AE58,参照!O:P,2,FALSE)) | AG58: =IF(ISERROR(VLOOKUP(AF58,参照!P:Q,2,FALSE)),"",VLOOKUP(AF58,参照!P:Q,2,FALSE))
B59: 航路別売上 | O59: 5 | R59: 発券精算 | V59: 請求精算 | Z59: 前入金及びその他収入内訳
F60: カムイワッカ（A）・水晶（B）・岩尾別（C）・知床岬（D）・ルシャ（E）・フレペ（F） | R60: エージェント名 | T60: 金 額 | V60: エージェント名 | X60: 金 額 | Z60: （乗船券類前入金） | AJ60: 航路 | AK60: 条件
B61: 航 | C61: 次 | D61: 船 | F61: 一般A | H61: 団体B | J61: 学割 | L61: 小人A | N61: 小人B | O61: 人 数 | P61: 金 額 | R61: =IF(ISERROR(VLOOKUP(Q61,参照!A:B,2,FALSE)),"",VLOOKUP(Q61,参照!A:B,2,FALSE)) | U61: 500 | V61: =IF(ISERROR(VLOOKUP(U61,参照!D:E,2,FALSE)),"",VLOOKUP(U61,参照!D:E,2,FALSE)) -> じゃらん | X61: 87400 | AF61: 船内売店売上月累計 | AJ61: ｶﾑｲﾜｯｶ | AK61: 航 | AL61: 船 | AN61: 一般A | AO61: 団体B | AP61: 学割 | AQ61: 小人A | AR61: 小人B | AT61: 大人 | AU61: 子供 | AV61: 合計 | AW61: 換算人数 | AX61: 航海数 | AY61: 硫黄山
B62: A | C62: 1 | D62: 1 | E62: =IF(B62="","",VLOOKUP(B62,参照!$U$1:$Z$25,2,FALSE)) -> 5000 | F62: 26 | G62: =IF(B62="","",VLOOKUP(B62,参照!$U$1:$Z$25,3,FALSE)) -> 4750 | H62: 2 | I62: =IF(B62="","",VLOOKUP(B62,参照!$U$1:$Z$25,4,FALSE)) -> 3500 | K62: =IF(B62="","",VLOOKUP(B62,参照!$U$1:$Z$25,5,FALSE)) -> 2500 | L62: 2 | M62: =IF(B62="","",VLOOKUP(B62,参照!$U$1:$Z$25,6,FALSE)) -> 2380 | O62: =IF(SUM(F62+H62+J62+L62+N62)=0,"",SUM(F62+H62+J62+L62+N62)) -> 30 | P62: =IF(ISERROR(SUM(E62*F62+G62*H62+I62*J62+K62*L62+M62*N62)),"",SUM(E62*F62+G62*H62+I62*J62+K62*L62+M62*N62)) -> 144500 | R62: =IF(ISERROR(VLOOKUP(Q62,参照!A:B,2,FALSE)),"",VLOOKUP(Q62,参照!A:B,2,FALSE)) | V62: 大分交通㈱ | X62: 45000 | AF62: おーろら | AG62: =AG9+S95 -> 17960 | AK62: A | AL62: 1 | AN62: =DSUM($B61:$N75,F61,$AK61:$AL62) -> 26 | AO62: =DSUM($B61:$N75,H61,$AK61:$AL62) -> 2 | AP62: =DSUM($B61:$N75,J61,$AK61:$AL62) -> 0 | AQ62: =DSUM($B61:$N75,L61,$AK61:$AL62) -> 2 | AR62: =DSUM($B61:$N75,N61,$AK61:$AL62) -> 0 | AT62: =AN62+AO62+AP62 -> 28 | AU62: =AQ62+AR62 -> 2 | AV62: =AT62+AU62 -> 30 | AW62: =(AT62*1)+(AU62*0.5) -> 29 | AX62: =DCOUNT(B61:E75,D61,AK61:AL62)-AM106 -> 1
B63: E | C63: 1 | D63: 3 | E63: =IF(B63="","",VLOOKUP(B63,参照!$U$1:$Z$25,2,FALSE)) -> 8000 | F63: 27 | G63: =IF(B63="","",VLOOKUP(B63,参照!$U$1:$Z$25,3,FALSE)) -> 7600 | H63: 6 | I63: =IF(B63="","",VLOOKUP(B63,参照!$U$1:$Z$25,4,FALSE)) -> 5600 | K63: =IF(B63="","",VLOOKUP(B63,参照!$U$1:$Z$25,5,FALSE)) -> 4000 | L63: 1 | M63: =IF(B63="","",VLOOKUP(B63,参照!$U$1:$Z$25,6,FALSE)) -> 3800 | O63: =IF(SUM(F63+H63+J63+L63+N63)=0,"",SUM(F63+H63+J63+L63+N63)) -> 34 | P63: =IF(ISERROR(SUM(E63*F63+G63*H63+I63*J63+K63*L63+M63*N63)),"",SUM(E63*F63+G63*H63+I63*J63+K63*L63+M63*N63)) -> 265600 | R63: =IF(ISERROR(VLOOKUP(Q63,参照!A:B,2,FALSE)),"",VLOOKUP(Q63,参照!A:B,2,FALSE)) | U63: 726 | V63: =IF(ISERROR(VLOOKUP(U63,参照!D:E,2,FALSE)),"",VLOOKUP(U63,参照!D:E,2,FALSE)) -> ベルトラ | X63: 9500 | AF63: おーろら3 | AG63: =AG10+S96 -> 0 | AK63: 航 | AL63: 船
B64: D | C64: 岬 | D64: 1 | E64: =IF(B64="","",VLOOKUP(B64,参照!$U$1:$Z$25,2,FALSE)) -> 10000 | F64: 60 | G64: =IF(B64="","",VLOOKUP(B64,参照!$U$1:$Z$25,3,FALSE)) -> 9500 | H64: 9 | I64: =IF(B64="","",VLOOKUP(B64,参照!$U$1:$Z$25,4,FALSE)) -> 7000 | K64: =IF(B64="","",VLOOKUP(B64,参照!$U$1:$Z$25,5,FALSE)) -> 5000 | L64: 2 | M64: =IF(B64="","",VLOOKUP(B64,参照!$U$1:$Z$25,6,FALSE)) -> 4750 | O64: =IF(SUM(F64+H64+J64+L64+N64)=0,"",SUM(F64+H64+J64+L64+N64)) -> 71 | P64: =IF(ISERROR(SUM(E64*F64+G64*H64+I64*J64+K64*L64+M64*N64)),"",SUM(E64*F64+G64*H64+I64*J64+K64*L64+M64*N64)) -> 695500 | R64: =IF(ISERROR(VLOOKUP(Q64,参照!A:B,2,FALSE)),"",VLOOKUP(Q64,参照!A:B,2,FALSE)) | U64: 800 | V64: =IF(ISERROR(VLOOKUP(U64,参照!D:E,2,FALSE)),"",VLOOKUP(U64,参照!D:E,2,FALSE)) -> ANA Digital Gate | X64: 727200 | AK64: A | AL64: 3 | AN64: =DSUM($B61:$N75,F61,$AK63:$AL64) -> 0 | AO64: =DSUM($B61:$N75,H61,$AK63:$AL64) -> 0 | AP64: =DSUM($B61:$N75,J61,$AK63:$AL64) -> 0 | AQ64: =DSUM($B61:$N75,L61,$AK63:$AL64) -> 0 | AR64: =DSUM($B61:$N75,N61,$AK63:$AL64) -> 0 | AT64: =AN64+AO64+AP64 -> 0 | AU64: =AQ64+AR64 -> 0 | AV64: =AT64+AU64 -> 0 | AW64: =(AT64*1)+(AU64*0.5) -> 0 | AX64: =DCOUNT(B61:E75,D61,AK63:AL64)-AM107 -> 0
E65: =IF(B65="","",VLOOKUP(B65,参照!$U$1:$Z$25,2,FALSE)) | G65: =IF(B65="","",VLOOKUP(B65,参照!$U$1:$Z$25,3,FALSE)) | I65: =IF(B65="","",VLOOKUP(B65,参照!$U$1:$Z$25,4,FALSE)) | K65: =IF(B65="","",VLOOKUP(B65,参照!$U$1:$Z$25,5,FALSE)) | M65: =IF(B65="","",VLOOKUP(B65,参照!$U$1:$Z$25,6,FALSE)) | O65: =IF(SUM(F65+H65+J65+L65+N65)=0,"",SUM(F65+H65+J65+L65+N65)) | P65: =IF(ISERROR(SUM(E65*F65+G65*H65+I65*J65+K65*L65+M65*N65)),"",SUM(E65*F65+G65*H65+I65*J65+K65*L65+M65*N65)) | R65: =IF(ISERROR(VLOOKUP(Q65,参照!A:B,2,FALSE)),"",VLOOKUP(Q65,参照!A:B,2,FALSE)) | V65: =IF(ISERROR(VLOOKUP(U65,参照!D:E,2,FALSE)),"",VLOOKUP(U65,参照!D:E,2,FALSE)) | Z65: その他収入計 | AC65: =SUM(AC61:AC63) -> 0 | AF65: 座席指定料月累計
E66: =IF(B66="","",VLOOKUP(B66,参照!$U$1:$Z$25,2,FALSE)) | G66: =IF(B66="","",VLOOKUP(B66,参照!$U$1:$Z$25,3,FALSE)) | I66: =IF(B66="","",VLOOKUP(B66,参照!$U$1:$Z$25,4,FALSE)) | K66: =IF(B66="","",VLOOKUP(B66,参照!$U$1:$Z$25,5,FALSE)) | M66: =IF(B66="","",VLOOKUP(B66,参照!$U$1:$Z$25,6,FALSE)) | O66: =IF(SUM(F66+H66+J66+L66+N66)=0,"",SUM(F66+H66+J66+L66+N66)) | P66: =IF(ISERROR(SUM(E66*F66+G66*H66+I66*J66+K66*L66+M66*N66)),"",SUM(E66*F66+G66*H66+I66*J66+K66*L66+M66*N66)) | R66: =IF(ISERROR(VLOOKUP(Q66,参照!A:B,2,FALSE)),"",VLOOKUP(Q66,参照!A:B,2,FALSE)) | V66: =IF(ISERROR(VLOOKUP(U66,参照!D:E,2,FALSE)),"",VLOOKUP(U66,参照!D:E,2,FALSE)) | AF66: おーろら | AG66: =AG13+S97 -> 21200 | AJ66: 水晶岬 | AK66: 航 | AL66: 船 | AN66: 一般A | AO66: 団体B | AP66: 学割 | AQ66: 小人A | AR66: 小人B | AT66: 大人 | AU66: 子供 | AV66: 合計 | AW66: 換算人数 | AX66: 航海数 | AY66: 水晶岬
E67: =IF(B67="","",VLOOKUP(B67,参照!$U$1:$Z$25,2,FALSE)) | G67: =IF(B67="","",VLOOKUP(B67,参照!$U$1:$Z$25,3,FALSE)) | I67: =IF(B67="","",VLOOKUP(B67,参照!$U$1:$Z$25,4,FALSE)) | K67: =IF(B67="","",VLOOKUP(B67,参照!$U$1:$Z$25,5,FALSE)) | M67: =IF(B67="","",VLOOKUP(B67,参照!$U$1:$Z$25,6,FALSE)) | O67: =IF(SUM(F67+H67+J67+L67+N67)=0,"",SUM(F67+H67+J67+L67+N67)) | P67: =IF(ISERROR(SUM(E67*F67+G67*H67+I67*J67+K67*L67+M67*N67)),"",SUM(E67*F67+G67*H67+I67*J67+K67*L67+M67*N67)) | R67: =IF(ISERROR(VLOOKUP(Q67,参照!A:B,2,FALSE)),"",VLOOKUP(Q67,参照!A:B,2,FALSE)) | V67: =IF(ISERROR(VLOOKUP(U67,参照!D:E,2,FALSE)),"",VLOOKUP(U67,参照!D:E,2,FALSE)) | Z67: （その他収入内訳） | AF67: おーろら3 | AG67: =AG14+S98 -> 0 | AK67: B | AL67: 1 | AN67: =DSUM($B61:$N75,F61,$AK66:$AL67) -> 0 | AO67: =DSUM($B61:$N75,H61,$AK66:$AL67) -> 0 | AP67: =DSUM($B61:$N75,J61,$AK66:$AL67) -> 0 | AQ67: =DSUM($B61:$N75,L61,$AK66:$AL67) -> 0 | AR67: =DSUM($B61:$N75,N61,$AK66:$AL67) -> 0 | AT67: =AN67+AO67+AP67 -> 0 | AU67: =AQ67+AR67 -> 0 | AV67: =AT67+AU67 -> 0 | AW67: =(AT67*1)+(AU67*0.5) -> 0 | AX67: =DCOUNT(B61:E75,D61,AK66:AL67)-AN106 -> 0
E68: =IF(B68="","",VLOOKUP(B68,参照!$U$1:$Z$25,2,FALSE)) | G68: =IF(B68="","",VLOOKUP(B68,参照!$U$1:$Z$25,3,FALSE)) | I68: =IF(B68="","",VLOOKUP(B68,参照!$U$1:$Z$25,4,FALSE)) | K68: =IF(B68="","",VLOOKUP(B68,参照!$U$1:$Z$25,5,FALSE)) | M68: =IF(B68="","",VLOOKUP(B68,参照!$U$1:$Z$25,6,FALSE)) | O68: =IF(SUM(F68+H68+J68+L68+N68)=0,"",SUM(F68+H68+J68+L68+N68)) | P68: =IF(ISERROR(SUM(E68*F68+G68*H68+I68*J68+K68*L68+M68*N68)),"",SUM(E68*F68+G68*H68+I68*J68+K68*L68+M68*N68)) | R68: =IF(ISERROR(VLOOKUP(Q68,参照!A:B,2,FALSE)),"",VLOOKUP(Q68,参照!A:B,2,FALSE)) | V68: =IF(ISERROR(VLOOKUP(U68,参照!D:E,2,FALSE)),"",VLOOKUP(U68,参照!D:E,2,FALSE)) | AK68: 航 | AL68: 船
E69: =IF(B69="","",VLOOKUP(B69,参照!$U$1:$Z$25,2,FALSE)) | G69: =IF(B69="","",VLOOKUP(B69,参照!$U$1:$Z$25,3,FALSE)) | I69: =IF(B69="","",VLOOKUP(B69,参照!$U$1:$Z$25,4,FALSE)) | K69: =IF(B69="","",VLOOKUP(B69,参照!$U$1:$Z$25,5,FALSE)) | M69: =IF(B69="","",VLOOKUP(B69,参照!$U$1:$Z$25,6,FALSE)) | O69: =IF(SUM(F69+H69+J69+L69+N69)=0,"",SUM(F69+H69+J69+L69+N69)) | P69: =IF(ISERROR(SUM(E69*F69+G69*H69+I69*J69+K69*L69+M69*N69)),"",SUM(E69*F69+G69*H69+I69*J69+K69*L69+M69*N69)) | R69: =IF(ISERROR(VLOOKUP(Q69,参照!A:B,2,FALSE)),"",VLOOKUP(Q69,参照!A:B,2,FALSE)) | V69: =IF(ISERROR(VLOOKUP(U69,参照!D:E,2,FALSE)),"",VLOOKUP(U69,参照!D:E,2,FALSE)) | AF69: 双眼鏡レンタル月累計 | AK69: B | AL69: 3 | AN69: =DSUM($B61:$N75,F61,$AK68:$AL69) -> 0 | AO69: =DSUM($B61:$N75,H61,$AK68:$AL69) -> 0 | AP69: =DSUM($B61:$N75,J61,$AK68:$AL69) -> 0 | AQ69: =DSUM($B61:$N75,L61,$AK68:$AL69) -> 0 | AR69: =DSUM($B61:$N75,N61,$AK68:$AL69) -> 0 | AT69: =AN69+AO69+AP69 -> 0 | AU69: =AQ69+AR69 -> 0 | AV69: =AT69+AU69 -> 0 | AW69: =(AT69*1)+(AU69*0.5) -> 0 | AX69: =DCOUNT(B61:E75,D61,AK68:AL69)-AN107 -> 0
E70: =IF(B70="","",VLOOKUP(B70,参照!$U$1:$Z$25,2,FALSE)) | G70: =IF(B70="","",VLOOKUP(B70,参照!$U$1:$Z$25,3,FALSE)) | I70: =IF(B70="","",VLOOKUP(B70,参照!$U$1:$Z$25,4,FALSE)) | K70: =IF(B70="","",VLOOKUP(B70,参照!$U$1:$Z$25,5,FALSE)) | M70: =IF(B70="","",VLOOKUP(B70,参照!$U$1:$Z$25,6,FALSE)) | O70: =IF(SUM(F70+H70+J70+L70+N70)=0,"",SUM(F70+H70+J70+L70+N70)) | P70: =IF(ISERROR(SUM(E70*F70+G70*H70+I70*J70+K70*L70+M70*N70)),"",SUM(E70*F70+G70*H70+I70*J70+K70*L70+M70*N70)) | R70: =IF(ISERROR(VLOOKUP(Q70,参照!A:B,2,FALSE)),"",VLOOKUP(Q70,参照!A:B,2,FALSE)) | V70: =IF(ISERROR(VLOOKUP(U70,参照!D:E,2,FALSE)),"",VLOOKUP(U70,参照!D:E,2,FALSE)) | AF70: おーろら | AG70: =AG17+S101 -> 8000
E71: =IF(B71="","",VLOOKUP(B71,参照!$U$1:$Z$25,2,FALSE)) | G71: =IF(B71="","",VLOOKUP(B71,参照!$U$1:$Z$25,3,FALSE)) | I71: =IF(B71="","",VLOOKUP(B71,参照!$U$1:$Z$25,4,FALSE)) | K71: =IF(B71="","",VLOOKUP(B71,参照!$U$1:$Z$25,5,FALSE)) | M71: =IF(B71="","",VLOOKUP(B71,参照!$U$1:$Z$25,6,FALSE)) | O71: =IF(SUM(F71+H71+J71+L71+N71)=0,"",SUM(F71+H71+J71+L71+N71)) | P71: =IF(ISERROR(SUM(E71*F71+G71*H71+I71*J71+K71*L71+M71*N71)),"",SUM(E71*F71+G71*H71+I71*J71+K71*L71+M71*N71)) | R71: =IF(ISERROR(VLOOKUP(Q71,参照!A:B,2,FALSE)),"",VLOOKUP(Q71,参照!A:B,2,FALSE)) | V71: =IF(ISERROR(VLOOKUP(U71,参照!D:E,2,FALSE)),"",VLOOKUP(U71,参照!D:E,2,FALSE)) | AF71: おーろら3 | AG71: =AG18+S102 -> 0 | AJ71: 岩尾別 | AK71: 航 | AL71: 船 | AN71: 一般A | AO71: 団体B | AP71: 学割 | AQ71: 小人A | AR71: 小人B | AT71: 大人 | AU71: 子供 | AV71: 合計 | AW71: 換算人数 | AX71: 航海数 | AY71: 岩尾別
E72: =IF(B72="","",VLOOKUP(B72,参照!$U$1:$Z$25,2,FALSE)) | G72: =IF(B72="","",VLOOKUP(B72,参照!$U$1:$Z$25,3,FALSE)) | I72: =IF(B72="","",VLOOKUP(B72,参照!$U$1:$Z$25,4,FALSE)) | K72: =IF(B72="","",VLOOKUP(B72,参照!$U$1:$Z$25,5,FALSE)) | M72: =IF(B72="","",VLOOKUP(B72,参照!$U$1:$Z$25,6,FALSE)) | O72: =IF(SUM(F72+H72+J72+L72+N72)=0,"",SUM(F72+H72+J72+L72+N72)) | P72: =IF(ISERROR(SUM(E72*F72+G72*H72+I72*J72+K72*L72+M72*N72)),"",SUM(E72*F72+G72*H72+I72*J72+K72*L72+M72*N72)) | R72: =IF(ISERROR(VLOOKUP(Q72,参照!A:B,2,FALSE)),"",VLOOKUP(Q72,参照!A:B,2,FALSE)) | V72: =IF(ISERROR(VLOOKUP(U72,参照!D:E,2,FALSE)),"",VLOOKUP(U72,参照!D:E,2,FALSE)) | AK72: C | AL72: 1 | AN72: =DSUM($B61:$N75,F61,$AK71:$AL72) -> 0 | AO72: =DSUM($B61:$N75,H61,$AK71:$AL72) -> 0 | AP72: =DSUM($B61:$N75,J61,$AK71:$AL72) -> 0 | AQ72: =DSUM($B61:$N75,L61,$AK71:$AL72) -> 0 | AR72: =DSUM($B61:$N75,N61,$AK71:$AL72) -> 0 | AT72: =AN72+AO72+AP72 -> 0 | AU72: =AQ72+AR72 -> 0 | AV72: =AT72+AU72 -> 0 | AW72: =(AT72*1)+(AU72*0.5) -> 0 | AX72: =DCOUNT(B61:E75,D61,AK71:AL72)-AO106 -> 0
E73: =IF(B73="","",VLOOKUP(B73,参照!$U$1:$Z$25,2,FALSE)) | G73: =IF(B73="","",VLOOKUP(B73,参照!$U$1:$Z$25,3,FALSE)) | I73: =IF(B73="","",VLOOKUP(B73,参照!$U$1:$Z$25,4,FALSE)) | K73: =IF(B73="","",VLOOKUP(B73,参照!$U$1:$Z$25,5,FALSE)) | M73: =IF(B73="","",VLOOKUP(B73,参照!$U$1:$Z$25,6,FALSE)) | O73: =IF(SUM(F73+H73+J73+L73+N73)=0,"",SUM(F73+H73+J73+L73+N73)) | P73: =IF(ISERROR(SUM(E73*F73+G73*H73+I73*J73+K73*L73+M73*N73)),"",SUM(E73*F73+G73*H73+I73*J73+K73*L73+M73*N73)) | R73: =IF(ISERROR(VLOOKUP(Q73,参照!A:B,2,FALSE)),"",VLOOKUP(Q73,参照!A:B,2,FALSE)) | V73: =IF(ISERROR(VLOOKUP(U73,参照!D:E,2,FALSE)),"",VLOOKUP(U73,参照!D:E,2,FALSE)) | AF73: 当日取扱現金 | AK73: 航 | AL73: 船
E74: =IF(B74="","",VLOOKUP(B74,参照!$U$1:$Z$25,2,FALSE)) | G74: =IF(B74="","",VLOOKUP(B74,参照!$U$1:$Z$25,3,FALSE)) | I74: =IF(B74="","",VLOOKUP(B74,参照!$U$1:$Z$25,4,FALSE)) | K74: =IF(B74="","",VLOOKUP(B74,参照!$U$1:$Z$25,5,FALSE)) | M74: =IF(B74="","",VLOOKUP(B74,参照!$U$1:$Z$25,6,FALSE)) | O74: =IF(SUM(F74+H74+J74+L74+N74)=0,"",SUM(F74+H74+J74+L74+N74)) | P74: =IF(ISERROR(SUM(E74*F74+G74*H74+I74*J74+K74*L74+M74*N74)),"",SUM(E74*F74+G74*H74+I74*J74+K74*L74+M74*N74)) | R74: =IF(ISERROR(VLOOKUP(Q74,参照!A:B,2,FALSE)),"",VLOOKUP(Q74,参照!A:B,2,FALSE)) | V74: =IF(ISERROR(VLOOKUP(U74,参照!D:E,2,FALSE)),"",VLOOKUP(U74,参照!D:E,2,FALSE)) | AK74: C | AL74: 3 | AN74: =DSUM($B61:$N75,F61,$AK73:$AL74) -> 0 | AO74: =DSUM($B61:$N75,H61,$AK73:$AL74) -> 0 | AP74: =DSUM($B61:$N75,J61,$AK73:$AL74) -> 0 | AQ74: =DSUM($B61:$N75,L61,$AK73:$AL74) -> 0 | AR74: =DSUM($B61:$N75,N61,$AK73:$AL74) -> 0 | AT74: =AN74+AO74+AP74 -> 0 | AU74: =AQ74+AR74 -> 0 | AV74: =AT74+AU74 -> 0 | AW74: =(AT74*1)+(AU74*0.5) -> 0 | AX74: =DCOUNT(B61:E75,D61,AK73:AL74)-AO107 -> 0
E75: =IF(B75="","",VLOOKUP(B75,参照!$U$1:$Z$25,2,FALSE)) | G75: =IF(B75="","",VLOOKUP(B75,参照!$U$1:$Z$25,3,FALSE)) | I75: =IF(B75="","",VLOOKUP(B75,参照!$U$1:$Z$25,4,FALSE)) | K75: =IF(B75="","",VLOOKUP(B75,参照!$U$1:$Z$25,5,FALSE)) | M75: =IF(B75="","",VLOOKUP(B75,参照!$U$1:$Z$25,6,FALSE)) | O75: =IF(SUM(F75+H75+J75+L75+N75)=0,"",SUM(F75+H75+J75+L75+N75)) | P75: =IF(ISERROR(SUM(E75*F75+G75*H75+I75*J75+K75*L75+M75*N75)),"",SUM(E75*F75+G75*H75+I75*J75+K75*L75+M75*N75)) | R75: =IF(ISERROR(VLOOKUP(Q75,参照!A:B,2,FALSE)),"",VLOOKUP(Q75,参照!A:B,2,FALSE)) | V75: =IF(ISERROR(VLOOKUP(U75,参照!D:E,2,FALSE)),"",VLOOKUP(U75,参照!D:E,2,FALSE)) | AF75: 現金売上 | AG75: =+T104-T81-AC85-T85 -> 283660
E76: =IF(B76="","",VLOOKUP(B76,参照!$U$1:$Z$25,2,FALSE)) | R76: =IF(ISERROR(VLOOKUP(Q76,参照!A:B,2,FALSE)),"",VLOOKUP(Q76,参照!A:B,2,FALSE)) | V76: =IF(ISERROR(VLOOKUP(U76,参照!D:E,2,FALSE)),"",VLOOKUP(U76,参照!D:E,2,FALSE)) | AJ76: 知床岬 | AK76: 航 | AL76: 船 | AN76: 一般A | AO76: 団体B | AP76: 学割 | AQ76: 小人A | AR76: 小人B | AT76: 大人 | AU76: 子供 | AV76: 合計 | AW76: 換算人数 | AX76: 航海数 | AY76: 知床岬
B77: 小 計 | F77: =SUM(F62:F75) -> 113 | G77: =SUM(G62:G75) -> 21850 | H77: =SUM(H62:H75) -> 17 | I77: =SUM(I62:I75) -> 16100 | J77: =SUM(J62:J75) -> 0 | K77: =SUM(K62:K75) -> 11500 | L77: =SUM(L62:L75) -> 5 | M77: =SUM(M62:M75) -> 10930 | ... P77: =SUM(P62:P75) -> 1105600 | R77: =IF(ISERROR(VLOOKUP(Q77,参照!A:B,2,FALSE)),"",VLOOKUP(Q77,参照!A:B,2,FALSE)) | V77: =IF(ISERROR(VLOOKUP(U77,参照!D:E,2,FALSE)),"",VLOOKUP(U77,参照!D:E,2,FALSE)) | AF77: 売掛回収 | AK77: D | AL77: 1 | AN77: =DSUM($B61:$N75,F61,$AK76:$AL77) -> 60 | AO77: =DSUM($B61:$N75,H61,$AK76:$AL77) -> 9 | AP77: =DSUM($B61:$N75,J61,$AK76:$AL77) -> 0 | AQ77: =DSUM($B61:$N75,L61,$AK76:$AL77) -> 2 | AR77: =DSUM($B61:$N75,N61,$AK76:$AL77) -> 0 | AT77: =AN77+AO77+AP77 -> 69 | AU77: =AQ77+AR77 -> 2 | AV77: =AT77+AU77 -> 71 | AW77: =(AT77*1)+(AU77*0.5) -> 70 | AX77: =DCOUNT(B61:E75,D61,AK76:AL77)-AP106 -> 1
R78: 小 計 | T78: =SUM(T61:T77) -> 0 | V78: =IF(ISERROR(VLOOKUP(U78,参照!D:E,2,FALSE)),"",VLOOKUP(U78,参照!D:E,2,FALSE)) | AK78: 航 | AL78: 船
B79: 月 計 | E79: =IF(B79="","",VLOOKUP(B79,参照!$U$1:$Z$25,2,FALSE)) -> #N/A | F79: 月 航路別乗船人数・売上金額 | R79: 売店売掛（発券精算分） | V79: =IF(ISERROR(VLOOKUP(U79,参照!D:E,2,FALSE)),"",VLOOKUP(U79,参照!D:E,2,FALSE)) | AF79: 預り金 | AK79: D | AL79: 3 | AN79: =DSUM($B61:$N75,F61,$AK78:$AL79) -> 0 | AO79: =DSUM($B61:$N75,H61,$AK78:$AL79) -> 0 | AP79: =DSUM($B61:$N75,J61,$AK78:$AL79) -> 0 | AQ79: =DSUM($B61:$N75,L61,$AK78:$AL79) -> 0 | AR79: =DSUM($B61:$N75,N61,$AK78:$AL79) -> 0 | AT79: =AN79+AO79+AP79 -> 0 | AU79: =AQ79+AR79 -> 0 | AV79: =AT79+AU79 -> 0 | AW79: =(AT79*1)+(AU79*0.5) -> 0 | AX79: =DCOUNT(B61:E75,D61,AK78:AL79)-AP107 -> 0
B80: 航路名 | E80: #N/A | F80: 一般A | H80: 団体B | J80: 学割 | L80: 小人A | N80: 小人B | O80: 人 数 | P80: 金 額 | R80: =IF(ISERROR(VLOOKUP(Q80,参照!A:B,2,FALSE)),"",VLOOKUP(Q80,参照!A:B,2,FALSE)) | V80: =IF(ISERROR(VLOOKUP(U80,参照!D:E,2,FALSE)),"",VLOOKUP(U80,参照!D:E,2,FALSE))
A81: a | B81: ｶﾑｲﾜｯｶ | F81: =SUMIF($B62:$P75,$A81,F62:F75) -> 26 | G81: =SUMIF($B62:$P75,$A81,G62:G75) -> 4750 | H81: =SUMIF($B62:$P75,$A81,H62:H75) -> 2 | I81: =SUMIF($B62:$P75,$A81,I62:I75) -> 3500 | J81: =SUMIF($B62:$P75,$A81,J62:J75) -> 0 | K81: =SUMIF($B62:$P75,$A81,K62:K75) -> 2500 | L81: =SUMIF($B62:$P75,$A81,L62:L75) -> 2 | M81: =SUMIF($B62:$P75,$A81,M62:M75) -> 2380 | ... P81: =SUMIF($B62:$P75,$A81,P62:P75) -> 144500 | R81: 発 券 精 算 計 | T81: =SUM(T78+T80) -> 0 | V81: =IF(ISERROR(VLOOKUP(U81,参照!D:E,2,FALSE)),"",VLOOKUP(U81,参照!D:E,2,FALSE)) | Z81: その他収入計 | AC81: =SUM(AC68:AC79) -> 0 | AF81: 乗船手数料 | AJ81: ルシャ | AK81: 航 | AL81: 船 | AN81: 一般A | AO81: 団体B | AP81: 学割 | AQ81: 小人A | AR81: 小人B | AT81: 大人 | AU81: 子供 | AV81: 合計 | AW81: 換算人数 | AX81: 航海数 | AY81: カシュニ
B82: 月小計 | E82: #N/A | F82: =SUM(F81)+F28 -> 26 | G82: =SUM(G81)+G28 -> 4750 | H82: =SUM(H81)+H28 -> 2 | I82: =SUM(I81)+I28 -> 3500 | J82: =SUM(J81)+J28 -> 0 | K82: =SUM(K81)+K28 -> 2500 | L82: =SUM(L81)+L28 -> 2 | M82: =SUM(M81)+M28 -> 2380 | ... P82: =SUM(P81)+P28 -> 144500 | V82: =IF(ISERROR(VLOOKUP(U82,参照!D:E,2,FALSE)),"",VLOOKUP(U82,参照!D:E,2,FALSE)) | Z82: 現金=0、前入金・後入金=1入力 | AK82: E | AL82: 1 | AN82: =DSUM($B61:$N75,F61,$AK81:$AL82) -> 0 | AO82: =DSUM($B61:$N75,H61,$AK81:$AL82) -> 0 | AP82: =DSUM($B61:$N75,J61,$AK81:$AL82) -> 0 | AQ82: =DSUM($B61:$N75,L61,$AK81:$AL82) -> 0 | AR82: =DSUM($B61:$N75,N61,$AK81:$AL82) -> 0 | AT82: =AN82+AO82+AP82 -> 0 | AU82: =AQ82+AR82 -> 0 | AV82: =AT82+AU82 -> 0 | AW82: =(AT82*1)+(AU82*0.5) -> 0 | AX82: =DCOUNT(B61:E75,D61,AK81:AL82)-AQ106 -> 0
A83: b | B83: 水晶岬 | F83: =SUMIF($B62:$P75,$A83,F62:F75) -> 0 | G83: =SUMIF($B62:$P75,$A83,G62:G75) -> 0 | H83: =SUMIF($B62:$P75,$A83,H62:H75) -> 0 | I83: =SUMIF($B62:$P75,$A83,I62:I75) -> 0 | J83: =SUMIF($B62:$P75,$A83,J62:J75) -> 0 | K83: =SUMIF($B62:$P75,$A83,K62:K75) -> 0 | L83: =SUMIF($B62:$P75,$A83,L62:L75) -> 0 | M83: =SUMIF($B62:$P75,$A83,M62:M75) -> 0 | ... P83: =SUMIF($B62:$P75,$A83,P62:P75) -> 0 | R83: 売店売掛（請求精算分） | V83: =IF(ISERROR(VLOOKUP(U83,参照!D:E,2,FALSE)),"",VLOOKUP(U83,参照!D:E,2,FALSE)) | AF83: 過不足金 | AK83: 航 | AL83: 船
B84: 月小計 | E84: #N/A | F84: =SUM(F83)+F30 -> 0 | G84: =SUM(G83)+G30 -> 0 | H84: =SUM(H83)+H30 -> 0 | I84: =SUM(I83)+I30 -> 0 | J84: =SUM(J83)+J30 -> 0 | K84: =SUM(K83)+K30 -> 0 | L84: =SUM(L83)+L30 -> 0 | M84: =SUM(M83)+M30 -> 0 | ... P84: =SUM(P83)+P30 -> 0 | R84: =IF(ISERROR(VLOOKUP(Q84,参照!#REF!,2,FALSE)),"",VLOOKUP(Q84,参照!#REF!,2,FALSE)) | V84: =IF(ISERROR(VLOOKUP(U84,参照!D:E,2,FALSE)),"",VLOOKUP(U84,参照!D:E,2,FALSE)) | AK84: E | AL84: 3 | AN84: =DSUM($B61:$N75,F61,$AK83:$AL84) -> 27 | AO84: =DSUM($B61:$N75,H61,$AK83:$AL84) -> 6 | AP84: =DSUM($B61:$N75,J61,$AK83:$AL84) -> 0 | AQ84: =DSUM($B61:$N75,L61,$AK83:$AL84) -> 1 | AR84: =DSUM($B61:$N75,N61,$AK83:$AL84) -> 0 | AT84: =AN84+AO84+AP84 -> 33 | AU84: =AQ84+AR84 -> 1 | AV84: =AT84+AU84 -> 34 | AW84: =(AT84*1)+(AU84*0.5) -> 33.5 | AX84: =DCOUNT(B61:E75,D61,AK83:AL84)-AQ107 -> 1
A85: c | B85: 岩尾別 | F85: =SUMIF($B62:$P75,$A85,F62:F75) -> 0 | G85: =SUMIF($B62:$P75,$A85,G62:G75) -> 0 | H85: =SUMIF($B62:$P75,$A85,H62:H75) -> 0 | I85: =SUMIF($B62:$P75,$A85,I62:I75) -> 0 | J85: =SUMIF($B62:$P75,$A85,J62:J75) -> 0 | K85: =SUMIF($B62:$P75,$A85,K62:K75) -> 0 | L85: =SUMIF($B62:$P75,$A85,L62:L75) -> 0 | M85: =SUMIF($B62:$P75,$A85,M62:M75) -> 0 | ... P85: =SUMIF($B62:$P75,$A85,P62:P75) -> 0 | R85: 請 求 精 算 計 | T85: =SUM(X85+T84) -> 869100 | V85: 小 計 | X85: =SUM(X61:X84) -> 869100 | Z85: 前 後 入 金 計 | AC85: =+AB61*AC61+AB62*AC62+AB63*AC63+AB68*AC68+AB69*AC69+AB70*AC70+AB71*AC71+AB72*AC72+AB73*AC73+AB74*AC74+AB75*AC75+AB76*AC76+AB77*AC77+AB78*AC78+AB79*AC79 -> 0 | AF85: 預金額計 | AG85: =SUM(AG75:AG84) -> 283660
B86: 月小計 | F86: =SUM(F85)+F32 -> 0 | G86: =SUM(G85)+G32 -> 0 | H86: =SUM(H85)+H32 -> 0 | I86: =SUM(I85)+I32 -> 0 | J86: =SUM(J85)+J32 -> 0 | K86: =SUM(K85)+K32 -> 0 | L86: =SUM(L85)+L32 -> 0 | M86: =SUM(M85)+M32 -> 0 | ... P86: =SUM(P85)+P32 -> 0 | AJ86: フレペ | AK86: 航 | AL86: 船 | AN86: 一般A | AO86: 団体B | AP86: 学割 | AQ86: 小人A | AR86: 小人B | AT86: 大人 | AU86: 子供 | AV86: 合計 | AW86: 換算人数 | AX86: 航海数 | AY86: フレペ
A87: d | B87: 知床岬 | E87: #N/A | F87: =SUMIF($B62:$P75,$A87,F62:F75) -> 60 | G87: =SUMIF($B62:$P75,$A87,G62:G75) -> 9500 | H87: =SUMIF($B62:$P75,$A87,H62:H75) -> 9 | I87: =SUMIF($B62:$P75,$A87,I62:I75) -> 7000 | J87: =SUMIF($B62:$P75,$A87,J62:J75) -> 0 | K87: =SUMIF($B62:$P75,$A87,K62:K75) -> 5000 | L87: =SUMIF($B62:$P75,$A87,L62:L75) -> 2 | M87: =SUMIF($B62:$P75,$A87,M62:M75) -> 4750 | ... P87: =SUMIF($B62:$P75,$A87,P62:P75) -> 695500 | R87: 収入内訳 | AF87: 記 事 | AK87: F | AL87: 1 | AN87: =DSUM($B61:$N75,F61,$AK86:$AL87) -> 0 | AO87: =DSUM($B61:$N75,H61,$AK86:$AL87) -> 0 | AP87: =DSUM($B61:$N75,J61,$AK86:$AL87) -> 0 | AQ87: =DSUM($B61:$N75,L61,$AK86:$AL87) -> 0 | AR87: =DSUM($B61:$N75,N61,$AK86:$AL87) -> 0 | AT87: =AN87+AO87+AP87 -> 0 | AU87: =AQ87+AR87 -> 0 | AV87: =AT87+AU87 -> 0 | AW87: =(AT87*1)+(AU87*0.5) -> 0 | AX87: =DCOUNT(B61:E75,D61,AK86:AL87)-AR106 -> 0
B88: 月小計 | E88: #N/A | F88: =SUM(F87)+F34 -> 60 | G88: =SUM(G87)+G34 -> 9500 | H88: =SUM(H87)+H34 -> 9 | I88: =SUM(I87)+I34 -> 7000 | J88: =SUM(J87)+J34 -> 0 | K88: =SUM(K87)+K34 -> 5000 | L88: =SUM(L87)+L34 -> 2 | M88: =SUM(M87)+M34 -> 4750 | ... P88: =SUM(P87)+P34 -> 695500 | T88: 当 日 | X88: 当 月 累 計 | AC88: 全 期 累 計 | AF88: ※強風の為欠航 | AK88: 航 | AL88: 船
A89: e | B89: ｶｼｭﾆ・ﾌﾚﾍﾟ | F89: =SUMIF($B62:$P75,$A89,F62:F75)+SUMIF($B62:$P75,$A90,F62:F75) -> 27 | G89: =SUMIF($B64:$P77,$A89,G64:G77) -> 0 | H89: =SUMIF($B62:$P75,$A89,H62:H75)+SUMIF($B62:$P75,$A90,H62:H75) -> 6 | I89: =SUMIF($B64:$P77,$A89,I64:I77) -> 0 | J89: =SUMIF($B62:$P75,$A89,J62:J75)+SUMIF($B62:$P75,$A90,J62:J75) -> 0 | K89: =SUMIF($B64:$P77,$A89,K64:K77) -> 0 | L89: =SUMIF($B62:$P75,$A89,L62:L75)+SUMIF($B62:$P75,$A90,L62:L75) -> 1 | M89: =SUMIF($B64:$P77,$A89,M64:M77) -> 0 | N89: =SUMIF($B62:$P75,$A89,N62:N75)+SUMIF($B62:$P75,$A90,N62:N75) -> 0 | O89: =SUMIF($B62:$P75,$A89,O62:O75)+SUMIF($B62:$P75,$A90,O62:O75) -> 34 | P89: =SUMIF($B62:$P75,$A89,P62:P75)+SUMIF($B62:$P75,$A90,P62:P75) -> 265600 | S89: （昨年） | T89: =SUM(昨年日報!T90) -> 0 | W89: （昨年） | X89: =+X35+T89 -> 0 | AA89: （昨年） | AC89: =+AC35+T89 -> 278 | AF89: 303便・304便・402便 | AK89: F | AL89: 3 | AN89: =DSUM($B61:$N75,F61,$AK88:$AL89) -> 0 | AO89: =DSUM($B61:$N75,H61,$AK88:$AL89) -> 0 | AP89: =DSUM($B61:$N75,J61,$AK88:$AL89) -> 0 | AQ89: =DSUM($B61:$N75,L61,$AK88:$AL89) -> 0 | AR89: =DSUM($B61:$N75,N61,$AK88:$AL89) -> 0 | AT89: =AN89+AO89+AP89 -> 0 | AU89: =AQ89+AR89 -> 0 | AV89: =AT89+AU89 -> 0 | AW89: =(AT89*1)+(AU89*0.5) -> 0 | AX89: =DCOUNT(B61:E75,D61,AK88:AL89)-AR107 -> 0
A90: F | B90: 月小計 | E90: #N/A | F90: =SUM(F89)+F36 -> 27 | G90: =SUM(G89)+G36 -> 0 | H90: =SUM(H89)+H36 -> 6 | I90: =SUM(I89)+I36 -> 0 | J90: =SUM(J89)+J36 -> 0 | K90: =SUM(K89)+K36 -> 0 | L90: =SUM(L89)+L36 -> 1 | M90: =SUM(M89)+M36 -> 0 | ... P90: =SUM(P89)+P36 -> 265600 | R90: 乗 客 数 | S90: （本年） | T90: =SUM(O77) -> 135 | V90: =+IF(ISERROR(T90/T89*100),"",(T90/T89*100)) | W90: （本年） | X90: =+X36+T90 -> 135 | Z90: =+IF(ISERROR(X90/X89*100),"",(X90/X89*100)) | AA90: （本年） | AC90: =+AC36+T90 -> 273 | AD90: =+IF(ISERROR(AC90/AC89*100),"",(AC90/AC89*100)) -> 98.201439
E91: =IF(B91="","",VLOOKUP(B91,参照!$U$1:$Z$25,2,FALSE)) | T91: =SUM(昨年日報!T92) -> 0 | X91: =+X37+T91 -> 0 | AC91: =+AC37+T91 -> 1183960 | AJ91: 当日計 | AN91: =AN62+AN64+AN67+AN69+AN72+AN74+AN77+AN79+AN82+AN84 -> 113 | AO91: =AO62+AO64+AO67+AO69+AO72+AO74+AO77+AO79+AO82+AO84 -> 17 | AP91: =AP62+AP64+AP67+AP69+AP72+AP74+AP77+AP79+AP82+AP84 -> 0 | AQ91: =AQ62+AQ64+AQ67+AQ69+AQ72+AQ74+AQ77+AQ79+AQ82+AQ84 -> 5 | AR91: =AR62+AR64+AR67+AR69+AR72+AR74+AR77+AR79+AR82+AR84 -> 0 | AT91: =AT62+AT64+AT67+AT69+AT72+AT74+AT77+AT79+AT82+AT84 -> 130 | AU91: =AU62+AU64+AU67+AU69+AU72+AU74+AU77+AU79+AU82+AU84 -> 5 | AV91: =AV62+AV64+AV67+AV69+AV72+AV74+AV77+AV79+AV82+AV84 -> 135 | AW91: =AW62+AW64+AW67+AW69+AW72+AW74+AW77+AW79+AW82+AW84 -> 132.5 | AX91: =AX62+AX64+AX67+AX69+AX72+AX74+AX77+AX79+AX82+AX84 -> 3
B92: 月 累 計 | F92: =SUM(F82+F84+F86+F88+F90) -> 113 | G92: =SUM(G82+G84+G86+G88+G90) -> 14250 | H92: =SUM(H82+H84+H86+H88+H90) -> 17 | I92: =SUM(I82+I84+I86+I88+I90) -> 10500 | J92: =SUM(J82+J84+J86+J88+J90) -> 0 | K92: =SUM(K82+K84+K86+K88+K90) -> 7500 | L92: =SUM(L82+L84+L86+L88+L90) -> 5 | M92: =SUM(M82+M84+M86+M88+M90) -> 7130 | ... P92: =SUM(P82+P84+P86+P88+P90) -> 1105600 | R92: 旅客収入 | T92: =SUM(P77) -> 1105600 | V92: =+IF(ISERROR(T92/T91*100),"",(T92/T91*100)) | X92: =+X38+T92 -> 1105600 | Z92: =+IF(ISERROR(X92/X91*100),"",(X92/X91*100)) | AC92: =+AC38+T92 -> 1781360 | AD92: =+IF(ISERROR(AC92/AC91*100),"",(AC92/AC91*100)) -> 150.45779
R93: フイルム | S93: =SUM(AC62:AC63) -> 0 | T93: =SUM(昨年日報!T94) -> 0 | X93: =+X39+T93 -> 0 | AC93: =+AC39+T93 -> 0 | AJ93: 当日現金売上 | AL93: 過不足金額 | AN93: 売店+特席+双眼鏡+その他 | AP93: 過不足(売店等入力後）
B94: 全期計 | E94: =IF(B94="","",VLOOKUP(B94,参照!$U$1:$Z$25,2,FALSE)) -> #N/A | F94: 全期 航路別乗船人数・売上金額 | R94: 売 店 | T94: =SUM(T80+T84+S93+S94) -> 0 | V94: =+IF(ISERROR(T94/T93*100),"",(T94/T93*100)) | X94: =+X40+T94 -> 0 | Z94: =+IF(ISERROR(X94/X93*100),"",(X94/X93*100)) | AC94: =+AC40+T94 -> 31216 | AD94: =+IF(ISERROR(AC94/AC93*100),"",(AC94/AC93*100)) | AJ94: 236500 | AL94: =AJ94-AG85 -> -47160 | AN94: =T96+T98+T100+T102 -> 47160 | AP94: =(AJ94+AN94)-(AG85) -> 0
B95: 航路名 | E95: #N/A | F95: 一般A | H95: 団体B | J95: 学割 | L95: 小人A | N95: 小人B | O95: 人 数 | P95: 金 額 | R95: 船舶売店1 | S95: =AF100+AF102 -> 17960 | T95: =SUM(昨年日報!T96) -> 0 | X95: =+X41+T95 -> 0 | AC95: =+AC41+T95 -> 17400
B96: ｶﾑｲﾜｯｶ | R96: 船舶売店3 | S96: =AF105+AF107 -> 0 | T96: =SUM(S95:S96) -> 17960 | V96: =+IF(ISERROR(T96/T95*100),"",(T96/T95*100)) | X96: =+X42+T96 -> 17960 | Z96: =+IF(ISERROR(X96/X95*100),"",(X96/X95*100)) | AC96: =+AC42+T96 -> 22970 | AD96: =+IF(ISERROR(AC96/AC95*100),"",(AC96/AC95*100)) -> 132.01149 | AJ96: 受払日報確認
B97: 全期小計 | E97: #N/A | F97: =SUM(F82)+F$43 -> 144 | G97: =SUM(G82)+G$43 -> 23750 | H97: =SUM(H82)+H$43 -> 18 | I97: =SUM(I82)+I$43 -> 17500 | J97: =SUM(J82)+J$43 -> 0 | K97: =SUM(K82)+K$43 -> 12500 | L97: =SUM(L82)+L$43 -> 4 | M97: =SUM(M82)+M$43 -> 11900 | ... P97: =SUM(P82)+P$43 -> 820260 | R97: 座席指定1 | S97: 21200 | T97: =SUM(昨年日報!T98) -> 0 | X97: =+X43+T97 -> 0 | AC97: =+AC43+T97 -> 33000 | AF97: 船内売店売上詳細 | AJ97: 当 日 | AL97: 全 期 累 計
B98: 水晶岬 | R98: 座席指定3 | T98: =SUM(S97:S98) -> 21200 | V98: =+IF(ISERROR(T98/T97*100),"",(T98/T97*100)) | X98: =+X44+T98 -> 21200 | Z98: =+IF(ISERROR(X98/X97*100),"",(X98/X97*100)) | AC98: =+AC44+T98 -> 30200 | AD98: =+IF(ISERROR(AC98/AC97*100),"",(AC98/AC97*100)) -> 91.515152 | AF98: おーろら | AJ98: 乗 客 数
B99: 全期小計 | E99: #N/A | F99: =SUM(F84)+F$45 -> 0 | G99: =SUM(G84)+G$45 -> 0 | H99: =SUM(H84)+H$45 -> 0 | I99: =SUM(I84)+I$45 -> 0 | J99: =SUM(J84)+J$45 -> 0 | K99: =SUM(K84)+K$45 -> 0 | L99: =SUM(L84)+L$45 -> 0 | M99: =SUM(M84)+M$45 -> 0 | ... P99: =SUM(P84)+P$45 -> 0 | T99: =SUM(昨年日報!T100) -> 0 | X99: =+X45+T99 -> 0 | AC99: =+AC45+T99 -> 0 | AF99: 8%対象額 | AG99: 税額 | AJ99: =SUM(INDIRECT(AS99)) -> 135 | AL99: =SUM(INDIRECT(AT99)) -> 273 | AN99: 受払表!G | AO99: 受払表!K | AP99: 129 | AQ99: 18 | AR99: =AP99+AQ99 -> 147 | AS99: =CONCATENATE(AN99,AR99) -> 受払表!G147 | AT99: =CONCATENATE(AO99,AR99) -> 受払表!K147
B100: 岩尾別 | R100: そ の 他 | T100: =+AC81 -> 0 | V100: =+IF(ISERROR(T100/T99*100),"",(T100/T99*100)) | X100: =+X46+T100 -> 0 | Z100: =+IF(ISERROR(X100/X99*100),"",(X100/X99*100)) | AC100: =+AC46+T100 -> 0 | AD100: =+IF(ISERROR(AC100/AC99*100),"",(AC100/AC99*100)) | AF100: 13160 | AG100: =IF(AF100="","0",AF100-(AF100/(参照!$V$13))) -> 974.81481 | AJ100: 旅 客 収 入
B101: 全期小計 | F101: =SUM(F86)+F$47 -> 0 | G101: =SUM(G86)+G$47 -> 0 | H101: =SUM(H86)+H$47 -> 0 | I101: =SUM(I86)+I$47 -> 0 | J101: =SUM(J86)+J$47 -> 0 | K101: =SUM(K86)+K$47 -> 0 | L101: =SUM(L86)+L$47 -> 0 | M101: =SUM(M86)+M$47 -> 0 | ... P101: =SUM(P86)+P$47 -> 0 | R101: 双眼鏡 1 | S101: 8000 | T101: =SUM(昨年日報!T102) -> 0 | X101: =+X47+T101 -> 0 | AC101: =+AC47+T101 -> 7500 | AF101: 10%対象額 | AG101: 税額 | AJ101: =SUM(INDIRECT(AS101)) -> 1105600 | AL101: =SUM(INDIRECT(AT101)) -> 1781360 | AN101: 受払表!H | AO101: 受払表!L | AP101: 129 | AQ101: 18 | AR101: =AP101+AQ101 -> 147 | AS101: =CONCATENATE(AN101,AR101) -> 受払表!H147 | AT101: =CONCATENATE(AO101,AR101) -> 受払表!L147
B102: 知床岬 | E102: #N/A | R102: 双眼鏡3 | T102: =S101+S102 -> 8000 | V102: =+IF(ISERROR(T102/T101*100),"",(T102/T101*100)) | X102: =+X48+T102 -> 8000 | Z102: =+IF(ISERROR(X102/X101*100),"",(X102/X101*100)) | AC102: =+AC48+T102 -> 14500 | AD102: =+IF(ISERROR(AC102/AC101*100),"",(AC102/AC101*100)) -> 193.33333 | AF102: 4800 | AG102: =IF(AF102="","0",AF102-(AF102/(参照!$V$14))) -> 436.36364
B103: 全期小計 | E103: #N/A | F103: =SUM(F88)+F$49 -> 60 | G103: =SUM(G88)+G$49 -> 9500 | H103: =SUM(H88)+H$49 -> 9 | I103: =SUM(I88)+I$49 -> 7000 | J103: =SUM(J88)+J$49 -> 0 | K103: =SUM(K88)+K$49 -> 5000 | L103: =SUM(L88)+L$49 -> 2 | M103: =SUM(M88)+M$49 -> 4750 | ... P103: =SUM(P88)+P$49 -> 695500 | T103: =SUM(昨年日報!T104) -> 0 | X103: =+X49+T103 -> 0 | AC103: =+AC49+T103 -> 1241860 | AF103: おーろら③ | AK103: 航 | AL103: 航 | AM103: 航 | AN103: 航 | AO103: 航 | AP103: 航
...

Sheet 昨年日報
A2: 0 | B2: 社 長 | F2: 専 務 | H2: 部 長 | J2: 次 長 | L2: 課 長 | N2: 係 長 | O2: 係 | R2: 船 舶 部 ウ ト ロ 営 業 日 報 | AD2: 天候 | AF2: 午 前 | AG2: 午 後
O3: 菅原 | S3: * | W3: *
B5: 航路別売上 | O5: 5 | R5: Ｂ 発券精算 | V5: Ｃ 請求精算 | Z5: Ｄ 売店等内訳 | AF5: Ｆ 当日売掛金
F6: 硫黄山（A) ・ 水晶（B）・岩尾別（C)・知床岬（D）・カシュニ（E） | R6: エージェント名 | T6: 金 額 | V6: エージェント名 | X6: 金 額 | Z6: 項 目 | AC6: 金 額
B7: 航 | C7: 次 | D7: 船 | F7: 一般A | H7: 団体B | J7: 学割 | L7: 小人A | N7: 小人B | O7: 人 数 | P7: 金 額 | Z7: 売店現金 | AC7: 0 | AF7: 売掛合計 | AG7: 0
Z8: 船フイルム１
Z9: 船フイルム２ | AF9: 預 り 金 | AK9: ⇦2018年のはこの色の部分のB-ACまでドラッグしてコピペ
Z10: 売店売掛金 | AC10: 0
Z11: 合 計 | AC11: 0 | AF11: 合 計 | AG11: 0
Z14: Ｅ 前入金及びその他収入内訳 | AF14: Ｇ 当日取扱現金
Z15: （乗船券類前入金）
AF16: 現金売上 | AG16: #VALUE!
AF18: 売掛回収
Z19: （その他収入内訳）
B20: * | E20: 4500 | G20: 4050 | I20: 3150 | K20: 2250 | M20: 2030 | P20: 0
B21: * | E21: 4500 | G21: 4050 | I21: 3150 | K21: 2250 | M21: 2030 | P21: 0
AF22: 乗船手数料
B23: 小 計 | F23: 0 | G23: 8100 | H23: 0 | I23: 6300 | J23: 0 | K23: 4500 | L23: 0 | M23: 4060 | N23: 0 | O23: 0 | P23: 0
R24: 小 計 | T24: 0 | AF24: 過不足金
B25: 月 計 | E25: #N/A | F25: 月 航路別乗船人数・売上金額 | R25: 売店売掛（発券精算分）
B26: 航路名 | E26: #N/A | F26: 一般A | H26: 団体B | J26: 学割 | L26: 小人A | N26: 小人B | O26: 人 数 | P26: 金 額 | AF26: 預金額計 | AG26: #VALUE!
B27: 硫黄山 | F27: 0 | G27: 0 | R27: 発 券 精 算 計 | T27: 0 | Z27: その他収入計 | AC27: 0
B28: 小 計 | E28: #N/A | Z28: 現金=0、前入金・後入金=1入力
B29: 水晶岬 | R29: 売店売掛（請求精算分） | AF29: 双眼鏡レンタル月累計
B30: 小 計 | E30: #N/A | AF30: おーろら | AG30: 0
B31: 岩尾別 | R31: 請 求 精 算 計 | T31: 0 | V31: 小 計 | X31: 0 | Z31: 前 後 入 金 計 | AC31: 0 | AF31: おーろら2 | AG31: 0
B32: 小 計
B33: 知床岬 | E33: #N/A | R33: Ｈ 収入内訳 | AF33: Ｉ 記 事
B34: 小 計 | E34: #N/A | T34: 当 日 | X34: 当 月 累 計 | AC34: 全 期 累 計
B35: カシュニ | S35: （昨年） | W35: （昨年） | AA35: （昨年） | AC35: 319
B36: 小 計 | E36: #N/A | R36: 乗 客 数 | S36: （本年） | T36: 278 | W36: （本年） | AA36: （本年） | AC36: 278 | AD36: 87.147335
AC37: 1044610
B38: 月 累 計 | R38: 旅客収入 | T38: #VALUE! | AC38: 1183960 | AD38: 113.33991
R39: フイルム | S39: 0 | AC39: 0
B40: 全期計 | E40: #N/A | F40: 全期 航路別乗船人数・売上金額 | R40: 売 店 | T40: 0 | AC40: 0
B41: 航路名 | E41: #N/A | F41: 一般A | H41: 団体B | J41: 学割 | L41: 小人A | N41: 小人B | O41: 人 数 | P41: 金 額 | R41: 船舶売店1 | AC41: 20020
B42: 硫黄山 | R42: 船舶売店2 | T42: 0 | AC42: 17400 | AD42: 86.913087
B43: 全期小計 | E43: #N/A | F43: 186 | G43: 12150 | H43: 78 | I43: 9450 | J43: 0 | K43: 6750 | L43: 12 | M43: 6090 | N43: 2 | O43: 278 | P43: 1183960 | R43: 座席指定1 | AC43: 22800
B44: 水晶岬 | R44: 座席指定2 | T44: 0 | AC44: 33000 | AD44: 144.73684
B45: 全期小計 | E45: #N/A | F45: 0 | G45: 0 | H45: 0 | I45: 0 | J45: 0 | K45: 0 | L45: 0 | M45: 0 | N45: 0 | O45: 0 | P45: 0 | AC45: 0
B46: 岩尾別 | R46: そ の 他 | T46: 0 | AC46: 0
B47: 全期小計 | F47: 0 | G47: 0 | H47: 0 | I47: 0 | J47: 0 | K47: 0 | L47: 0 | M47: 0 | N47: 0 | O47: 0 | P47: 0 | R47: 双眼鏡 1 | AC47: 13500
B48: 知床岬 | E48: #N/A | R48: 双眼鏡2 | T48: 0 | AC48: 7500
B49: 全期小計 | E49: #N/A | F49: 0 | G49: 0 | H49: 0 | I49: 0 | J49: 0 | K49: 0 | L49: 0 | M49: 0 | N49: 0 | O49: 0 | P49: 0 | T49: 0 | X49: 0 | AC49: 1100930
B50: カシュニ | R50: 合 計 | T50: #VALUE! | X50: 0 | AC50: 1241860 | AD50: 112.801
B51: 全期小計 | E51: #N/A | F51: 0 | G51: 0 | H51: 0 | I51: 0 | J51: 0 | K51: 0 | L51: 0 | M51: 0 | N51: 0 | O51: 0 | P51: 0 | T51: 0 | X51: 0 | AC51: 1001011.1
R52: 税引後 | T52: #VALUE! | X52: 0 | AC52: 1129054 | AD52: 112.79136
B53: 全期累計 | F53: 186 | G53: 12150 | H53: 78 | I53: 9450 | J53: 0 | K53: 6750 | L53: 12 | M53: 6090 | N53: 2 | O53: 278 | P53: 1183960 | S53: （税額） | T53: #VALUE! | W53: （税額） | X53: 0 | AA53: （税額） | AC53: 112805.96
A56: 1 | F56: 社 長 | H56: 常 務 | J56: 部 長 | L56: 次 長 | N56: 課 長 | O56: 係 | R56: 船 舶 部 ウ ト ロ 営 業 日 報 | AD56: 天候 | AF56: 午 前 | AG56: 午 後
O57: 菅原 | P57: 1 | S57: 45778 | W57: 木曜日 | AF57: 晴 れ | AG57: 晴 れ
P58: 1
B59: 航路別売上 | O59: 5 | R59: 発券精算 | V59: 請求精算 | Z59: 前入金及びその他収入内訳
F60: カムイワッカ（A）・水晶（B）・岩尾別（C）・知床岬（D）・ルシャ（E）・フレペ（F） | R60: エージェント名 | T60: 金 額 | V60: エージェント名 | X60: 金 額 | Z60: （乗船券類前入金）
B61: 航 | C61: 次 | D61: 船 | F61: 一般A | H61: 団体B | J61: 学割 | L61: 小人A | N61: 小人B | O61: 人 数 | P61: 金 額 | AF61: 船内売店売上月累計
AF62: おーろら | AG62: 0
AF63: おーろら3 | AG63: 0
Z65: その他収入計 | AC65: 0 | AF65: 座席指定料月累計
AF66: おーろら | AG66: 0
Z67: （その他収入内訳） | AF67: おーろら3 | AG67: 0
AF69: 双眼鏡レンタル月累計
AF70: おーろら | AG70: 0
AF71: おーろら3 | AG71: 0
AF73: 当日取扱現金
AF75: 現金売上 | AG75: 0
B77: 小 計 | F77: 0 | G77: 0 | H77: 0 | I77: 0 | J77: 0 | K77: 0 | L77: 0 | M77: 0 | N77: 0 | O77: 0 | P77: 0 | AF77: 売掛回収
R78: 小 計 | T78: 0
B79: 月 計 | E79: #N/A | F79: 月 航路別乗船人数・売上金額 | R79: 売店売掛（発券精算分） | AF79: 預り金
B80: 航路名 | E80: #N/A | F80: 一般A | H80: 団体B | J80: 学割 | L80: 小人A | N80: 小人B | O80: 人 数 | P80: 金 額
A81: a | B81: ｶﾑｲﾜｯｶ | F81: 0 | G81: 0 | H81: 0 | I81: 0 | J81: 0 | K81: 0 | L81: 0 | M81: 0 | N81: 0 | O81: 0 | P81: 0 | R81: 発 券 精 算 計 | T81: 0 | Z81: その他収入計 | AC81: 0 | AF81: 乗船手数料
B82: 月小計 | E82: #N/A | F82: 0 | G82: 0 | H82: 0 | I82: 0 | J82: 0 | K82: 0 | L82: 0 | M82: 0 | N82: 0 | O82: 0 | P82: 0 | Z82: 現金=0、前入金・後入金=1入力
A83: b | B83: 水晶岬 | F83: 0 | G83: 0 | H83: 0 | I83: 0 | J83: 0 | K83: 0 | L83: 0 | M83: 0 | N83: 0 | O83: 0 | P83: 0 | R83: 売店売掛（請求精算分） | AF83: 過不足金
B84: 月小計 | E84: #N/A | F84: 0 | G84: 0 | H84: 0 | I84: 0 | J84: 0 | K84: 0 | L84: 0 | M84: 0 | N84: 0 | O84: 0 | P84: 0
A85: c | B85: 岩尾別 | F85: 0 | G85: 0 | H85: 0 | I85: 0 | J85: 0 | K85: 0 | L85: 0 | M85: 0 | N85: 0 | O85: 0 | P85: 0 | R85: 請 求 精 算 計 | T85: 0 | V85: 小 計 | X85: 0 | Z85: 前 後 入 金 計 | AC85: 0 | AF85: 預金額計 | AG85: 0
B86: 月小計 | F86: 0 | G86: 0 | H86: 0 | I86: 0 | J86: 0 | K86: 0 | L86: 0 | M86: 0 | N86: 0 | O86: 0 | P86: 0
A87: d | B87: 知床岬 | E87: #N/A | F87: 0 | G87: 0 | H87: 0 | I87: 0 | J87: 0 | K87: 0 | L87: 0 | M87: 0 | N87: 0 | O87: 0 | P87: 0 | R87: 収入内訳 | AF87: 記 事
B88: 月小計 | E88: #N/A | F88: 0 | G88: 0 | H88: 0 | I88: 0 | J88: 0 | K88: 0 | L88: 0 | M88: 0 | N88: 0 | O88: 0 | P88: 0 | T88: 当 日 | X88: 当 月 累 計 | AC88: 全 期 累 計 | AF88: 全便高波の為、欠航
A89: e | B89: ｶｼｭﾆ・ﾌﾚﾍﾟ | F89: 0 | G89: 0 | H89: 0 | I89: 0 | J89: 0 | K89: 0 | L89: 0 | M89: 0 | N89: 0 | O89: 0 | P89: 0 | S89: （昨年） | T89: 0 | W89: （昨年） | X89: 0 | AA89: （昨年） | AC89: 319
A90: F | B90: 月小計 | E90: #N/A | F90: 0 | G90: 0 | H90: 0 | I90: 0 | J90: 0 | K90: 0 | L90: 0 | M90: 0 | N90: 0 | O90: 0 | P90: 0 | R90: 乗 客 数 | S90: （本年） | T90: 0 | W90: （本年） | X90: 0 | AA90: （本年） | AC90: 278 | AD90: 87.147335
T91: 0 | X91: 0 | AC91: 1044610
B92: 月 累 計 | F92: 0 | G92: 0 | H92: 0 | I92: 0 | J92: 0 | K92: 0 | L92: 0 | M92: 0 | N92: 0 | O92: 0 | P92: 0 | R92: 旅客収入 | T92: 0 | X92: 0 | AC92: 1183960 | AD92: 113.33991
R93: フイルム | S93: 0 | T93: 0 | X93: 0 | AC93: 0
B94: 全期計 | E94: #N/A | F94: 全期 航路別乗船人数・売上金額 | R94: 売 店 | T94: 0 | X94: 0 | AC94: 0
B95: 航路名 | E95: #N/A | F95: 一般A | H95: 団体B | J95: 学割 | L95: 小人A | N95: 小人B | O95: 人 数 | P95: 金 額 | R95: 船舶売店1 | S95: 0 | T95: 0 | X95: 0 | AC95: 20020
B96: ｶﾑｲﾜｯｶ | R96: 船舶売店3 | S96: 0 | T96: 0 | X96: 0 | AC96: 17400 | AD96: 86.913087
B97: 全期小計 | E97: #N/A | F97: 186 | G97: 12150 | H97: 78 | I97: 9450 | J97: 0 | K97: 6750 | L97: 12 | M97: 6090 | N97: 2 | O97: 278 | P97: 1183960 | R97: 座席指定1 | T97: 0 | X97: 0 | AC97: 22800 | AF97: 船内売店売上詳細
B98: 水晶岬 | R98: 座席指定3 | T98: 0 | X98: 0 | AC98: 33000 | AD98: 144.73684 | AF98: おーろら
B99: 全期小計 | E99: #N/A | F99: 0 | G99: 0 | H99: 0 | I99: 0 | J99: 0 | K99: 0 | L99: 0 | M99: 0 | N99: 0 | O99: 0 | P99: 0 | T99: 0 | X99: 0 | AC99: 0 | AF99: 8%対象額 | AG99: 税額
B100: 岩尾別 | R100: そ の 他 | T100: 0 | X100: 0 | AC100: 0 | AG100: 0
B101: 全期小計 | F101: 0 | G101: 0 | H101: 0 | I101: 0 | J101: 0 | K101: 0 | L101: 0 | M101: 0 | N101: 0 | O101: 0 | P101: 0 | R101: 双眼鏡 1 | T101: 0 | X101: 0 | AC101: 13500 | AF101: 10%対象額 | AG101: 税額
B102: 知床岬 | E102: #N/A | R102: 双眼鏡3 | T102: 0 | X102: 0 | AC102: 7500 | AD102: 55.555556 | AG102: 0
B103: 全期小計 | E103: #N/A | F103: 0 | G103: 0 | H103: 0 | I103: 0 | J103: 0 | K103: 0 | L103: 0 | M103: 0 | N103: 0 | O103: 0 | P103: 0 | T103: 0 | X103: 0 | AC103: 1100930 | AF103: おーろら③
B104: ｶｼｭﾆ・ﾌﾚﾍﾟ | R104: 合 計 | T104: 0 | X104: 0 | AC104: 1241860 | AD104: 112.801 | AF104: 8%対象額 | AG104: 税額
B105: 全期小計 | E105: #N/A | F105: 0 | G105: 0 | H105: 0 | I105: 0 | J105: 0 | K105: 0 | L105: 0 | M105: 0 | N105: 0 | O105: 0 | P105: 0 | T105: 0 | X105: 0 | AC105: 1001011.1 | AG105: 0
R106: 税引後 | T106: 0 | X106: 0 | AC106: 1129054 | AD106: 112.79136 | AF106: 10%対象額 | AG106: 税額
B107: 全期累計 | F107: 186 | G107: 12150 | H107: 78 | I107: 9450 | J107: 0 | K107: 6750 | L107: 12 | M107: 6090 | N107: 2 | O107: 278 | P107: 1183960 | S107: （税額） | T107: 0 | W107: （税額） | X107: 0 | AA107: （税額） | AC107: 112805.96 | AG107: 0
A110: 2 | F110: 社 長 | G110: 0 | H110: 常 務 | I110: 0 | J110: 部 長 | K110: 0 | L110: 次 長 | M110: 0 | N110: 課 長 | O110: 係 | R110: 船 舶 部 ウ ト ロ 営 業 日 報 | AD110: 天候 | AF110: 午 前 | AG110: 午 後
O111: 菅原 | P111: 1 | S111: 45779 | W111: 金曜日 | AF111: 晴 れ | AG111: 晴 れ
P112: 1
B113: 航路別売上 | O113: 5 | R113: 発券精算 | V113: 請求精算 | Z113: 前入金及びその他収入内訳
F114: カムイワッカ（A）・水晶（B）・岩尾別（C）・知床岬（D）・ルシャ（E）・フレペ（F） | R114: エージェント名 | T114: 金 額 | V114: エージェント名 | X114: 金 額 | Z114: （乗船券類前入金）
...

Sheet 受払表
B6: =日報!S57 -> 46143 | I6: コピペ
B7: 乗船券種別 | F7: 当日発行 | J7: 全期累計
E8: 発券数 | F8: 廃札 | G8: 利用数 | H8: 金額 | I8: 発券数 | J8: 廃札 | K8: 利用数 | L8: 金額
B9: カムイワッカの滝航路 | C9: Ａ | D9: 5000 | G9: =E9-F9 -> 0 | H9: =+G9*D9 -> 0 | I9: 118 | J9: 0 | K9: 118 | L9: 590000
C10: FA | D10: 5000 | G10: =E10-F10 -> 0 | H10: =+G10*D10 -> 0 | I10: 0 | J10: 0 | K10: 0 | L10: 0
C11: AC | D11: 2500 | G11: =E11-F11 -> 0 | H11: =+G11*D11 -> 0 | I11: 2 | J11: 0 | K11: 2 | L11: 5000
C12: FAC | D12: 2500 | G12: =E12-F12 -> 0 | H12: =+G12*D12 -> 0 | I12: 0 | J12: 0 | K12: 0 | L12: 0
C13: Ｂ | D13: 4750 | G13: =E13-F13 -> 0 | H13: =+G13*D13 -> 0 | I13: 16 | J13: 0 | K13: 16 | L13: 76000
C14: FB | D14: 4750 | G14: =E14-F14 -> 0 | H14: =+G14*D14 -> 0 | I14: 0 | J14: 0 | K14: 0 | L14: 0
C15: BC | D15: 2380 | G15: =E15-F15 -> 0 | H15: =+G15*D15 -> 0 | I15: 2 | J15: 0 | K15: 2 | L15: 4760
C16: FBC | D16: 2380 | G16: =E16-F16 -> 0 | H16: =+G16*D16 -> 0 | I16: 0 | J16: 0 | K16: 0 | L16: 0
C17: OP(G) | D17: 3500 | G17: =E17-F17 -> 0 | H17: =+G17*D17 -> 0 | I17: 0 | J17: 0 | K17: 0 | L17: 0
C18: 補 充 券 | G18: =E18-F18 -> 0 | I18: 0 | J18: 0 | K18: 0 | L18: 0
C19: 小 計 | E19: =SUM(E9:E18) -> 0 | F19: =SUM(F9:F18) -> 0 | G19: =SUM(G9:G18) -> 0 | H19: =SUM(H9:H18) -> 0 | I19: 138 | J19: 0 | K19: 138 | L19: 675760
B20: 水晶岬航路 | C20: Ａ | D20: 4000 | G20: =E20-F20 -> 0 | H20: =+G20*D20 -> 0 | I20: 0 | J20: 0 | K20: 0 | L20: 0
C21: FA | D21: 4000 | G21: =E21-F21 -> 0 | H21: =+G21*D21 -> 0 | I21: 0 | J21: 0 | K21: 0 | L21: 0
C22: AC | D22: 2000 | G22: =E22-F22 -> 0 | H22: =+G22*D22 -> 0 | I22: 0 | J22: 0 | K22: 0 | L22: 0
C23: FAC | D23: 2000 | G23: =E23-F23 -> 0 | H23: =+G23*D23 -> 0 | I23: 0 | J23: 0 | K23: 0 | L23: 0
C24: Ｂ | D24: 3800 | G24: =E24-F24 -> 0 | H24: =+G24*D24 -> 0 | I24: 0 | J24: 0 | K24: 0 | L24: 0
C25: FB | D25: 3800 | G25: =E25-F25 -> 0 | H25: =+G25*D25 -> 0 | I25: 0 | J25: 0 | K25: 0 | L25: 0
C26: BC | D26: 1900 | G26: =E26-F26 -> 0 | H26: =+G26*D26 -> 0 | I26: 0 | J26: 0 | K26: 0 | L26: 0
C27: FBC | D27: 1900 | G27: =E27-F27 -> 0 | H27: =+G27*D27 -> 0 | I27: 0 | J27: 0 | K27: 0 | L27: 0
C28: OP(G) | D28: 2800 | G28: =E28-F28 -> 0 | H28: =+G28*D28 -> 0 | I28: 0 | J28: 0 | K28: 0 | L28: 0
C29: 補 充 券 | G29: =E29-F29 -> 0 | I29: 0 | J29: 0 | K29: 0 | L29: 0
C30: 小 計 | E30: =SUM(E20:E29) -> 0 | F30: =SUM(F20:F29) -> 0 | G30: =SUM(G20:G29) -> 0 | H30: =SUM(H20:H29) -> 0 | I30: 0 | J30: 0 | K30: 0 | L30: 0
B31: 岩尾別航路 | C31: Ａ | D31: 3000 | G31: =E31-F31 -> 0 | H31: =+G31*D31 -> 0 | I31: 0 | J31: 0 | K31: 0 | L31: 0
C32: FA | D32: 3000 | G32: =E32-F32 -> 0 | H32: =+G32*D32 -> 0 | I32: 0 | J32: 0 | K32: 0 | L32: 0
C33: AC | D33: 1500 | G33: =E33-F33 -> 0 | H33: =+G33*D33 -> 0 | I33: 0 | J33: 0 | K33: 0 | L33: 0
C34: FAC | D34: 1500 | G34: =E34-F34 -> 0 | H34: =+G34*D34 -> 0 | I34: 0 | J34: 0 | K34: 0 | L34: 0
C35: Ｂ | D35: 2850 | G35: =E35-F35 -> 0 | H35: =+G35*D35 -> 0 | I35: 0 | J35: 0 | K35: 0 | L35: 0
C36: FB | D36: 2850 | G36: =E36-F36 -> 0 | H36: =+G36*D36 -> 0 | I36: 0 | J36: 0 | K36: 0 | L36: 0
C37: BC | D37: 1430 | G37: =E37-F37 -> 0 | H37: =+G37*D37 -> 0 | I37: 0 | J37: 0 | K37: 0 | L37: 0
C38: FBC | D38: 1430 | G38: =E38-F38 -> 0 | H38: =+G38*D38 -> 0 | I38: 0 | J38: 0 | K38: 0 | L38: 0
C39: OP(G) | D39: 2100 | G39: =E39-F39 -> 0 | H39: =+G39*D39 -> 0 | I39: 0 | J39: 0 | K39: 0 | L39: 0
C40: 補 充 券 | G40: =E40-F40 -> 0 | I40: 0 | J40: 0 | K40: 0 | L40: 0
C41: 小 計 | E41: =SUM(E31:E40) -> 0 | F41: =SUM(F31:F40) -> 0 | G41: =SUM(G31:G40) -> 0 | H41: =SUM(H31:H40) -> 0 | I41: 0 | J41: 0 | K41: 0 | L41: 0
B42: 知床岬航路 | C42: Ａ | D42: 10000 | G42: =E42-F42 -> 0 | H42: =+G42*D42 -> 0 | I42: 0 | J42: 0 | K42: 0 | L42: 0
C43: FA | D43: 10000 | G43: =E43-F43 -> 0 | H43: =+G43*D43 -> 0 | I43: 0 | J43: 0 | K43: 0 | L43: 0
C44: AC | D44: 5000 | G44: =E44-F44 -> 0 | H44: =+G44*D44 -> 0 | I44: 0 | J44: 0 | K44: 0 | L44: 0
C45: FAC | D45: 5000 | G45: =E45-F45 -> 0 | H45: =+G45*D45 -> 0 | I45: 0 | J45: 0 | K45: 0 | L45: 0
C46: Ｂ | D46: 9500 | G46: =E46-F46 -> 0 | H46: =+G46*D46 -> 0 | I46: 0 | J46: 0 | K46: 0 | L46: 0
C47: FB | D47: 9500 | G47: =E47-F47 -> 0 | H47: =+G47*D47 -> 0 | I47: 0 | J47: 0 | K47: 0 | L47: 0
C48: BC | D48: 4750 | G48: =E48-F48 -> 0 | H48: =+G48*D48 -> 0 | I48: 0 | J48: 0 | K48: 0 | L48: 0
C49: FBC | D49: 4750 | G49: =E49-F49 -> 0 | H49: =+G49*D49 -> 0 | I49: 0 | J49: 0 | K49: 0 | L49: 0
C50: OP(G) | D50: 7000 | G50: =E50-F50 -> 0 | H50: =+G50*D50 -> 0 | I50: 0 | J50: 0 | K50: 0 | L50: 0
C51: 補 充 券 | G51: =E51-F51 -> 0 | I51: 0 | J51: 0 | K51: 0 | L51: 0
C52: 小 計 | E52: =SUM(E42:E51) -> 0 | F52: =SUM(F42:F51) -> 0 | G52: =SUM(G42:G51) -> 0 | H52: =SUM(H42:H51) -> 0 | I52: 0 | J52: 0 | K52: 0 | L52: 0
B53: ルシャ | C53: Ａ | D53: 8000 | G53: =E53-F53 -> 0 | H53: =+G53*D53 -> 0 | I53: 0 | J53: 0 | K53: 0 | L53: 0
C54: FA | D54: 8000 | G54: =E54-F54 -> 0 | H54: =+G54*D54 -> 0 | I54: 0 | J54: 0 | K54: 0 | L54: 0
C55: AC | D55: 4000 | G55: =E55-F55 -> 0 | H55: =+G55*D55 -> 0 | I55: 0 | J55: 0 | K55: 0 | L55: 0
C56: FAC | D56: 4000 | G56: =E56-F56 -> 0 | H56: =+G56*D56 -> 0 | I56: 0 | J56: 0 | K56: 0 | L56: 0
C57: Ｂ | D57: 7600 | G57: =E57-F57 -> 0 | H57: =+G57*D57 -> 0 | I57: 0 | J57: 0 | K57: 0 | L57: 0
C58: FB | D58: 7600 | G58: =E58-F58 -> 0 | H58: =+G58*D58 -> 0 | I58: 0 | J58: 0 | K58: 0 | L58: 0
C59: BC | D59: 3800 | G59: =E59-F59 -> 0 | H59: =+G59*D59 -> 0 | I59: 0 | J59: 0 | K59: 0 | L59: 0
C60: FBC | D60: 3800 | G60: =E60-F60 -> 0 | H60: =+G60*D60 -> 0 | I60: 0 | J60: 0 | K60: 0 | L60: 0
C61: OP(G) | D61: 5600 | G61: =E61-F61 -> 0 | H61: =+G61*D61 -> 0 | I61: 0 | J61: 0 | K61: 0 | L61: 0
C62: 補 充 券 | G62: =E62-F62 -> 0 | I62: 0 | J62: 0 | K62: 0 | L62: 0
C63: 小 計 | E63: =SUM(E53:E62) -> 0 | F63: =SUM(F53:F62) -> 0 | G63: =SUM(G53:G62) -> 0 | H63: =SUM(H53:H62) -> 0 | I63: 0 | J63: 0 | K63: 0 | L63: 0
B64: フレペ | C64: Ａ | D64: 1000 | G64: =E64-F64 -> 0 | H64: =+G64*D64 -> 0 | I64: 0 | J64: 0 | K64: 0 | L64: 0
C65: FA | D65: 1000 | G65: =E65-F65 -> 0 | H65: =+G65*D65 -> 0 | I65: 0 | J65: 0 | K65: 0 | L65: 0
C66: AC | D66: 500 | G66: =E66-F66 -> 0 | H66: =+G66*D66 -> 0 | I66: 0 | J66: 0 | K66: 0 | L66: 0
C67: FAC | D67: 500 | G67: =E67-F67 -> 0 | H67: =+G67*D67 -> 0 | I67: 0 | J67: 0 | K67: 0 | L67: 0
C68: Ｂ | D68: 900 | G68: =E68-F68 -> 0 | H68: =+G68*D68 -> 0 | I68: 0 | J68: 0 | K68: 0 | L68: 0
C69: FB | D69: 900 | G69: =E69-F69 -> 0 | H69: =+G69*D69 -> 0 | I69: 0 | J69: 0 | K69: 0 | L69: 0
C70: BC | D70: 450 | G70: =E70-F70 -> 0 | H70: =+G70*D70 -> 0 | I70: 0 | J70: 0 | K70: 0 | L70: 0
C71: FBC | D71: 450 | G71: =E71-F71 -> 0 | H71: =+G71*D71 -> 0 | I71: 0 | J71: 0 | K71: 0 | L71: 0
C72: OP(G) | D72: 700 | G72: =E72-F72 -> 0 | H72: =+G72*D72 -> 0 | I72: 0 | J72: 0 | K72: 0 | L72: 0
C73: 補 充 券 | G73: =E73-F73 -> 0 | I73: 0 | J73: 0 | K73: 0 | L73: 0
C74: 小 計 | E74: =SUM(E64:E73) -> 0 | F74: =SUM(F64:F73) -> 0 | G74: =SUM(G64:G73) -> 0 | H74: =SUM(H64:H73) -> 0 | I74: 0 | J74: 0 | K74: 0 | L74: 0
B75: 合 計 | E75: =SUM(E19+E30+E41+E52+E63+E74) -> 0 | F75: =SUM(F19+F30+F41+F52+F63+F74) -> 0 | G75: =SUM(G19+G30+G41+G52+G63+G74) -> 0 | H75: =SUM(H19+H30+H41+H52+H63+H74) -> 0 | I75: 138 | J75: 0 | K75: 138 | L75: 675760
B77: 乗船券受払日報
B78: =B6 -> 46143
B79: 乗船券種別 | F79: 当日発行 | J79: 全期累計
E80: 発券数 | F80: 廃札 | G80: 利用数 | H80: 金額 | I80: 発券数 | J80: 廃札 | K80: 利用数 | L80: 金額
B81: カムイワッカの滝航路 | C81: Ａ | D81: 5000 | E81: 26 | G81: =E81-F81 -> 26 | H81: =G81*$D81 -> 130000 | I81: =SUM(I9+E81) -> 144 | J81: =SUM(J9+F81) -> 0 | K81: =I81-J81 -> 144 | L81: =K81*$D81 -> 720000
C82: FA | D82: 5000 | G82: =E82-F82 -> 0 | H82: =G82*$D82 -> 0 | I82: =SUM(I10+E82) -> 0 | J82: =SUM(J10+F82) -> 0 | K82: =I82-J82 -> 0 | L82: =K82*$D82 -> 0
C83: AC | D83: 2500 | E83: 2 | G83: =E83-F83 -> 2 | H83: =G83*$D83 -> 5000 | I83: =SUM(I11+E83) -> 4 | J83: =SUM(J11+F83) -> 0 | K83: =I83-J83 -> 4 | L83: =K83*$D83 -> 10000
C84: FAC | D84: 2500 | G84: =E84-F84 -> 0 | H84: =G84*$D84 -> 0 | I84: =SUM(I12+E84) -> 0 | J84: =SUM(J12+F84) -> 0 | K84: =I84-J84 -> 0 | L84: =K84*$D84 -> 0
C85: Ｂ | D85: 4750 | E85: 2 | G85: =E85-F85 -> 2 | H85: =G85*$D85 -> 9500 | I85: =SUM(I13+E85) -> 18 | J85: =SUM(J13+F85) -> 0 | K85: =I85-J85 -> 18 | L85: =K85*$D85 -> 85500
C86: FB | D86: 4750 | G86: =E86-F86 -> 0 | H86: =G86*$D86 -> 0 | I86: =SUM(I14+E86) -> 0 | J86: =SUM(J14+F86) -> 0 | K86: =I86-J86 -> 0 | L86: =K86*$D86 -> 0
C87: BC | D87: 2380 | G87: =E87-F87 -> 0 | H87: =G87*$D87 -> 0 | I87: =SUM(I15+E87) -> 2 | J87: =SUM(J15+F87) -> 0 | K87: =I87-J87 -> 2 | L87: =K87*$D87 -> 4760
C88: FBC | D88: 2380 | G88: =E88-F88 -> 0 | H88: =G88*$D88 -> 0 | I88: =SUM(I16+E88) -> 0 | J88: =SUM(J16+F88) -> 0 | K88: =I88-J88 -> 0 | L88: =K88*$D88 -> 0
C89: OP(G) | D89: 3500 | G89: =E89-F89 -> 0 | H89: =G89*$D89 -> 0 | I89: =SUM(I17+E89) -> 0 | J89: =SUM(J17+F89) -> 0 | K89: =I89-J89 -> 0 | L89: =K89*$D89 -> 0
C90: 補 充 券 | G90: =E90-F90 -> 0 | I90: =SUM(I18+E90) -> 0 | J90: =SUM(J18+F90) -> 0 | K90: =I90-J90 -> 0 | L90: =SUM(L18+H90) -> 0
C91: 小 計 | E91: =SUM(E81:E90) -> 30 | F91: =SUM(F81:F90) -> 0 | G91: =SUM(G81:G90) -> 30 | H91: =SUM(H81:H90) -> 144500 | I91: =SUM(I81:I90) -> 168 | J91: =SUM(J81:J90) -> 0 | K91: =SUM(K81:K90) -> 168 | L91: =SUM(L81:L90) -> 820260
B92: 水晶岬航路 | C92: Ａ | D92: 4000 | G92: =E92-F92 -> 0 | H92: =G92*$D92 -> 0 | I92: =SUM(I20+E92) -> 0 | J92: =SUM(J20+F92) -> 0 | K92: =I92-J92 -> 0 | L92: =K92*$D92 -> 0
C93: FA | D93: 4000 | G93: =E93-F93 -> 0 | H93: =G93*$D93 -> 0 | I93: =SUM(I21+E93) -> 0 | J93: =SUM(J21+F93) -> 0 | K93: =I93-J93 -> 0 | L93: =K93*$D93 -> 0
C94: AC | D94: 2000 | G94: =E94-F94 -> 0 | H94: =G94*$D94 -> 0 | I94: =SUM(I22+E94) -> 0 | J94: =SUM(J22+F94) -> 0 | K94: =I94-J94 -> 0 | L94: =K94*$D94 -> 0
C95: FAC | D95: 2000 | G95: =E95-F95 -> 0 | H95: =G95*$D95 -> 0 | I95: =SUM(I23+E95) -> 0 | J95: =SUM(J23+F95) -> 0 | K95: =I95-J95 -> 0 | L95: =K95*$D95 -> 0
C96: Ｂ | D96: 3800 | G96: =E96-F96 -> 0 | H96: =G96*$D96 -> 0 | I96: =SUM(I24+E96) -> 0 | J96: =SUM(J24+F96) -> 0 | K96: =I96-J96 -> 0 | L96: =K96*$D96 -> 0
C97: FB | D97: 3800 | G97: =E97-F97 -> 0 | H97: =G97*$D97 -> 0 | I97: =SUM(I25+E97) -> 0 | J97: =SUM(J25+F97) -> 0 | K97: =I97-J97 -> 0 | L97: =K97*$D97 -> 0
C98: BC | D98: 1900 | G98: =E98-F98 -> 0 | H98: =G98*$D98 -> 0 | I98: =SUM(I26+E98) -> 0 | J98: =SUM(J26+F98) -> 0 | K98: =I98-J98 -> 0 | L98: =K98*$D98 -> 0
C99: FBC | D99: 1900 | G99: =E99-F99 -> 0 | H99: =G99*$D99 -> 0 | I99: =SUM(I27+E99) -> 0 | J99: =SUM(J27+F99) -> 0 | K99: =I99-J99 -> 0 | L99: =K99*$D99 -> 0
C100: OP(G) | D100: 2800 | G100: =E100-F100 -> 0 | H100: =G100*$D100 -> 0 | I100: =SUM(I28+E100) -> 0 | J100: =SUM(J28+F100) -> 0 | K100: =I100-J100 -> 0 | L100: =K100*$D100 -> 0
C101: 補 充 券 | G101: =E101-F101 -> 0 | I101: =SUM(I29+E101) -> 0 | J101: =SUM(J29+F101) -> 0 | K101: =I101-J101 -> 0 | L101: =SUM(L29+H101) -> 0
C102: 小 計 | E102: =SUM(E92:E101) -> 0 | F102: =SUM(F92:F101) -> 0 | G102: =SUM(G92:G101) -> 0 | H102: =SUM(H92:H101) -> 0 | I102: =SUM(I92:I101) -> 0 | J102: =SUM(J92:J101) -> 0 | K102: =SUM(K92:K101) -> 0 | L102: =SUM(L92:L101) -> 0
B103: 岩尾別航路 | C103: Ａ | D103: 3000 | G103: =E103-F103 -> 0 | H103: =G103*$D103 -> 0 | I103: =SUM(I31+E103) -> 0 | J103: =SUM(J31+F103) -> 0 | K103: =I103-J103 -> 0 | L103: =K103*$D103 -> 0
C104: FA | D104: 3000 | G104: =E104-F104 -> 0 | H104: =G104*$D104 -> 0 | I104: =SUM(I32+E104) -> 0 | J104: =SUM(J32+F104) -> 0 | K104: =I104-J104 -> 0 | L104: =K104*$D104 -> 0
C105: AC | D105: 1500 | G105: =E105-F105 -> 0 | H105: =G105*$D105 -> 0 | I105: =SUM(I33+E105) -> 0 | J105: =SUM(J33+F105) -> 0 | K105: =I105-J105 -> 0 | L105: =K105*$D105 -> 0
C106: FAC | D106: 1500 | G106: =E106-F106 -> 0 | H106: =G106*$D106 -> 0 | I106: =SUM(I34+E106) -> 0 | J106: =SUM(J34+F106) -> 0 | K106: =I106-J106 -> 0 | L106: =K106*$D106 -> 0
...

Sheet 航路別
A1: 令和 年 月 日
B2: 航路 | C2: 条件
B3: ｶﾑｲﾜｯｶ | C3: 航 | D3: 船 | F3: 一般A | G3: 団体B | H3: 学割 | I3: 小人A | J3: 小人B | L3: 大人 | M3: 子供 | N3: 合計 | O3: 換算人数 | P3: 航海数 | Q3: 硫黄山
C4: A | D4: 1 | F4: =日報!AN62+日報!AN116+日報!AN170+日報!AN224+日報!AN278+日報!AN332+日報!AN386+日報!AN440+日報!AN494+日報!AN548+日報!AN602+日報!AN656+日報!AN710+日報!AN764+日報!AN818+日報!AN872+日報!AN926+日報!AN980+日報!AN1034+日報!AN1088+日報!AN1142+日報!AN1196+日報!AN1250+日報!AN1304+日報!AN1358+日報!AN1412+日報!AN1466+日報!AN1520+日報!AN1574+日報!AN1628+日報!AN1682 -> 1061 | G4: =日報!AO62+日報!AO116+日報!AO170+日報!AO224+日報!AO278+日報!AO332+日報!AO386+日報!AO440+日報!AO494+日報!AO548+日報!AO602+日報!AO656+日報!AO710+日報!AO764+日報!AO818+日報!AO872+日報!AO926+日報!AO980+日報!AO1034+日報!AO1088+日報!AO1142+日報!AO1196+日報!AO1250+日報!AO1304+日報!AO1358+日報!AO1412+日報!AO1466+日報!AO1520+日報!AO1574+日報!AO1628+日報!AO1682 -> 2088 | H4: =日報!AP62+日報!AP116+日報!AP170+日報!AP224+日報!AP278+日報!AP332+日報!AP386+日報!AP440+日報!AP494+日報!AP548+日報!AP602+日報!AP656+日報!AP710+日報!AP764+日報!AP818+日報!AP872+日報!AP926+日報!AP980+日報!AP1034+日報!AP1088+日報!AP1142+日報!AP1196+日報!AP1250+日報!AP1304+日報!AP1358+日報!AP1412+日報!AP1466+日報!AP1520+日報!AP1574+日報!AP1628+日報!AP1682 -> 58 | I4: =日報!AQ62+日報!AQ116+日報!AQ170+日報!AQ224+日報!AQ278+日報!AQ332+日報!AQ386+日報!AQ440+日報!AQ494+日報!AQ548+日報!AQ602+日報!AQ656+日報!AQ710+日報!AQ764+日報!AQ818+日報!AQ872+日報!AQ926+日報!AQ980+日報!AQ1034+日報!AQ1088+日報!AQ1142+日報!AQ1196+日報!AQ1250+日報!AQ1304+日報!AQ1358+日報!AQ1412+日報!AQ1466+日報!AQ1520+日報!AQ1574+日報!AQ1628+日報!AQ1682 -> 38 | J4: =日報!AR62+日報!AR116+日報!AR170+日報!AR224+日報!AR278+日報!AR332+日報!AR386+日報!AR440+日報!AR494+日報!AR548+日報!AR602+日報!AR656+日報!AR710+日報!AR764+日報!AR818+日報!AR872+日報!AR926+日報!AR980+日報!AR1034+日報!AR1088+日報!AR1142+日報!AR1196+日報!AR1250+日報!AR1304+日報!AR1358+日報!AR1412+日報!AR1466+日報!AR1520+日報!AR1574+日報!AR1628+日報!AR1682 -> 9 | L4: =F4+G4+H4 -> 3207 | M4: =I4+J4 -> 47 | N4: =L4+M4 -> 3254 | O4: =(L4*1)+(M4*0.5) -> 3230.5 | P4: =日報!AX62+日報!AX116+日報!AX170+日報!AX224+日報!AX278+日報!AX332+日報!AX386+日報!AX440+日報!AX494+日報!AX548+日報!AX602+日報!AX656+日報!AX710+日報!AX764+日報!AX818+日報!AX872+日報!AX926+日報!AX980+日報!AX1034+日報!AX1088+日報!AX1142+日報!AX1196+日報!AX1250+日報!AX1304+日報!AX1358+日報!AX1412+日報!AX1466+日報!AX1520+日報!AX1574+日報!AX1628+日報!AX1682 -> 58
C5: 航 | D5: 船
C6: A | D6: 3 | F6: =日報!AN64+日報!AN118+日報!AN172+日報!AN226+日報!AN280+日報!AN334+日報!AN388+日報!AN442+日報!AN496+日報!AN550+日報!AN604+日報!AN658+日報!AN712+日報!AN766+日報!AN820+日報!AN874+日報!AN928+日報!AN982+日報!AN1036+日報!AN1090+日報!AN1144+日報!AN1198+日報!AN1252+日報!AN1306+日報!AN1360+日報!AN1414+日報!AN1468+日報!AN1522+日報!AN1576+日報!AN1630+日報!AN1684 -> 97 | G6: =日報!AO64+日報!AO118+日報!AO172+日報!AO226+日報!AO280+日報!AO334+日報!AO388+日報!AO442+日報!AO496+日報!AO550+日報!AO604+日報!AO658+日報!AO712+日報!AO766+日報!AO820+日報!AO874+日報!AO928+日報!AO982+日報!AO1036+日報!AO1090+日報!AO1144+日報!AO1198+日報!AO1252+日報!AO1306+日報!AO1360+日報!AO1414+日報!AO1468+日報!AO1522+日報!AO1576+日報!AO1630+日報!AO1684 -> 12 | H6: =日報!AP64+日報!AP118+日報!AP172+日報!AP226+日報!AP280+日報!AP334+日報!AP388+日報!AP442+日報!AP496+日報!AP550+日報!AP604+日報!AP658+日報!AP712+日報!AP766+日報!AP820+日報!AP874+日報!AP928+日報!AP982+日報!AP1036+日報!AP1090+日報!AP1144+日報!AP1198+日報!AP1252+日報!AP1306+日報!AP1360+日報!AP1414+日報!AP1468+日報!AP1522+日報!AP1576+日報!AP1630+日報!AP1684 -> 0 | I6: =日報!AQ64+日報!AQ118+日報!AQ172+日報!AQ226+日報!AQ280+日報!AQ334+日報!AQ388+日報!AQ442+日報!AQ496+日報!AQ550+日報!AQ604+日報!AQ658+日報!AQ712+日報!AQ766+日報!AQ820+日報!AQ874+日報!AQ928+日報!AQ982+日報!AQ1036+日報!AQ1090+日報!AQ1144+日報!AQ1198+日報!AQ1252+日報!AQ1306+日報!AQ1360+日報!AQ1414+日報!AQ1468+日報!AQ1522+日報!AQ1576+日報!AQ1630+日報!AQ1684 -> 0 | J6: =日報!AR64+日報!AR118+日報!AR172+日報!AR226+日報!AR280+日報!AR334+日報!AR388+日報!AR442+日報!AR496+日報!AR550+日報!AR604+日報!AR658+日報!AR712+日報!AR766+日報!AR820+日報!AR874+日報!AR928+日報!AR982+日報!AR1036+日報!AR1090+日報!AR1144+日報!AR1198+日報!AR1252+日報!AR1306+日報!AR1360+日報!AR1414+日報!AR1468+日報!AR1522+日報!AR1576+日報!AR1630+日報!AR1684 -> 3 | L6: =F6+G6+H6 -> 109 | M6: =I6+J6 -> 3 | N6: =L6+M6 -> 112 | O6: =(L6*1)+(M6*0.5) -> 110.5 | P6: =日報!AX64+日報!AX118+日報!AX172+日報!AX226+日報!AX280+日報!AX334+日報!AX388+日報!AX442+日報!AX496+日報!AX550+日報!AX604+日報!AX658+日報!AX712+日報!AX766+日報!AX820+日報!AX874+日報!AX928+日報!AX982+日報!AX1036+日報!AX1090+日報!AX1144+日報!AX1198+日報!AX1252+日報!AX1306+日報!AX1360+日報!AX1414+日報!AX1468+日報!AX1522+日報!AX1576+日報!AX1630+日報!AX1684 -> 6
B8: 水晶岬 | C8: 航 | D8: 船 | F8: 一般A | G8: 団体B | H8: 学割 | I8: 小人A | J8: 小人B | L8: 大人 | M8: 子供 | N8: 合計 | O8: 換算人数 | P8: 航海数 | Q8: 水晶岬
C9: B | D9: 1 | F9: =日報!AN67+日報!AN121+日報!AN175+日報!AN229+日報!AN283+日報!AN337+日報!AN391+日報!AN445+日報!AN499+日報!AN553+日報!AN607+日報!AN661+日報!AN715+日報!AN769+日報!AN823+日報!AN877+日報!AN931+日報!AN985+日報!AN1039+日報!AN1093+日報!AN1147+日報!AN1201+日報!AN1255+日報!AN1309+日報!AN1363+日報!AN1417+日報!AN1471+日報!AN1525+日報!AN1579+日報!AN1633+日報!AN1687 -> 0 | G9: =日報!AO67+日報!AO121+日報!AO175+日報!AO229+日報!AO283+日報!AO337+日報!AO391+日報!AO445+日報!AO499+日報!AO553+日報!AO607+日報!AO661+日報!AO715+日報!AO769+日報!AO823+日報!AO877+日報!AO931+日報!AO985+日報!AO1039+日報!AO1093+日報!AO1147+日報!AO1201+日報!AO1255+日報!AO1309+日報!AO1363+日報!AO1417+日報!AO1471+日報!AO1525+日報!AO1579+日報!AO1633+日報!AO1687 -> 0 | H9: =日報!AP67+日報!AP121+日報!AP175+日報!AP229+日報!AP283+日報!AP337+日報!AP391+日報!AP445+日報!AP499+日報!AP553+日報!AP607+日報!AP661+日報!AP715+日報!AP769+日報!AP823+日報!AP877+日報!AP931+日報!AP985+日報!AP1039+日報!AP1093+日報!AP1147+日報!AP1201+日報!AP1255+日報!AP1309+日報!AP1363+日報!AP1417+日報!AP1471+日報!AP1525+日報!AP1579+日報!AP1633+日報!AP1687 -> 0 | I9: =日報!AQ67+日報!AQ121+日報!AQ175+日報!AQ229+日報!AQ283+日報!AQ337+日報!AQ391+日報!AQ445+日報!AQ499+日報!AQ553+日報!AQ607+日報!AQ661+日報!AQ715+日報!AQ769+日報!AQ823+日報!AQ877+日報!AQ931+日報!AQ985+日報!AQ1039+日報!AQ1093+日報!AQ1147+日報!AQ1201+日報!AQ1255+日報!AQ1309+日報!AQ1363+日報!AQ1417+日報!AQ1471+日報!AQ1525+日報!AQ1579+日報!AQ1633+日報!AQ1687 -> 0 | J9: =日報!AR67+日報!AR121+日報!AR175+日報!AR229+日報!AR283+日報!AR337+日報!AR391+日報!AR445+日報!AR499+日報!AR553+日報!AR607+日報!AR661+日報!AR715+日報!AR769+日報!AR823+日報!AR877+日報!AR931+日報!AR985+日報!AR1039+日報!AR1093+日報!AR1147+日報!AR1201+日報!AR1255+日報!AR1309+日報!AR1363+日報!AR1417+日報!AR1471+日報!AR1525+日報!AR1579+日報!AR1633+日報!AR1687 -> 0 | L9: =F9+G9+H9 -> 0 | M9: =I9+J9 -> 0 | N9: =L9+M9 -> 0 | O9: =(L9*1)+(M9*0.5) -> 0 | P9: =日報!AX67+日報!AX121+日報!AX175+日報!AX229+日報!AX283+日報!AX337+日報!AX391+日報!AX445+日報!AX499+日報!AX553+日報!AX607+日報!AX661+日報!AX715+日報!AX769+日報!AX823+日報!AX877+日報!AX931+日報!AX985+日報!AX1039+日報!AX1093+日報!AX1147+日報!AX1201+日報!AX1255+日報!AX1309+日報!AX1363+日報!AX1417+日報!AX1471+日報!AX1525+日報!AX1579+日報!AX1633+日報!AX1687 -> 0
C10: 航 | D10: 船
C11: B | D11: 3 | F11: =日報!AN69+日報!AN123+日報!AN177+日報!AN231+日報!AN285+日報!AN339+日報!AN393+日報!AN447+日報!AN501+日報!AN555+日報!AN609+日報!AN663+日報!AN717+日報!AN771+日報!AN825+日報!AN879+日報!AN933+日報!AN987+日報!AN1041+日報!AN1095+日報!AN1149+日報!AN1203+日報!AN1257+日報!AN1311+日報!AN1365+日報!AN1419+日報!AN1473+日報!AN1527+日報!AN1581+日報!AN1635+日報!AN1689 -> 0 | G11: =日報!AO69+日報!AO123+日報!AO177+日報!AO231+日報!AO285+日報!AO339+日報!AO393+日報!AO447+日報!AO501+日報!AO555+日報!AO609+日報!AO663+日報!AO717+日報!AO771+日報!AO825+日報!AO879+日報!AO933+日報!AO987+日報!AO1041+日報!AO1095+日報!AO1149+日報!AO1203+日報!AO1257+日報!AO1311+日報!AO1365+日報!AO1419+日報!AO1473+日報!AO1527+日報!AO1581+日報!AO1635+日報!AO1689 -> 0 | H11: =日報!AP69+日報!AP123+日報!AP177+日報!AP231+日報!AP285+日報!AP339+日報!AP393+日報!AP447+日報!AP501+日報!AP555+日報!AP609+日報!AP663+日報!AP717+日報!AP771+日報!AP825+日報!AP879+日報!AP933+日報!AP987+日報!AP1041+日報!AP1095+日報!AP1149+日報!AP1203+日報!AP1257+日報!AP1311+日報!AP1365+日報!AP1419+日報!AP1473+日報!AP1527+日報!AP1581+日報!AP1635+日報!AP1689 -> 0 | I11: =日報!AQ69+日報!AQ123+日報!AQ177+日報!AQ231+日報!AQ285+日報!AQ339+日報!AQ393+日報!AQ447+日報!AQ501+日報!AQ555+日報!AQ609+日報!AQ663+日報!AQ717+日報!AQ771+日報!AQ825+日報!AQ879+日報!AQ933+日報!AQ987+日報!AQ1041+日報!AQ1095+日報!AQ1149+日報!AQ1203+日報!AQ1257+日報!AQ1311+日報!AQ1365+日報!AQ1419+日報!AQ1473+日報!AQ1527+日報!AQ1581+日報!AQ1635+日報!AQ1689 -> 0 | J11: =日報!AR69+日報!AR123+日報!AR177+日報!AR231+日報!AR285+日報!AR339+日報!AR393+日報!AR447+日報!AR501+日報!AR555+日報!AR609+日報!AR663+日報!AR717+日報!AR771+日報!AR825+日報!AR879+日報!AR933+日報!AR987+日報!AR1041+日報!AR1095+日報!AR1149+日報!AR1203+日報!AR1257+日報!AR1311+日報!AR1365+日報!AR1419+日報!AR1473+日報!AR1527+日報!AR1581+日報!AR1635+日報!AR1689 -> 0 | L11: =F11+G11+H11 -> 0 | M11: =I11+J11 -> 0 | N11: =L11+M11 -> 0 | O11: =(L11*1)+(M11*0.5) -> 0 | P11: =日報!AX69+日報!AX123+日報!AX177+日報!AX231+日報!AX285+日報!AX339+日報!AX393+日報!AX447+日報!AX501+日報!AX555+日報!AX609+日報!AX663+日報!AX717+日報!AX771+日報!AX825+日報!AX879+日報!AX933+日報!AX987+日報!AX1041+日報!AX1095+日報!AX1149+日報!AX1203+日報!AX1257+日報!AX1311+日報!AX1365+日報!AX1419+日報!AX1473+日報!AX1527+日報!AX1581+日報!AX1635+日報!AX1689 -> 0
B13: 岩尾別 | C13: 航 | D13: 船 | F13: 一般A | G13: 団体B | H13: 学割 | I13: 小人A | J13: 小人B | L13: 大人 | M13: 子供 | N13: 合計 | O13: 換算人数 | P13: 航海数 | Q13: 岩尾別
C14: C | D14: 1 | F14: =日報!AN72+日報!AN126+日報!AN180+日報!AN234+日報!AN288+日報!AN342+日報!AN396+日報!AN450+日報!AN504+日報!AN558+日報!AN612+日報!AN666+日報!AN720+日報!AN774+日報!AN828+日報!AN882+日報!AN936+日報!AN990+日報!AN1044+日報!AN1098+日報!AN1152+日報!AN1206+日報!AN1260+日報!AN1314+日報!AN1368+日報!AN1422+日報!AN1476+日報!AN1530+日報!AN1584+日報!AN1638+日報!AN1692 -> 70 | G14: =日報!AO72+日報!AO126+日報!AO180+日報!AO234+日報!AO288+日報!AO342+日報!AO396+日報!AO450+日報!AO504+日報!AO558+日報!AO612+日報!AO666+日報!AO720+日報!AO774+日報!AO828+日報!AO882+日報!AO936+日報!AO990+日報!AO1044+日報!AO1098+日報!AO1152+日報!AO1206+日報!AO1260+日報!AO1314+日報!AO1368+日報!AO1422+日報!AO1476+日報!AO1530+日報!AO1584+日報!AO1638+日報!AO1692 -> 217 | H14: =日報!AP72+日報!AP126+日報!AP180+日報!AP234+日報!AP288+日報!AP342+日報!AP396+日報!AP450+日報!AP504+日報!AP558+日報!AP612+日報!AP666+日報!AP720+日報!AP774+日報!AP828+日報!AP882+日報!AP936+日報!AP990+日報!AP1044+日報!AP1098+日報!AP1152+日報!AP1206+日報!AP1260+日報!AP1314+日報!AP1368+日報!AP1422+日報!AP1476+日報!AP1530+日報!AP1584+日報!AP1638+日報!AP1692 -> 0 | I14: =日報!AQ72+日報!AQ126+日報!AQ180+日報!AQ234+日報!AQ288+日報!AQ342+日報!AQ396+日報!AQ450+日報!AQ504+日報!AQ558+日報!AQ612+日報!AQ666+日報!AQ720+日報!AQ774+日報!AQ828+日報!AQ882+日報!AQ936+日報!AQ990+日報!AQ1044+日報!AQ1098+日報!AQ1152+日報!AQ1206+日報!AQ1260+日報!AQ1314+日報!AQ1368+日報!AQ1422+日報!AQ1476+日報!AQ1530+日報!AQ1584+日報!AQ1638+日報!AQ1692 -> 2 | J14: =日報!AR72+日報!AR126+日報!AR180+日報!AR234+日報!AR288+日報!AR342+日報!AR396+日報!AR450+日報!AR504+日報!AR558+日報!AR612+日報!AR666+日報!AR720+日報!AR774+日報!AR828+日報!AR882+日報!AR936+日報!AR990+日報!AR1044+日報!AR1098+日報!AR1152+日報!AR1206+日報!AR1260+日報!AR1314+日報!AR1368+日報!AR1422+日報!AR1476+日報!AR1530+日報!AR1584+日報!AR1638+日報!AR1692 -> 0 | L14: =F14+G14+H14 -> 287 | M14: =I14+J14 -> 2 | N14: =L14+M14 -> 289 | O14: =(L14*1)+(M14*0.5) -> 288 | P14: =日報!AX72+日報!AX126+日報!AX180+日報!AX234+日報!AX288+日報!AX342+日報!AX396+日報!AX450+日報!AX504+日報!AX558+日報!AX612+日報!AX666+日報!AX720+日報!AX774+日報!AX828+日報!AX882+日報!AX936+日報!AX990+日報!AX1044+日報!AX1098+日報!AX1152+日報!AX1206+日報!AX1260+日報!AX1314+日報!AX1368+日報!AX1422+日報!AX1476+日報!AX1530+日報!AX1584+日報!AX1638+日報!AX1692 -> 5
C15: 航 | D15: 船
C16: C | D16: 3 | F16: =日報!AN74+日報!AN128+日報!AN182+日報!AN236+日報!AN290+日報!AN344+日報!AN398+日報!AN452+日報!AN506+日報!AN560+日報!AN614+日報!AN668+日報!AN722+日報!AN776+日報!AN830+日報!AN884+日報!AN938+日報!AN992+日報!AN1046+日報!AN1100+日報!AN1154+日報!AN1208+日報!AN1262+日報!AN1316+日報!AN1370+日報!AN1424+日報!AN1478+日報!AN1532+日報!AN1586+日報!AN1640+日報!AN1694 -> 0 | G16: =日報!AO74+日報!AO128+日報!AO182+日報!AO236+日報!AO290+日報!AO344+日報!AO398+日報!AO452+日報!AO506+日報!AO560+日報!AO614+日報!AO668+日報!AO722+日報!AO776+日報!AO830+日報!AO884+日報!AO938+日報!AO992+日報!AO1046+日報!AO1100+日報!AO1154+日報!AO1208+日報!AO1262+日報!AO1316+日報!AO1370+日報!AO1424+日報!AO1478+日報!AO1532+日報!AO1586+日報!AO1640+日報!AO1694 -> 0 | H16: =日報!AP74+日報!AP128+日報!AP182+日報!AP236+日報!AP290+日報!AP344+日報!AP398+日報!AP452+日報!AP506+日報!AP560+日報!AP614+日報!AP668+日報!AP722+日報!AP776+日報!AP830+日報!AP884+日報!AP938+日報!AP992+日報!AP1046+日報!AP1100+日報!AP1154+日報!AP1208+日報!AP1262+日報!AP1316+日報!AP1370+日報!AP1424+日報!AP1478+日報!AP1532+日報!AP1586+日報!AP1640+日報!AP1694 -> 0 | I16: =日報!AQ74+日報!AQ128+日報!AQ182+日報!AQ236+日報!AQ290+日報!AQ344+日報!AQ398+日報!AQ452+日報!AQ506+日報!AQ560+日報!AQ614+日報!AQ668+日報!AQ722+日報!AQ776+日報!AQ830+日報!AQ884+日報!AQ938+日報!AQ992+日報!AQ1046+日報!AQ1100+日報!AQ1154+日報!AQ1208+日報!AQ1262+日報!AQ1316+日報!AQ1370+日報!AQ1424+日報!AQ1478+日報!AQ1532+日報!AQ1586+日報!AQ1640+日報!AQ1694 -> 0 | J16: =日報!AR74+日報!AR128+日報!AR182+日報!AR236+日報!AR290+日報!AR344+日報!AR398+日報!AR452+日報!AR506+日報!AR560+日報!AR614+日報!AR668+日報!AR722+日報!AR776+日報!AR830+日報!AR884+日報!AR938+日報!AR992+日報!AR1046+日報!AR1100+日報!AR1154+日報!AR1208+日報!AR1262+日報!AR1316+日報!AR1370+日報!AR1424+日報!AR1478+日報!AR1532+日報!AR1586+日報!AR1640+日報!AR1694 -> 0 | L16: =F16+G16+H16 -> 0 | M16: =I16+J16 -> 0 | N16: =L16+M16 -> 0 | O16: =(L16*1)+(M16*0.5) -> 0 | P16: =日報!AX74+日報!AX128+日報!AX182+日報!AX236+日報!AX290+日報!AX344+日報!AX398+日報!AX452+日報!AX506+日報!AX560+日報!AX614+日報!AX668+日報!AX722+日報!AX776+日報!AX830+日報!AX884+日報!AX938+日報!AX992+日報!AX1046+日報!AX1100+日報!AX1154+日報!AX1208+日報!AX1262+日報!AX1316+日報!AX1370+日報!AX1424+日報!AX1478+日報!AX1532+日報!AX1586+日報!AX1640+日報!AX1694 -> 0
B18: 知床岬 | C18: 航 | D18: 船 | F18: 一般A | G18: 団体B | H18: 学割 | I18: 小人A | J18: 小人B | L18: 大人 | M18: 子供 | N18: 合計 | O18: 換算人数 | P18: 航海数 | Q18: 知床岬
C19: D | D19: 1 | F19: =日報!AN77+日報!AN131+日報!AN185+日報!AN239+日報!AN293+日報!AN347+日報!AN401+日報!AN455+日報!AN509+日報!AN563+日報!AN617+日報!AN671+日報!AN725+日報!AN779+日報!AN833+日報!AN887+日報!AN941+日報!AN995+日報!AN1049+日報!AN1103+日報!AN1157+日報!AN1211+日報!AN1265+日報!AN1319+日報!AN1373+日報!AN1427+日報!AN1481+日報!AN1535+日報!AN1589+日報!AN1643+日報!AN1697 -> 60 | G19: =日報!AO77+日報!AO131+日報!AO185+日報!AO239+日報!AO293+日報!AO347+日報!AO401+日報!AO455+日報!AO509+日報!AO563+日報!AO617+日報!AO671+日報!AO725+日報!AO779+日報!AO833+日報!AO887+日報!AO941+日報!AO995+日報!AO1049+日報!AO1103+日報!AO1157+日報!AO1211+日報!AO1265+日報!AO1319+日報!AO1373+日報!AO1427+日報!AO1481+日報!AO1535+日報!AO1589+日報!AO1643+日報!AO1697 -> 9 | H19: =日報!AP77+日報!AP131+日報!AP185+日報!AP239+日報!AP293+日報!AP347+日報!AP401+日報!AP455+日報!AP509+日報!AP563+日報!AP617+日報!AP671+日報!AP725+日報!AP779+日報!AP833+日報!AP887+日報!AP941+日報!AP995+日報!AP1049+日報!AP1103+日報!AP1157+日報!AP1211+日報!AP1265+日報!AP1319+日報!AP1373+日報!AP1427+日報!AP1481+日報!AP1535+日報!AP1589+日報!AP1643+日報!AP1697 -> 0 | I19: =日報!AQ77+日報!AQ131+日報!AQ185+日報!AQ239+日報!AQ293+日報!AQ347+日報!AQ401+日報!AQ455+日報!AQ509+日報!AQ563+日報!AQ617+日報!AQ671+日報!AQ725+日報!AQ779+日報!AQ833+日報!AQ887+日報!AQ941+日報!AQ995+日報!AQ1049+日報!AQ1103+日報!AQ1157+日報!AQ1211+日報!AQ1265+日報!AQ1319+日報!AQ1373+日報!AQ1427+日報!AQ1481+日報!AQ1535+日報!AQ1589+日報!AQ1643+日報!AQ1697 -> 2 | J19: =日報!AR77+日報!AR131+日報!AR185+日報!AR239+日報!AR293+日報!AR347+日報!AR401+日報!AR455+日報!AR509+日報!AR563+日報!AR617+日報!AR671+日報!AR725+日報!AR779+日報!AR833+日報!AR887+日報!AR941+日報!AR995+日報!AR1049+日報!AR1103+日報!AR1157+日報!AR1211+日報!AR1265+日報!AR1319+日報!AR1373+日報!AR1427+日報!AR1481+日報!AR1535+日報!AR1589+日報!AR1643+日報!AR1697 -> 0 | L19: =F19+G19+H19 -> 69 | M19: =I19+J19 -> 2 | N19: =L19+M19 -> 71 | O19: =(L19*1)+(M19*0.5) -> 70 | P19: =日報!AX77+日報!AX131+日報!AX185+日報!AX239+日報!AX293+日報!AX347+日報!AX401+日報!AX455+日報!AX509+日報!AX563+日報!AX617+日報!AX671+日報!AX725+日報!AX779+日報!AX833+日報!AX887+日報!AX941+日報!AX995+日報!AX1049+日報!AX1103+日報!AX1157+日報!AX1211+日報!AX1265+日報!AX1319+日報!AX1373+日報!AX1427+日報!AX1481+日報!AX1535+日報!AX1589+日報!AX1643+日報!AX1697 -> 1
C20: 航 | D20: 船
C21: D | D21: 3 | F21: =日報!AN79+日報!AN133+日報!AN187+日報!AN241+日報!AN295+日報!AN349+日報!AN403+日報!AN457+日報!AN511+日報!AN565+日報!AN619+日報!AN673+日報!AN727+日報!AN781+日報!AN835+日報!AN889+日報!AN943+日報!AN997+日報!AN1051+日報!AN1105+日報!AN1159+日報!AN1213+日報!AN1267+日報!AN1321+日報!AN1375+日報!AN1429+日報!AN1483+日報!AN1537+日報!AN1591+日報!AN1645+日報!AN1699 -> 0 | G21: =日報!AO79+日報!AO133+日報!AO187+日報!AO241+日報!AO295+日報!AO349+日報!AO403+日報!AO457+日報!AO511+日報!AO565+日報!AO619+日報!AO673+日報!AO727+日報!AO781+日報!AO835+日報!AO889+日報!AO943+日報!AO997+日報!AO1051+日報!AO1105+日報!AO1159+日報!AO1213+日報!AO1267+日報!AO1321+日報!AO1375+日報!AO1429+日報!AO1483+日報!AO1537+日報!AO1591+日報!AO1645+日報!AO1699 -> 0 | H21: =日報!AP79+日報!AP133+日報!AP187+日報!AP241+日報!AP295+日報!AP349+日報!AP403+日報!AP457+日報!AP511+日報!AP565+日報!AP619+日報!AP673+日報!AP727+日報!AP781+日報!AP835+日報!AP889+日報!AP943+日報!AP997+日報!AP1051+日報!AP1105+日報!AP1159+日報!AP1213+日報!AP1267+日報!AP1321+日報!AP1375+日報!AP1429+日報!AP1483+日報!AP1537+日報!AP1591+日報!AP1645+日報!AP1699 -> 0 | I21: =日報!AQ79+日報!AQ133+日報!AQ187+日報!AQ241+日報!AQ295+日報!AQ349+日報!AQ403+日報!AQ457+日報!AQ511+日報!AQ565+日報!AQ619+日報!AQ673+日報!AQ727+日報!AQ781+日報!AQ835+日報!AQ889+日報!AQ943+日報!AQ997+日報!AQ1051+日報!AQ1105+日報!AQ1159+日報!AQ1213+日報!AQ1267+日報!AQ1321+日報!AQ1375+日報!AQ1429+日報!AQ1483+日報!AQ1537+日報!AQ1591+日報!AQ1645+日報!AQ1699 -> 0 | J21: =日報!AR79+日報!AR133+日報!AR187+日報!AR241+日報!AR295+日報!AR349+日報!AR403+日報!AR457+日報!AR511+日報!AR565+日報!AR619+日報!AR673+日報!AR727+日報!AR781+日報!AR835+日報!AR889+日報!AR943+日報!AR997+日報!AR1051+日報!AR1105+日報!AR1159+日報!AR1213+日報!AR1267+日報!AR1321+日報!AR1375+日報!AR1429+日報!AR1483+日報!AR1537+日報!AR1591+日報!AR1645+日報!AR1699 -> 0 | L21: =F21+G21+H21 -> 0 | M21: =I21+J21 -> 0 | N21: =L21+M21 -> 0 | O21: =(L21*1)+(M21*0.5) -> 0 | P21: =日報!AX79+日報!AX133+日報!AX187+日報!AX241+日報!AX295+日報!AX349+日報!AX403+日報!AX457+日報!AX511+日報!AX565+日報!AX619+日報!AX673+日報!AX727+日報!AX781+日報!AX835+日報!AX889+日報!AX943+日報!AX997+日報!AX1051+日報!AX1105+日報!AX1159+日報!AX1213+日報!AX1267+日報!AX1321+日報!AX1375+日報!AX1429+日報!AX1483+日報!AX1537+日報!AX1591+日報!AX1645+日報!AX1699 -> 0
B23: カシュニ | C23: 航 | D23: 船 | F23: 一般A | G23: 団体B | H23: 学割 | I23: 小人A | J23: 小人B | L23: 大人 | M23: 子供 | N23: 合計 | O23: 換算人数 | P23: 航海数 | Q23: カシュニ
C24: E | D24: 1 | F24: =日報!AN82+日報!AN136+日報!AN190+日報!AN244+日報!AN298+日報!AN352+日報!AN406+日報!AN460+日報!AN514+日報!AN568+日報!AN622+日報!AN676+日報!AN730+日報!AN784+日報!AN838+日報!AN892+日報!AN946+日報!AN1000+日報!AN1054+日報!AN1108+日報!AN1162+日報!AN1216+日報!AN1270+日報!AN1324+日報!AN1378+日報!AN1432+日報!AN1486+日報!AN1540+日報!AN1594+日報!AN1648+日報!AN1702 -> 0 | G24: =日報!AO82+日報!AO136+日報!AO190+日報!AO244+日報!AO298+日報!AO352+日報!AO406+日報!AO460+日報!AO514+日報!AO568+日報!AO622+日報!AO676+日報!AO730+日報!AO784+日報!AO838+日報!AO892+日報!AO946+日報!AO1000+日報!AO1054+日報!AO1108+日報!AO1162+日報!AO1216+日報!AO1270+日報!AO1324+日報!AO1378+日報!AO1432+日報!AO1486+日報!AO1540+日報!AO1594+日報!AO1648+日報!AO1702 -> 0 | H24: =日報!AP82+日報!AP136+日報!AP190+日報!AP244+日報!AP298+日報!AP352+日報!AP406+日報!AP460+日報!AP514+日報!AP568+日報!AP622+日報!AP676+日報!AP730+日報!AP784+日報!AP838+日報!AP892+日報!AP946+日報!AP1000+日報!AP1054+日報!AP1108+日報!AP1162+日報!AP1216+日報!AP1270+日報!AP1324+日報!AP1378+日報!AP1432+日報!AP1486+日報!AP1540+日報!AP1594+日報!AP1648+日報!AP1702 -> 0 | I24: =日報!AQ82+日報!AQ136+日報!AQ190+日報!AQ244+日報!AQ298+日報!AQ352+日報!AQ406+日報!AQ460+日報!AQ514+日報!AQ568+日報!AQ622+日報!AQ676+日報!AQ730+日報!AQ784+日報!AQ838+日報!AQ892+日報!AQ946+日報!AQ1000+日報!AQ1054+日報!AQ1108+日報!AQ1162+日報!AQ1216+日報!AQ1270+日報!AQ1324+日報!AQ1378+日報!AQ1432+日報!AQ1486+日報!AQ1540+日報!AQ1594+日報!AQ1648+日報!AQ1702 -> 0 | J24: =日報!AR82+日報!AR136+日報!AR190+日報!AR244+日報!AR298+日報!AR352+日報!AR406+日報!AR460+日報!AR514+日報!AR568+日報!AR622+日報!AR676+日報!AR730+日報!AR784+日報!AR838+日報!AR892+日報!AR946+日報!AR1000+日報!AR1054+日報!AR1108+日報!AR1162+日報!AR1216+日報!AR1270+日報!AR1324+日報!AR1378+日報!AR1432+日報!AR1486+日報!AR1540+日報!AR1594+日報!AR1648+日報!AR1702 -> 0 | L24: =F24+G24+H24 -> 0 | M24: =I24+J24 -> 0 | N24: =L24+M24 -> 0 | O24: =(L24*1)+(M24*0.5) -> 0 | P24: =日報!AX82+日報!AX136+日報!AX190+日報!AX244+日報!AX298+日報!AX352+日報!AX406+日報!AX460+日報!AX514+日報!AX568+日報!AX622+日報!AX676+日報!AX730+日報!AX784+日報!AX838+日報!AX892+日報!AX946+日報!AX1000+日報!AX1054+日報!AX1108+日報!AX1162+日報!AX1216+日報!AX1270+日報!AX1324+日報!AX1378+日報!AX1432+日報!AX1486+日報!AX1540+日報!AX1594+日報!AX1648+日報!AX1702 -> 0
C25: 航 | D25: 船
C26: E | D26: 3 | F26: =日報!AN84+日報!AN138+日報!AN192+日報!AN246+日報!AN300+日報!AN354+日報!AN408+日報!AN462+日報!AN516+日報!AN570+日報!AN624+日報!AN678+日報!AN732+日報!AN786+日報!AN840+日報!AN894+日報!AN948+日報!AN1002+日報!AN1056+日報!AN1110+日報!AN1164+日報!AN1218+日報!AN1272+日報!AN1326+日報!AN1380+日報!AN1434+日報!AN1488+日報!AN1542+日報!AN1596+日報!AN1650+日報!AN1704 -> 478 | G26: =日報!AO84+日報!AO138+日報!AO192+日報!AO246+日報!AO300+日報!AO354+日報!AO408+日報!AO462+日報!AO516+日報!AO570+日報!AO624+日報!AO678+日報!AO732+日報!AO786+日報!AO840+日報!AO894+日報!AO948+日報!AO1002+日報!AO1056+日報!AO1110+日報!AO1164+日報!AO1218+日報!AO1272+日報!AO1326+日報!AO1380+日報!AO1434+日報!AO1488+日報!AO1542+日報!AO1596+日報!AO1650+日報!AO1704 -> 122 | H26: =日報!AP84+日報!AP138+日報!AP192+日報!AP246+日報!AP300+日報!AP354+日報!AP408+日報!AP462+日報!AP516+日報!AP570+日報!AP624+日報!AP678+日報!AP732+日報!AP786+日報!AP840+日報!AP894+日報!AP948+日報!AP1002+日報!AP1056+日報!AP1110+日報!AP1164+日報!AP1218+日報!AP1272+日報!AP1326+日報!AP1380+日報!AP1434+日報!AP1488+日報!AP1542+日報!AP1596+日報!AP1650+日報!AP1704 -> 0 | I26: =日報!AQ84+日報!AQ138+日報!AQ192+日報!AQ246+日報!AQ300+日報!AQ354+日報!AQ408+日報!AQ462+日報!AQ516+日報!AQ570+日報!AQ624+日報!AQ678+日報!AQ732+日報!AQ786+日報!AQ840+日報!AQ894+日報!AQ948+日報!AQ1002+日報!AQ1056+日報!AQ1110+日報!AQ1164+日報!AQ1218+日報!AQ1272+日報!AQ1326+日報!AQ1380+日報!AQ1434+日報!AQ1488+日報!AQ1542+日報!AQ1596+日報!AQ1650+日報!AQ1704 -> 29 | J26: =日報!AR84+日報!AR138+日報!AR192+日報!AR246+日報!AR300+日報!AR354+日報!AR408+日報!AR462+日報!AR516+日報!AR570+日報!AR624+日報!AR678+日報!AR732+日報!AR786+日報!AR840+日報!AR894+日報!AR948+日報!AR1002+日報!AR1056+日報!AR1110+日報!AR1164+日報!AR1218+日報!AR1272+日報!AR1326+日報!AR1380+日報!AR1434+日報!AR1488+日報!AR1542+日報!AR1596+日報!AR1650+日報!AR1704 -> 54 | L26: =F26+G26+H26 -> 600 | M26: =I26+J26 -> 83 | N26: =L26+M26 -> 683 | O26: =(L26*1)+(M26*0.5) -> 641.5 | P26: =日報!AX84+日報!AX138+日報!AX192+日報!AX246+日報!AX300+日報!AX354+日報!AX408+日報!AX462+日報!AX516+日報!AX570+日報!AX624+日報!AX678+日報!AX732+日報!AX786+日報!AX840+日報!AX894+日報!AX948+日報!AX1002+日報!AX1056+日報!AX1110+日報!AX1164+日報!AX1218+日報!AX1272+日報!AX1326+日報!AX1380+日報!AX1434+日報!AX1488+日報!AX1542+日報!AX1596+日報!AX1650+日報!AX1704 -> 27
B28: フレペ | C28: 航 | D28: 船 | F28: 一般A | G28: 団体B | H28: 学割 | I28: 小人A | J28: 小人B | L28: 大人 | M28: 子供 | N28: 合計 | O28: 換算人数 | P28: 航海数 | Q28: フレペ
C29: F | D29: 1 | F29: =日報!AN87+日報!AN141+日報!AN195+日報!AN249+日報!AN303+日報!AN357+日報!AN411+日報!AN465+日報!AN519+日報!AN573+日報!AN627+日報!AN681+日報!AN735+日報!AN789+日報!AN843+日報!AN897+日報!AN951+日報!AN1005+日報!AN1059+日報!AN1113+日報!AN1167+日報!AN1221+日報!AN1275+日報!AN1329+日報!AN1383+日報!AN1437+日報!AN1491+日報!AN1545+日報!AN1599+日報!AN1653+日報!AN1707 -> 0 | G29: =日報!AO87+日報!AO141+日報!AO195+日報!AO249+日報!AO303+日報!AO357+日報!AO411+日報!AO465+日報!AO519+日報!AO573+日報!AO627+日報!AO681+日報!AO735+日報!AO789+日報!AO843+日報!AO897+日報!AO951+日報!AO1005+日報!AO1059+日報!AO1113+日報!AO1167+日報!AO1221+日報!AO1275+日報!AO1329+日報!AO1383+日報!AO1437+日報!AO1491+日報!AO1545+日報!AO1599+日報!AO1653+日報!AO1707 -> 0 | H29: =日報!AP87+日報!AP141+日報!AP195+日報!AP249+日報!AP303+日報!AP357+日報!AP411+日報!AP465+日報!AP519+日報!AP573+日報!AP627+日報!AP681+日報!AP735+日報!AP789+日報!AP843+日報!AP897+日報!AP951+日報!AP1005+日報!AP1059+日報!AP1113+日報!AP1167+日報!AP1221+日報!AP1275+日報!AP1329+日報!AP1383+日報!AP1437+日報!AP1491+日報!AP1545+日報!AP1599+日報!AP1653+日報!AP1707 -> 0 | I29: =日報!AQ87+日報!AQ141+日報!AQ195+日報!AQ249+日報!AQ303+日報!AQ357+日報!AQ411+日報!AQ465+日報!AQ519+日報!AQ573+日報!AQ627+日報!AQ681+日報!AQ735+日報!AQ789+日報!AQ843+日報!AQ897+日報!AQ951+日報!AQ1005+日報!AQ1059+日報!AQ1113+日報!AQ1167+日報!AQ1221+日報!AQ1275+日報!AQ1329+日報!AQ1383+日報!AQ1437+日報!AQ1491+日報!AQ1545+日報!AQ1599+日報!AQ1653+日報!AQ1707 -> 0 | J29: =日報!AR87+日報!AR141+日報!AR195+日報!AR249+日報!AR303+日報!AR357+日報!AR411+日報!AR465+日報!AR519+日報!AR573+日報!AR627+日報!AR681+日報!AR735+日報!AR789+日報!AR843+日報!AR897+日報!AR951+日報!AR1005+日報!AR1059+日報!AR1113+日報!AR1167+日報!AR1221+日報!AR1275+日報!AR1329+日報!AR1383+日報!AR1437+日報!AR1491+日報!AR1545+日報!AR1599+日報!AR1653+日報!AR1707 -> 0 | L29: =F29+G29+H29 -> 0 | M29: =I29+J29 -> 0 | N29: =L29+M29 -> 0 | O29: =(L29*1)+(M29*0.5) -> 0 | P29: =日報!AX87+日報!AX141+日報!AX195+日報!AX249+日報!AX303+日報!AX357+日報!AX411+日報!AX465+日報!AX519+日報!AX573+日報!AX627+日報!AX681+日報!AX735+日報!AX789+日報!AX843+日報!AX897+日報!AX951+日報!AX1005+日報!AX1059+日報!AX1113+日報!AX1167+日報!AX1221+日報!AX1275+日報!AX1329+日報!AX1383+日報!AX1437+日報!AX1491+日報!AX1545+日報!AX1599+日報!AX1653+日報!AX1707 -> 0
C30: 航 | D30: 船
C31: F | D31: 3 | F31: =日報!AN89+日報!AN143+日報!AN197+日報!AN251+日報!AN305+日報!AN359+日報!AN413+日報!AN467+日報!AN521+日報!AN575+日報!AN629+日報!AN683+日報!AN737+日報!AN791+日報!AN845+日報!AN899+日報!AN953+日報!AN1007+日報!AN1061+日報!AN1115+日報!AN1169+日報!AN1223+日報!AN1277+日報!AN1331+日報!AN1385+日報!AN1439+日報!AN1493+日報!AN1547+日報!AN1601+日報!AN1655+日報!AN1709 -> 0 | G31: =日報!AO89+日報!AO143+日報!AO197+日報!AO251+日報!AO305+日報!AO359+日報!AO413+日報!AO467+日報!AO521+日報!AO575+日報!AO629+日報!AO683+日報!AO737+日報!AO791+日報!AO845+日報!AO899+日報!AO953+日報!AO1007+日報!AO1061+日報!AO1115+日報!AO1169+日報!AO1223+日報!AO1277+日報!AO1331+日報!AO1385+日報!AO1439+日報!AO1493+日報!AO1547+日報!AO1601+日報!AO1655+日報!AO1709 -> 0 | H31: =日報!AP89+日報!AP143+日報!AP197+日報!AP251+日報!AP305+日報!AP359+日報!AP413+日報!AP467+日報!AP521+日報!AP575+日報!AP629+日報!AP683+日報!AP737+日報!AP791+日報!AP845+日報!AP899+日報!AP953+日報!AP1007+日報!AP1061+日報!AP1115+日報!AP1169+日報!AP1223+日報!AP1277+日報!AP1331+日報!AP1385+日報!AP1439+日報!AP1493+日報!AP1547+日報!AP1601+日報!AP1655+日報!AP1709 -> 0 | I31: =日報!AQ89+日報!AQ143+日報!AQ197+日報!AQ251+日報!AQ305+日報!AQ359+日報!AQ413+日報!AQ467+日報!AQ521+日報!AQ575+日報!AQ629+日報!AQ683+日報!AQ737+日報!AQ791+日報!AQ845+日報!AQ899+日報!AQ953+日報!AQ1007+日報!AQ1061+日報!AQ1115+日報!AQ1169+日報!AQ1223+日報!AQ1277+日報!AQ1331+日報!AQ1385+日報!AQ1439+日報!AQ1493+日報!AQ1547+日報!AQ1601+日報!AQ1655+日報!AQ1709 -> 0 | J31: =日報!AR89+日報!AR143+日報!AR197+日報!AR251+日報!AR305+日報!AR359+日報!AR413+日報!AR467+日報!AR521+日報!AR575+日報!AR629+日報!AR683+日報!AR737+日報!AR791+日報!AR845+日報!AR899+日報!AR953+日報!AR1007+日報!AR1061+日報!AR1115+日報!AR1169+日報!AR1223+日報!AR1277+日報!AR1331+日報!AR1385+日報!AR1439+日報!AR1493+日報!AR1547+日報!AR1601+日報!AR1655+日報!AR1709 -> 0 | L31: =F31+G31+H31 -> 0 | M31: =I31+J31 -> 0 | N31: =L31+M31 -> 0 | O31: =(L31*1)+(M31*0.5) -> 0 | P31: =日報!AX89+日報!AX143+日報!AX197+日報!AX251+日報!AX305+日報!AX359+日報!AX413+日報!AX467+日報!AX521+日報!AX575+日報!AX629+日報!AX683+日報!AX737+日報!AX791+日報!AX845+日報!AX899+日報!AX953+日報!AX1007+日報!AX1061+日報!AX1115+日報!AX1169+日報!AX1223+日報!AX1277+日報!AX1331+日報!AX1385+日報!AX1439+日報!AX1493+日報!AX1547+日報!AX1601+日報!AX1655+日報!AX1709 -> 0
B33: おーろら | L33: =L4+L9+L14+L19+L24+L29 -> 3563 | M33: =M4+M9+M14+M19+M24+M29 -> 51 | N33: =N4+N9+N14+N19+N24+N29 -> 3614 | O33: =O4+O9+O14+O19+O24+O29 -> 3588.5 | P33: =P4+P9+P14+P19+P24+P29 -> 64 | Q33: おーろら
B35: おーろら3 | L35: =L6+L11+L16+L21+L26+L31 -> 709 | M35: =M6+M11+M16+M21+M26+M31 -> 86 | N35: =N6+N11+N16+N21+N26+N31 -> 795 | O35: =O6+O11+O16+O21+O26+O31 -> 752 | P35: =P6+P11+P16+P21+P26+P31 -> 33 | Q35: おーろら2
B37: 月累計 | F37: =F4+F6+F9+F11+F14+F16+F19+F21+F24+F26 -> 1766 | G37: =G4+G6+G9+G11+G14+G16+G19+G21+G24+G26 -> 2448 | H37: =H4+H6+H9+H11+H14+H16+H19+H21+H24+H26 -> 58 | I37: =I4+I6+I9+I11+I14+I16+I19+I21+I24+I26 -> 71 | J37: =J4+J6+J9+J11+J14+J16+J19+J21+J24+J26 -> 66 | L37: =L4+L6+L9+L11+L14+L16+L19+L21+L24+L26+L29+L31 -> 4272 | M37: =M4+M6+M9+M11+M14+M16+M19+M21+M24+M26+M29+M31 -> 137 | N37: =N4+N6+N9+N11+N14+N16+N19+N21+N24+N26+N29+N31 -> 4409 | O37: =O4+O6+O9+O11+O14+O16+O19+O21+O24+O26+O29+O31 -> 4340.5 | P37: =P4+P6+P9+P11+P14+P16+P19+P21+P24+P26+P29+P31 -> 97 | Q37: 月累計

Sheet 平均乗船人数
A1: 平均乗船人数 | I1: 1 | J1: 4 | K1: カ
B2: =IFERROR(B5/COUNT(B7:B37),"0") -> 66.387097 | C2: =IFERROR(C5/COUNT(C7:C37),"0") -> 30.774194 | D2: =IFERROR(D5/COUNT(D7:D37),"0") -> 2.6451613 | E2: =IFERROR(E5/COUNT(E7:E37),"0") -> 40.129032 | F2: =IFERROR(F5/COUNT(F7:F37),"0") -> 0 | G2: =IFERROR(G5/COUNT(G7:G37),"0") -> 2.2903226 | H2: =IFERROR(H5/COUNT(H7:H37),"0") -> 0 | I2: 2 | J2: 5 | K2: C
A3: =日報!S57 -> 46143 | B3: カムイワッカの滝・水晶・岩尾別 | G3: 知床岬・カシュニ | I3: 3 | J3: 岬 | K3: O | O3: 日報! | P3: :
B4: 1便 | C4: 2便 | D4: 3便 | E4: 4便 | F4: 5便 | G4: 岬1便 | H4: 岬2便 | I4: カムイワッカ | K4: 知床岬・カシュニ | O4: カムイワッカ | R4: 岬
A5: 合計人数 | B5: =SUM(B7:B37) -> 2058 | C5: =SUM(C7:C37) -> 954 | D5: =SUM(D7:D37) -> 82 | E5: =SUM(E7:E37) -> 1244 | F5: =SUM(F7:F37) -> 0 | G5: =SUM(G7:G37) -> 71 | H5: =SUM(H7:H37) -> 0 | V5: =SUM(B5:H5) -> 4409
A6: 日平均 | B6: =IFERROR(B5/COUNTIF(B7:B37,">1"),"0") -> 82.32 | C6: =IFERROR(C5/COUNTIF(C7:C37,">1"),"0") -> 43.363636 | D6: =IFERROR(D5/COUNTIF(D7:D37,">1"),"0") -> 16.4 | E6: =IFERROR(E5/COUNTIF(E7:E37,">1"),"0") -> 69.111111 | F6: =IFERROR(F5/COUNTIF(F7:F37,">1"),"0") -> 0 | G6: =IFERROR(G5/COUNTIF(G7:G37,">1"),"0") -> 71 | H6: =IFERROR(H5/COUNTIF(H7:H37,">1"),"0") -> 0 | V6: =SUM(B6:H6) -> 282.19475
A7: 1日 | B7: =SUMIF(INDIRECT($I7),$I$1,INDIRECT($J7)) -> 64 | C7: =SUMIF(INDIRECT($I7),$I$2,INDIRECT($J7)) -> 0 | D7: =SUMIF(INDIRECT($I7),$I$3,INDIRECT($J7)) -> 0 | E7: =SUMIF(INDIRECT($I7),$J$1,INDIRECT($J7)) -> 0 | F7: =SUMIF(INDIRECT($I7),$J$2,INDIRECT($J7)) -> 0 | G7: =SUMIF(INDIRECT($K7),$J$3,INDIRECT($L7))+SUMIF(INDIRECT($K7),$K$1,INDIRECT($L7)) -> 71 | H7: =SUMIF(INDIRECT($M7),$J$3,INDIRECT($N7))+SUMIF(INDIRECT($M7),$K$1,INDIRECT($N7)) -> 0 | I7: =CONCATENATE($O$3,$K$2,$O7,$P$3,$K$2,$P7) -> 日報!C62:C75 | J7: =CONCATENATE($O$3,$K$3,$O7,$P$3,$K$3,$P7) -> 日報!O62:O75 | K7: =CONCATENATE($O$3,$K$2,$R7,$P$3,$K$2,$S7) -> 日報!C62:C64 | L7: =CONCATENATE($O$3,$K$3,$R7,$P$3,$K$3,$S7) -> 日報!O62:O64 | M7: =CONCATENATE($O$3,$K$2,$T7,$P$3,$K$2,$U7) -> 日報!C65:C75 | N7: =CONCATENATE($O$3,$K$3,$T7,$P$3,$K$3,$U7) -> 日報!O65:O75 | O7: 62 | P7: 75 | R7: 62 | S7: 64 | T7: 65 | U7: 75 | V7: =SUM(B7:H7) -> 135
A8: 2日 | B8: =SUMIF(INDIRECT($I8),$I$1,INDIRECT($J8)) -> 0 | C8: =SUMIF(INDIRECT($I8),$I$2,INDIRECT($J8)) -> 0 | D8: =SUMIF(INDIRECT($I8),$I$3,INDIRECT($J8)) -> 0 | E8: =SUMIF(INDIRECT($I8),$J$1,INDIRECT($J8)) -> 0 | F8: =SUMIF(INDIRECT($I8),$J$2,INDIRECT($J8)) -> 0 | G8: =SUMIF(INDIRECT($K8),$J$3,INDIRECT($L8))+SUMIF(INDIRECT($K8),$K$1,INDIRECT($L8)) -> 0 | H8: =SUMIF(INDIRECT($M8),$J$3,INDIRECT($N8))+SUMIF(INDIRECT($M8),$K$1,INDIRECT($N8)) -> 0 | I8: =CONCATENATE($O$3,$K$2,$O8,$P$3,$K$2,$P8) -> 日報!C116:C129 | J8: =CONCATENATE($O$3,$K$3,$O8,$P$3,$K$3,$P8) -> 日報!O116:O129 | K8: =CONCATENATE($O$3,$K$2,$R8,$P$3,$K$2,$S8) -> 日報!C116:C118 | L8: =CONCATENATE($O$3,$K$3,$R8,$P$3,$K$3,$S8) -> 日報!O116:O118 | M8: =CONCATENATE($O$3,$K$2,$T8,$P$3,$K$2,$U8) -> 日報!C119:C129 | N8: =CONCATENATE($O$3,$K$3,$T8,$P$3,$K$3,$U8) -> 日報!O119:O129 | O8: =SUM(O7+Q8) -> 116 | P8: =SUM(P7+Q8) -> 129 | Q8: 54 | R8: =SUM(R7+$Q8) -> 116 | S8: =SUM(S7+$Q8) -> 118 | T8: =SUM(T7+$Q8) -> 119 | U8: =SUM(U7+$Q8) -> 129 | V8: =SUM(B8:H8) -> 0
A9: 3日 | B9: =SUMIF(INDIRECT($I9),$I$1,INDIRECT($J9)) -> 0 | C9: =SUMIF(INDIRECT($I9),$I$2,INDIRECT($J9)) -> 0 | D9: =SUMIF(INDIRECT($I9),$I$3,INDIRECT($J9)) -> 0 | E9: =SUMIF(INDIRECT($I9),$J$1,INDIRECT($J9)) -> 0 | F9: =SUMIF(INDIRECT($I9),$J$2,INDIRECT($J9)) -> 0 | G9: =SUMIF(INDIRECT($K9),$J$3,INDIRECT($L9))+SUMIF(INDIRECT($K9),$K$1,INDIRECT($L9)) -> 0 | H9: =SUMIF(INDIRECT($M9),$J$3,INDIRECT($N9))+SUMIF(INDIRECT($M9),$K$1,INDIRECT($N9)) -> 0 | I9: =CONCATENATE($O$3,$K$2,$O9,$P$3,$K$2,$P9) -> 日報!C170:C183 | J9: =CONCATENATE($O$3,$K$3,$O9,$P$3,$K$3,$P9) -> 日報!O170:O183 | K9: =CONCATENATE($O$3,$K$2,$R9,$P$3,$K$2,$S9) -> 日報!C170:C172 | L9: =CONCATENATE($O$3,$K$3,$R9,$P$3,$K$3,$S9) -> 日報!O170:O172 | M9: =CONCATENATE($O$3,$K$2,$T9,$P$3,$K$2,$U9) -> 日報!C173:C183 | N9: =CONCATENATE($O$3,$K$3,$T9,$P$3,$K$3,$U9) -> 日報!O173:O183 | O9: =SUM(O8+Q9) -> 170 | P9: =SUM(P8+Q9) -> 183 | Q9: 54 | R9: =SUM(R8+$Q9) -> 170 | S9: =SUM(S8+$Q9) -> 172 | T9: =SUM(T8+$Q9) -> 173 | U9: =SUM(U8+$Q9) -> 183 | V9: =SUM(B9:H9) -> 0
A10: 4日 | B10: =SUMIF(INDIRECT($I10),$I$1,INDIRECT($J10)) -> 0 | C10: =SUMIF(INDIRECT($I10),$I$2,INDIRECT($J10)) -> 0 | D10: =SUMIF(INDIRECT($I10),$I$3,INDIRECT($J10)) -> 0 | E10: =SUMIF(INDIRECT($I10),$J$1,INDIRECT($J10)) -> 0 | F10: =SUMIF(INDIRECT($I10),$J$2,INDIRECT($J10)) -> 0 | G10: =SUMIF(INDIRECT($K10),$J$3,INDIRECT($L10))+SUMIF(INDIRECT($K10),$K$1,INDIRECT($L10)) -> 0 | H10: =SUMIF(INDIRECT($M10),$J$3,INDIRECT($N10))+SUMIF(INDIRECT($M10),$K$1,INDIRECT($N10)) -> 0 | I10: =CONCATENATE($O$3,$K$2,$O10,$P$3,$K$2,$P10) -> 日報!C224:C237 | J10: =CONCATENATE($O$3,$K$3,$O10,$P$3,$K$3,$P10) -> 日報!O224:O237 | K10: =CONCATENATE($O$3,$K$2,$R10,$P$3,$K$2,$S10) -> 日報!C224:C226 | L10: =CONCATENATE($O$3,$K$3,$R10,$P$3,$K$3,$S10) -> 日報!O224:O226 | M10: =CONCATENATE($O$3,$K$2,$T10,$P$3,$K$2,$U10) -> 日報!C227:C237 | N10: =CONCATENATE($O$3,$K$3,$T10,$P$3,$K$3,$U10) -> 日報!O227:O237 | O10: =SUM(O9+Q10) -> 224 | P10: =SUM(P9+Q10) -> 237 | Q10: 54 | R10: =SUM(R9+$Q10) -> 224 | S10: =SUM(S9+$Q10) -> 226 | T10: =SUM(T9+$Q10) -> 227 | U10: =SUM(U9+$Q10) -> 237 | V10: =SUM(B10:H10) -> 0
A11: 5日 | B11: =SUMIF(INDIRECT($I11),$I$1,INDIRECT($J11)) -> 0 | C11: =SUMIF(INDIRECT($I11),$I$2,INDIRECT($J11)) -> 0 | D11: =SUMIF(INDIRECT($I11),$I$3,INDIRECT($J11)) -> 0 | E11: =SUMIF(INDIRECT($I11),$J$1,INDIRECT($J11)) -> 0 | F11: =SUMIF(INDIRECT($I11),$J$2,INDIRECT($J11)) -> 0 | G11: =SUMIF(INDIRECT($K11),$J$3,INDIRECT($L11))+SUMIF(INDIRECT($K11),$K$1,INDIRECT($L11)) -> 0 | H11: =SUMIF(INDIRECT($M11),$J$3,INDIRECT($N11))+SUMIF(INDIRECT($M11),$K$1,INDIRECT($N11)) -> 0 | I11: =CONCATENATE($O$3,$K$2,$O11,$P$3,$K$2,$P11) -> 日報!C278:C291 | J11: =CONCATENATE($O$3,$K$3,$O11,$P$3,$K$3,$P11) -> 日報!O278:O291 | K11: =CONCATENATE($O$3,$K$2,$R11,$P$3,$K$2,$S11) -> 日報!C278:C280 | L11: =CONCATENATE($O$3,$K$3,$R11,$P$3,$K$3,$S11) -> 日報!O278:O280 | M11: =CONCATENATE($O$3,$K$2,$T11,$P$3,$K$2,$U11) -> 日報!C281:C291 | N11: =CONCATENATE($O$3,$K$3,$T11,$P$3,$K$3,$U11) -> 日報!O281:O291 | O11: =SUM(O10+Q11) -> 278 | P11: =SUM(P10+Q11) -> 291 | Q11: 54 | R11: =SUM(R10+$Q11) -> 278 | S11: =SUM(S10+$Q11) -> 280 | T11: =SUM(T10+$Q11) -> 281 | U11: =SUM(U10+$Q11) -> 291 | V11: =SUM(B11:H11) -> 0
A12: 6日 | B12: =SUMIF(INDIRECT($I12),$I$1,INDIRECT($J12)) -> 33 | C12: =SUMIF(INDIRECT($I12),$I$2,INDIRECT($J12)) -> 0 | D12: =SUMIF(INDIRECT($I12),$I$3,INDIRECT($J12)) -> 0 | E12: =SUMIF(INDIRECT($I12),$J$1,INDIRECT($J12)) -> 0 | F12: =SUMIF(INDIRECT($I12),$J$2,INDIRECT($J12)) -> 0 | G12: =SUMIF(INDIRECT($K12),$J$3,INDIRECT($L12))+SUMIF(INDIRECT($K12),$K$1,INDIRECT($L12)) -> 0 | H12: =SUMIF(INDIRECT($M12),$J$3,INDIRECT($N12))+SUMIF(INDIRECT($M12),$K$1,INDIRECT($N12)) -> 0 | I12: =CONCATENATE($O$3,$K$2,$O12,$P$3,$K$2,$P12) -> 日報!C332:C345 | J12: =CONCATENATE($O$3,$K$3,$O12,$P$3,$K$3,$P12) -> 日報!O332:O345 | K12: =CONCATENATE($O$3,$K$2,$R12,$P$3,$K$2,$S12) -> 日報!C332:C334 | L12: =CONCATENATE($O$3,$K$3,$R12,$P$3,$K$3,$S12) -> 日報!O332:O334 | M12: =CONCATENATE($O$3,$K$2,$T12,$P$3,$K$2,$U12) -> 日報!C335:C345 | N12: =CONCATENATE($O$3,$K$3,$T12,$P$3,$K$3,$U12) -> 日報!O335:O345 | O12: =SUM(O11+Q12) -> 332 | P12: =SUM(P11+Q12) -> 345 | Q12: 54 | R12: =SUM(R11+$Q12) -> 332 | S12: =SUM(S11+$Q12) -> 334 | T12: =SUM(T11+$Q12) -> 335 | U12: =SUM(U11+$Q12) -> 345 | V12: =SUM(B12:H12) -> 33
A13: 7日 | B13: =SUMIF(INDIRECT($I13),$I$1,INDIRECT($J13)) -> 41 | C13: =SUMIF(INDIRECT($I13),$I$2,INDIRECT($J13)) -> 29 | D13: =SUMIF(INDIRECT($I13),$I$3,INDIRECT($J13)) -> 0 | E13: =SUMIF(INDIRECT($I13),$J$1,INDIRECT($J13)) -> 0 | F13: =SUMIF(INDIRECT($I13),$J$2,INDIRECT($J13)) -> 0 | G13: =SUMIF(INDIRECT($K13),$J$3,INDIRECT($L13))+SUMIF(INDIRECT($K13),$K$1,INDIRECT($L13)) -> 0 | H13: =SUMIF(INDIRECT($M13),$J$3,INDIRECT($N13))+SUMIF(INDIRECT($M13),$K$1,INDIRECT($N13)) -> 0 | I13: =CONCATENATE($O$3,$K$2,$O13,$P$3,$K$2,$P13) -> 日報!C386:C399 | J13: =CONCATENATE($O$3,$K$3,$O13,$P$3,$K$3,$P13) -> 日報!O386:O399 | K13: =CONCATENATE($O$3,$K$2,$R13,$P$3,$K$2,$S13) -> 日報!C386:C388 | L13: =CONCATENATE($O$3,$K$3,$R13,$P$3,$K$3,$S13) -> 日報!O386:O388 | M13: =CONCATENATE($O$3,$K$2,$T13,$P$3,$K$2,$U13) -> 日報!C389:C399 | N13: =CONCATENATE($O$3,$K$3,$T13,$P$3,$K$3,$U13) -> 日報!O389:O399 | O13: =SUM(O12+Q13) -> 386 | P13: =SUM(P12+Q13) -> 399 | Q13: 54 | R13: =SUM(R12+$Q13) -> 386 | S13: =SUM(S12+$Q13) -> 388 | T13: =SUM(T12+$Q13) -> 389 | U13: =SUM(U12+$Q13) -> 399 | V13: =SUM(B13:H13) -> 70
A14: 8日 | B14: =SUMIF(INDIRECT($I14),$I$1,INDIRECT($J14)) -> 30 | C14: =SUMIF(INDIRECT($I14),$I$2,INDIRECT($J14)) -> 0 | D14: =SUMIF(INDIRECT($I14),$I$3,INDIRECT($J14)) -> 0 | E14: =SUMIF(INDIRECT($I14),$J$1,INDIRECT($J14)) -> 0 | F14: =SUMIF(INDIRECT($I14),$J$2,INDIRECT($J14)) -> 0 | G14: =SUMIF(INDIRECT($K14),$J$3,INDIRECT($L14))+SUMIF(INDIRECT($K14),$K$1,INDIRECT($L14)) -> 0 | H14: =SUMIF(INDIRECT($M14),$J$3,INDIRECT($N14))+SUMIF(INDIRECT($M14),$K$1,INDIRECT($N14)) -> 0 | I14: =CONCATENATE($O$3,$K$2,$O14,$P$3,$K$2,$P14) -> 日報!C440:C453 | J14: =CONCATENATE($O$3,$K$3,$O14,$P$3,$K$3,$P14) -> 日報!O440:O453 | K14: =CONCATENATE($O$3,$K$2,$R14,$P$3,$K$2,$S14) -> 日報!C440:C442 | L14: =CONCATENATE($O$3,$K$3,$R14,$P$3,$K$3,$S14) -> 日報!O440:O442 | M14: =CONCATENATE($O$3,$K$2,$T14,$P$3,$K$2,$U14) -> 日報!C443:C453 | N14: =CONCATENATE($O$3,$K$3,$T14,$P$3,$K$3,$U14) -> 日報!O443:O453 | O14: =SUM(O13+Q14) -> 440 | P14: =SUM(P13+Q14) -> 453 | Q14: 54 | R14: =SUM(R13+$Q14) -> 440 | S14: =SUM(S13+$Q14) -> 442 | T14: =SUM(T13+$Q14) -> 443 | U14: =SUM(U13+$Q14) -> 453 | V14: =SUM(B14:H14) -> 30
A15: 9日 | B15: =SUMIF(INDIRECT($I15),$I$1,INDIRECT($J15)) -> 21 | C15: =SUMIF(INDIRECT($I15),$I$2,INDIRECT($J15)) -> 8 | D15: =SUMIF(INDIRECT($I15),$I$3,INDIRECT($J15)) -> 0 | E15: =SUMIF(INDIRECT($I15),$J$1,INDIRECT($J15)) -> 0 | F15: =SUMIF(INDIRECT($I15),$J$2,INDIRECT($J15)) -> 0 | G15: =SUMIF(INDIRECT($K15),$J$3,INDIRECT($L15))+SUMIF(INDIRECT($K15),$K$1,INDIRECT($L15)) -> 0 | H15: =SUMIF(INDIRECT($M15),$J$3,INDIRECT($N15))+SUMIF(INDIRECT($M15),$K$1,INDIRECT($N15)) -> 0 | I15: =CONCATENATE($O$3,$K$2,$O15,$P$3,$K$2,$P15) -> 日報!C494:C507 | J15: =CONCATENATE($O$3,$K$3,$O15,$P$3,$K$3,$P15) -> 日報!O494:O507 | K15: =CONCATENATE($O$3,$K$2,$R15,$P$3,$K$2,$S15) -> 日報!C494:C496 | L15: =CONCATENATE($O$3,$K$3,$R15,$P$3,$K$3,$S15) -> 日報!O494:O496 | M15: =CONCATENATE($O$3,$K$2,$T15,$P$3,$K$2,$U15) -> 日報!C497:C507 | N15: =CONCATENATE($O$3,$K$3,$T15,$P$3,$K$3,$U15) -> 日報!O497:O507 | O15: =SUM(O14+Q15) -> 494 | P15: =SUM(P14+Q15) -> 507 | Q15: 54 | R15: =SUM(R14+$Q15) -> 494 | S15: =SUM(S14+$Q15) -> 496 | T15: =SUM(T14+$Q15) -> 497 | U15: =SUM(U14+$Q15) -> 507 | V15: =SUM(B15:H15) -> 29
A16: 10日 | B16: =SUMIF(INDIRECT($I16),$I$1,INDIRECT($J16)) -> 17 | C16: =SUMIF(INDIRECT($I16),$I$2,INDIRECT($J16)) -> 17 | D16: =SUMIF(INDIRECT($I16),$I$3,INDIRECT($J16)) -> 0 | E16: =SUMIF(INDIRECT($I16),$J$1,INDIRECT($J16)) -> 0 | F16: =SUMIF(INDIRECT($I16),$J$2,INDIRECT($J16)) -> 0 | G16: =SUMIF(INDIRECT($K16),$J$3,INDIRECT($L16))+SUMIF(INDIRECT($K16),$K$1,INDIRECT($L16)) -> 0 | H16: =SUMIF(INDIRECT($M16),$J$3,INDIRECT($N16))+SUMIF(INDIRECT($M16),$K$1,INDIRECT($N16)) -> 0 | I16: =CONCATENATE($O$3,$K$2,$O16,$P$3,$K$2,$P16) -> 日報!C548:C561 | J16: =CONCATENATE($O$3,$K$3,$O16,$P$3,$K$3,$P16) -> 日報!O548:O561 | K16: =CONCATENATE($O$3,$K$2,$R16,$P$3,$K$2,$S16) -> 日報!C548:C550 | L16: =CONCATENATE($O$3,$K$3,$R16,$P$3,$K$3,$S16) -> 日報!O548:O550 | M16: =CONCATENATE($O$3,$K$2,$T16,$P$3,$K$2,$U16) -> 日報!C551:C561 | N16: =CONCATENATE($O$3,$K$3,$T16,$P$3,$K$3,$U16) -> 日報!O551:O561 | O16: =SUM(O15+Q16) -> 548 | P16: =SUM(P15+Q16) -> 561 | Q16: 54 | R16: =SUM(R15+$Q16) -> 548 | S16: =SUM(S15+$Q16) -> 550 | T16: =SUM(T15+$Q16) -> 551 | U16: =SUM(U15+$Q16) -> 561 | V16: =SUM(B16:H16) -> 34
A17: 11日 | B17: =SUMIF(INDIRECT($I17),$I$1,INDIRECT($J17)) -> 0 | C17: =SUMIF(INDIRECT($I17),$I$2,INDIRECT($J17)) -> 34 | D17: =SUMIF(INDIRECT($I17),$I$3,INDIRECT($J17)) -> 0 | E17: =SUMIF(INDIRECT($I17),$J$1,INDIRECT($J17)) -> 0 | F17: =SUMIF(INDIRECT($I17),$J$2,INDIRECT($J17)) -> 0 | G17: =SUMIF(INDIRECT($K17),$J$3,INDIRECT($L17))+SUMIF(INDIRECT($K17),$K$1,INDIRECT($L17)) -> 0 | H17: =SUMIF(INDIRECT($M17),$J$3,INDIRECT($N17))+SUMIF(INDIRECT($M17),$K$1,INDIRECT($N17)) -> 0 | I17: =CONCATENATE($O$3,$K$2,$O17,$P$3,$K$2,$P17) -> 日報!C602:C615 | J17: =CONCATENATE($O$3,$K$3,$O17,$P$3,$K$3,$P17) -> 日報!O602:O615 | K17: =CONCATENATE($O$3,$K$2,$R17,$P$3,$K$2,$S17) -> 日報!C602:C604 | L17: =CONCATENATE($O$3,$K$3,$R17,$P$3,$K$3,$S17) -> 日報!O602:O604 | M17: =CONCATENATE($O$3,$K$2,$T17,$P$3,$K$2,$U17) -> 日報!C605:C615 | N17: =CONCATENATE($O$3,$K$3,$T17,$P$3,$K$3,$U17) -> 日報!O605:O615 | O17: =SUM(O16+Q17) -> 602 | P17: =SUM(P16+Q17) -> 615 | Q17: 54 | R17: =SUM(R16+$Q17) -> 602 | S17: =SUM(S16+$Q17) -> 604 | T17: =SUM(T16+$Q17) -> 605 | U17: =SUM(U16+$Q17) -> 615 | V17: =SUM(B17:H17) -> 34
A18: 12日 | B18: =SUMIF(INDIRECT($I18),$I$1,INDIRECT($J18)) -> 103 | C18: =SUMIF(INDIRECT($I18),$I$2,INDIRECT($J18)) -> 46 | D18: =SUMIF(INDIRECT($I18),$I$3,INDIRECT($J18)) -> 0 | E18: =SUMIF(INDIRECT($I18),$J$1,INDIRECT($J18)) -> 55 | F18: =SUMIF(INDIRECT($I18),$J$2,INDIRECT($J18)) -> 0 | G18: =SUMIF(INDIRECT($K18),$J$3,INDIRECT($L18))+SUMIF(INDIRECT($K18),$K$1,INDIRECT($L18)) -> 0 | H18: =SUMIF(INDIRECT($M18),$J$3,INDIRECT($N18))+SUMIF(INDIRECT($M18),$K$1,INDIRECT($N18)) -> 0 | I18: =CONCATENATE($O$3,$K$2,$O18,$P$3,$K$2,$P18) -> 日報!C656:C669 | J18: =CONCATENATE($O$3,$K$3,$O18,$P$3,$K$3,$P18) -> 日報!O656:O669 | K18: =CONCATENATE($O$3,$K$2,$R18,$P$3,$K$2,$S18) -> 日報!C656:C658 | L18: =CONCATENATE($O$3,$K$3,$R18,$P$3,$K$3,$S18) -> 日報!O656:O658 | M18: =CONCATENATE($O$3,$K$2,$T18,$P$3,$K$2,$U18) -> 日報!C659:C669 | N18: =CONCATENATE($O$3,$K$3,$T18,$P$3,$K$3,$U18) -> 日報!O659:O669 | O18: =SUM(O17+Q18) -> 656 | P18: =SUM(P17+Q18) -> 669 | Q18: 54 | R18: =SUM(R17+$Q18) -> 656 | S18: =SUM(S17+$Q18) -> 658 | T18: =SUM(T17+$Q18) -> 659 | U18: =SUM(U17+$Q18) -> 669 | V18: =SUM(B18:H18) -> 204
A19: 13日 | B19: =SUMIF(INDIRECT($I19),$I$1,INDIRECT($J19)) -> 110 | C19: =SUMIF(INDIRECT($I19),$I$2,INDIRECT($J19)) -> 0 | D19: =SUMIF(INDIRECT($I19),$I$3,INDIRECT($J19)) -> 0 | E19: =SUMIF(INDIRECT($I19),$J$1,INDIRECT($J19)) -> 0 | F19: =SUMIF(INDIRECT($I19),$J$2,INDIRECT($J19)) -> 0 | G19: =SUMIF(INDIRECT($K19),$J$3,INDIRECT($L19))+SUMIF(INDIRECT($K19),$K$1,INDIRECT($L19)) -> 0 | H19: =SUMIF(INDIRECT($M19),$J$3,INDIRECT($N19))+SUMIF(INDIRECT($M19),$K$1,INDIRECT($N19)) -> 0 | I19: =CONCATENATE($O$3,$K$2,$O19,$P$3,$K$2,$P19) -> 日報!C710:C723 | J19: =CONCATENATE($O$3,$K$3,$O19,$P$3,$K$3,$P19) -> 日報!O710:O723 | K19: =CONCATENATE($O$3,$K$2,$R19,$P$3,$K$2,$S19) -> 日報!C710:C712 | L19: =CONCATENATE($O$3,$K$3,$R19,$P$3,$K$3,$S19) -> 日報!O710:O712 | M19: =CONCATENATE($O$3,$K$2,$T19,$P$3,$K$2,$U19) -> 日報!C713:C723 | N19: =CONCATENATE($O$3,$K$3,$T19,$P$3,$K$3,$U19) -> 日報!O713:O723 | O19: =SUM(O18+Q19) -> 710 | P19: =SUM(P18+Q19) -> 723 | Q19: 54 | R19: =SUM(R18+$Q19) -> 710 | S19: =SUM(S18+$Q19) -> 712 | T19: =SUM(T18+$Q19) -> 713 | U19: =SUM(U18+$Q19) -> 723 | V19: =SUM(B19:H19) -> 110
... A37: 31日 | B37: =SUMIF(INDIRECT($I37),$I$1,INDIRECT($J37)) -> 50 | C37: =SUMIF(INDIRECT($I37),$I$2,INDIRECT($J37)) -> 80 | D37: =SUMIF(INDIRECT($I37),$I$3,INDIRECT($J37)) -> 0 | E37: =SUMIF(INDIRECT($I37),$J$1,INDIRECT($J37)) -> 47 | F37: =SUMIF(INDIRECT($I37),$J$2,INDIRECT($J37)) -> 0 | G37: =SUMIF(INDIRECT($K37),$J$3,INDIRECT($L37))+SUMIF(INDIRECT($K37),$K$1,INDIRECT($L37)) -> 0 | H37: =SUMIF(INDIRECT($M37),$J$3,INDIRECT($N37))+SUMIF(INDIRECT($M37),$K$1,INDIRECT($N37)) -> 0 | I37: =CONCATENATE($O$3,$K$2,$O37,$P$3,$K$2,$P37) -> 日報!C1682:C1695 | J37: =CONCATENATE($O$3,$K$3,$O37,$P$3,$K$3,$P37) -> 日報!O1682:O1695 | K37: =CONCATENATE($O$3,$K$2,$R37,$P$3,$K$2,$S37) -> 日報!C1682:C1684 | L37: =CONCATENATE($O$3,$K$3,$R37,$P$3,$K$3,$S37) -> 日報!O1682:O1684 | M37: =CONCATENATE($O$3,$K$2,$T37,$P$3,$K$2,$U37) -> 日報!C1685:C1695 | N37: =CONCATENATE($O$3,$K$3,$T37,$P$3,$K$3,$U37) -> 日報!O1685:O1695 | O37: =SUM(O36+Q37) -> 1682 | P37: =SUM(P36+Q37) -> 1695 | Q37: 54 | R37: =SUM(R36+$Q37) -> 1682 | S37: =SUM(S36+$Q37) -> 1684 | T37: =SUM(T36+$Q37) -> 1685 | U37: =SUM(U36+$Q37) -> 1695 | V37: =SUM(B37:H37) -> 177
V38: =SUM(B38:H38) -> 0

Sheet 参照
A1: 401 | B1: ＪＴＢ | D1: 201 | E1: ウトロ観光案内所 | G1: ＤＣツーリスト | I1: ｻﾝｺｱﾄﾗﾍﾞﾙ | K1: 西鉄旅行 | M1: 1 | N1: 晴 れ | P1: 工芸社フイルム | Q1: 現金 | T1: カムイワッカ | U1: A | V1: 5000 | W1: 4750 | X1: 3500 | Y1: 2500 | Z1: 2380 | AB1: 1 | AC1: 上原 | AD1: 1 | AE1: 日曜日
A2: 411 | B2: 日本旅行 | D2: 202 | E2: 北こぶし知床 | G2: ＴＫＫ | I2: サンディール | K2: 西東京バス | M2: 2 | N2: くもり | P2: アイス手数料 | Q2: 現金 | T2: 水晶 | U2: B | V2: 4000 | W2: 3800 | X2: 2800 | Y2: 2000 | Z2: 1900 | AB2: 2 | AC2: 横尾 | AD2: 2 | AE2: 月曜日
A3: 414 | B3: 近畿日本ツーリスト | D3: 203 | E3: 知床第一ホテル | G3: 会津交通観光 | I3: サンデンﾄﾗﾍﾞﾙ | K3: 西日本旅行 | M3: 3 | N3: 雨 | P3: ダンゴ手数料 | Q3: 現金 | T3: 岩尾別 | U3: C | V3: 3000 | W3: 2850 | X3: 2100 | Y3: 1500 | Z3: 1430 | AB3: 3 | AC3: 田中 | AD3: 3 | AE3: 火曜日
A4: 415 | B4: クラブツーリズム | D4: 204 | E4: KIKI知床 | G4: 阿寒ﾊﾞｽ旅行 | I4: 三八五観光 | K4: 日産観光 | M4: 4 | N4: 雪 | P4: ロッカー代 | Q4: 現金 | T4: 知床岬 | U4: D | V4: 10000 | W4: 9500 | X4: 7000 | Y4: 5000 | Z4: 4750 | AB4: 4 | AC4: 小森 | AD4: 4 | AE4: 水曜日
A5: 419 | B5: 名鉄観光サービス | D5: 205 | E5: ホテル知床 | G5: ｱｸｾｽｲﾝﾀｰﾅｼｮﾅﾙ | I5: 山陽観光サービス | K5: 日専連 | M5: 5 | N5: 大雪 | P5: タバコ | Q5: 現金 | T5: カシュニ | U5: E | V5: 8000 | W5: 7600 | X5: 5600 | Y5: 4000 | Z5: 3800 | AB5: 5 | AC5: 菅原 | AD5: 5 | AE5: 木曜日
A6: 426 | B6: 岐阜バス観光 | D6: 206 | E6: 夕陽のあたる家 | G6: 朝日観光 | I6: 山陽新聞 | K6: 日本旅行企画 | M6: 6 | N6: 雪のち晴れ | P6: 双眼鏡 | Q6: 現金 | T6: フレペ | U6: F | V6: 1000 | W6: 900 | X6: 700 | Y6: 500 | Z6: 450 | AB6: 6 | AD6: 6 | AE6: 金曜日
A7: 439 | B7: 日本通運 | D7: 207 | E7: 知床ノーブルホテル | G7: あづま観光社 | I7: ジェイツアー | K7: ニューツアー | P7: 写真工芸社手数料 | Q7: 後入金 | R7: 0.17 | T7: 市民割引硫 | U7: A1 | V7: 4000 | W7: 0 | X7: 0 | Y7: 2000 | Z7: 0 | AB7: 7 | AD7: 7 | AE7: 土曜日
A8: 441 | B8: 東武トップツアーズ | D8: 209 | E8: 国民宿舎かつらだ | G8: 淡路島旅行ｾﾝﾀｰ | I8: 信濃観光 | K8: ニュートラベル | P8: ｻﾝ&ｻﾝ双眼鏡 | Q8: 後入金 | R8: 0.15 | T8: 市民割引水 | U8: B2 | V8: 3200 | W8: 0 | X8: 0 | Y8: 1600 | Z8: 0 | AB8: 8
A9: 443 | B9: 読売旅行 | D9: 210 | E9: つくだ荘 | G9: 岩手県交通 | I9: ｼﾞｬﾊﾟﾝﾄﾗﾍﾞﾙ | K9: ニューナカムラ | P9: コカコーラ手数料 | Q9: 前入金 | T9: 市民割引岩 | U9: C3 | V9: 2400 | W9: 0 | X9: 0 | Y9: 1200 | Z9: 0
A10: 445 | B10: 小田急トラベル | D10: 300 | E10: 知床斜里町観光協会 | G10: 石見観光 | I10: ｼﾞｬﾝﾎﾞﾂｱｰｽﾞ | K10: ﾉｰｽｼﾞｬﾊﾟﾝﾂｱｰｽﾞ | P10: ヤクルト | Q10: 前入金
A11: 447 | B11: 農協観光 | D11: 301 | E11: 阿寒まちづくり推進機構 | G11: 羽後交通観光 | I11: 常盤交通 | K11: ﾉｰｽｽﾀｰﾂｰﾘｽﾄ | P11: ペプシ | Q11: 前入金
A12: 449 | B12: 京王観光 | D12: 427 | E12: 宮城交通トラベル | G12: エアー沖縄 | I12: 新日本観光バス | K12: 箱根登山観光 | P12: ペプシ広告料 | W12: 消費税
A13: 452 | B13: ＪＲ北海道 | D13: 429 | E13: 網走バス | G13: 江電ツーリスト | I13: スウィートトラベル | K13: はとバス | P13: ペリカン手数料 | Q13: 現金 | T13: 税率対象商品 | V13: =1+(1*W13) -> 1.08 | W13: 0.08 | X13: 対象（軽減税率）
A14: 453 | B14: ＪＲ東日本 | D14: 430 | E14: 北海道中央バス | G14: エマ観光 | I14: スコープ旅行センター | K14: ﾋﾞｭｰﾂｱｰｼｽﾃﾑ | P14: クロネコ手数料 | Q14: 現金 | V14: =1+(1*W14) -> 1.1 | W14: 0.1 | X14: 対象
A15: 454 | B15: ＪＲ東海 | D15: 440 | E15: 札幌通運 | G15: 大分航空ﾄﾗﾍﾞﾙ | I15: ｽﾀｰﾗｲﾝﾂｱｰｽﾞ | K15: 広電観光 | P15: 郵便局賃貸料
A16: 455 | B16: ＪＲ西日本 | D16: 450 | E16: リョービツアーズ | G16: 沖縄ツーリスト | I16: 全日本ﾄﾗﾍﾞﾙ | K16: ﾌｼﾞﾄﾗﾍﾞﾙｻｰﾋﾞｽ | P16: 社宅家賃
A17: 456 | B17: ＪＲ四国 | D17: 461 | E17: ライフツアー | G17: 簡保の宿 | I17: 第一旅行ｻｰﾋﾞｽ | K17: フラワー観光 | P17: サン＆サン
A18: 457 | B18: ＪＲ九州 | D18: 462 | E18: ジャルパック | G18: キタイチトラベル | I18: 太平洋フェリー | K18: 報徳観光 | P18: 販促テレカ
A19: 460 | B19: 京阪交通社 | D19: 464 | E19: ＡＮＡセールス | G19: 北日本観光 | I19: 太陽旅行 | K19: 北鉄観光 | P19: 網走神社
A20: 474 | B20: 阪急交通社 | D20: 476 | E20: タビックス | G20: 北見児童相談所 | I20: 旅クラブ21 | K20: 北都交通ﾄﾗﾍﾞﾙ | P20: 大東通商
A21: 483 | B21: 西鉄旅行 | D21: 477 | E21: 朝日旅行（東京） | G21: 九州産業交通 | I21: 旅の便利屋 | K21: 北海ﾂｰﾘｽﾄ
A22: 501 | B22: 遠州鉄道 | D22: 478 | E22: 朝日旅行（大阪） | G22: 共立観光 | I22: つたいトラベル | K22: 北海道みどり観光 | P22: 高波の為、全便欠航
A23: 532 | B23: 三重交通 | D23: 479 | E23: 宮崎交通観光 | G23: 旭友ｴｰｼﾞｪﾝｼｰ | I23: 東急サービス | K23: ﾎﾃﾙﾋﾞｭｰﾊﾟｰｸ
A24: 547 | B24: 斜里バス | D24: 488 | E24: 毎日サービス | G24: 屈斜路プリンス | I24: 東京トラベル | K24: ボナンザﾄﾗﾍﾞﾙ
A25: - | B25: - | D25: 490 | E25: スカイツアーズ | G25: クラブジャパン | I25: 道新観光 | K25: 毎日新聞
D26: 496 | E26: ビックホリデー | G26: クレオトラベル | I26: 東鉄観光 | K26: ﾏﾘﾝﾄﾗﾍﾞﾙ
D27: 499 | E27: アクティビティジャパン | G27: 京急観光 | I27: 東邦観光 | K27: 三重観光公社
D28: 500 | E28: じゃらん | G28: 京阪交通社 | I28: 東北トラベル | K28: 宮城交通トラベル
D29: 502 | E29: 富士急トラベル | G29: 高知観光 | I29: 東横観光 | K29: 宮崎交通観光
D30: 503 | E30: 山陽新聞トラベル | G30: 弘南観光 | I30: 東和観光 | K30: 宮本旅行
D31: 504 | E31: ひろでん中国新聞旅行 | G31: 神戸西旅行ｾﾝﾀｰ | I31: 栃木トラベル | K31: 森田旅行ｾﾝﾀｰ
D32: 518 | E32: オリオンツアー | G32: コープツーリスト | I32: 豊鉄観光 | K32: 郵船トラベル
D33: 519 | E33: ジャンボツアーズ | G33: ゴールデン観光 | I33: トラベルスクエア | K33: 夕張鉄道
D34: 520 | E34: 東日観光 | G34: 国際交流ｾﾝﾀｰ | I34: トラベル日本 | K34: ヨシダツアーズ
D35: 525 | E35: 常盤交通観光 | G35: 国際ロータリー | I35: トラベルワン | K35: ラド観光
D36: 526 | E36: 福島交通観光 | G36: ｺｽﾓﾂｱｰｼｽﾃﾑ | I36: ナイスツーリスト | K36: 両備バス
D37: 527 | E37: 岩手県交通 | G37: コスモツーリスト | I37: 名古屋観光バス | K37: 旅行屋
... D40: 540 | E40: 全旅協 | G40: サミー | I40: 新潟交通 | K40: ﾜｲﾋﾞｰｴｽﾄﾗﾍﾞﾙ
D41: 556 | E41: 網走商工会議所
D42: 557 | E42: 網走市役所
D43: 558 | E43: 網走観光ホテル
D44: 559 | E44: 網走湖荘
D45: 560 | E45: 天都の郷（本陣）
D46: 561 | E46: 網走ハイヤー
D47: 690 | E47: 沖縄ツーリスト
D48: 691 | E48: 南海国際旅行
D49: 692 | E49: 静鉄観光サービス
D50: 693 | E50: フジトラベルサービス
D51: 694 | E51: アルピコ長野トラベル
D52: 695 | E52: ホワイトベアーファミリー
... D89: 723 | E89: ｺﾞｼﾞﾗ岩観光

Sheet 乗船人数・収入日別
B2: 乗船人数 | J2: 旅客収入 | R2: 合計収入
B4: 日にち | C4: 前 年 | D4: 本 年 | E4: 前年比 | G4: 日報 | I4: T | J4: 日にち | K4: 前 年 | L4: 本 年 | M4: 前年比 | O4: 日報 | Q4: T | R4: 日にち | S4: 前 年 | T4: 本 年 | U4: 前年比 | W4: 日報 | Y4: T
B5: 1日 | C5: =SUM(INDIRECT("'"&(G$4)&"'!"&(F5)&"")) -> 0 | D5: =SUM(INDIRECT("'"&(G$4)&"'!"&(G5)&"")) -> 135 | E5: =IFERROR(D5/C5,"-") -> - | F5: =CONCATENATE(I$4,H5) -> T89 | G5: =CONCATENATE(I$4,I5) -> T90 | H5: 89 | I5: 90 | J5: 1日 | K5: =SUM(INDIRECT("'"&(O$4)&"'!"&(N5)&"")) -> 0 | L5: =SUM(INDIRECT("'"&(O$4)&"'!"&(O5)&"")) -> 1105600 | M5: =IFERROR(L5/K5,"-") -> - | N5: =CONCATENATE(Q$4,P5) -> T91 | O5: =CONCATENATE(Q$4,Q5) -> T92 | P5: 91 | Q5: 92 | R5: 1日 | S5: =SUM(INDIRECT("'"&(W$4)&"'!"&(V5)&"")) -> 0 | T5: =SUM(INDIRECT("'"&(W$4)&"'!"&(W5)&"")) -> 1152760 | U5: =IFERROR(T5/S5,"-") -> - | V5: =CONCATENATE(Y$4,X5) -> T103 | W5: =CONCATENATE(Y$4,Y5) -> T104 | X5: 103 | Y5: 104
B6: 2日 | C6: =SUM(INDIRECT("'"&(G$4)&"'!"&(F6)&"")) -> 0 | D6: =SUM(INDIRECT("'"&(G$4)&"'!"&(G6)&"")) -> 91 | E6: =IFERROR(D6/C6,"-") -> - | F6: =CONCATENATE(I$4,H6) -> T142 | G6: =CONCATENATE(I$4,I6) -> T143 | H6: 142 | I6: 143 | J6: 2日 | K6: =SUM(INDIRECT("'"&(O$4)&"'!"&(N6)&"")) -> 0 | L6: =SUM(INDIRECT("'"&(O$4)&"'!"&(O6)&"")) -> 347710 | M6: =IFERROR(L6/K6,"-") -> - | N6: =CONCATENATE(Q$4,P6) -> T144 | O6: =CONCATENATE(Q$4,Q6) -> T145 | P6: 144 | Q6: 145 | R6: 2日 | S6: =SUM(INDIRECT("'"&(W$4)&"'!"&(V6)&"")) -> 0 | T6: =SUM(INDIRECT("'"&(W$4)&"'!"&(W6)&"")) -> 356740 | U6: =IFERROR(T6/S6,"-") -> - | V6: =CONCATENATE(Y$4,X6) -> T156 | W6: =CONCATENATE(Y$4,Y6) -> T157 | X6: 156 | Y6: 157
B7: 3日 | C7: =SUM(INDIRECT("'"&(G$4)&"'!"&(F7)&"")) -> 0 | D7: =SUM(INDIRECT("'"&(G$4)&"'!"&(G7)&"")) -> 0 | E7: =IFERROR(D7/C7,"-") -> - | F7: =CONCATENATE(I$4,H7) -> T195 | G7: =CONCATENATE(I$4,I7) -> T196 | H7: 195 | I7: 196 | J7: 3日 | K7: =SUM(INDIRECT("'"&(O$4)&"'!"&(N7)&"")) -> 0 | L7: =SUM(INDIRECT("'"&(O$4)&"'!"&(O7)&"")) -> 0 | M7: =IFERROR(L7/K7,"-") -> - | N7: =CONCATENATE(Q$4,P7) -> T197 | O7: =CONCATENATE(Q$4,Q7) -> T198 | P7: 197 | Q7: 198 | R7: 3日 | S7: =SUM(INDIRECT("'"&(W$4)&"'!"&(V7)&"")) -> 0 | T7: =SUM(INDIRECT("'"&(W$4)&"'!"&(W7)&"")) -> 0 | U7: =IFERROR(T7/S7,"-") -> - | V7: =CONCATENATE(Y$4,X7) -> T209 | W7: =CONCATENATE(Y$4,Y7) -> T210 | X7: 209 | Y7: 210
B8: 4日 | C8: =SUM(INDIRECT("'"&(G$4)&"'!"&(F8)&"")) -> 0 | D8: =SUM(INDIRECT("'"&(G$4)&"'!"&(G8)&"")) -> 0 | E8: =IFERROR(D8/C8,"-") -> - | F8: =CONCATENATE(I$4,H8) -> T248 | G8: =CONCATENATE(I$4,I8) -> T249 | H8: 248 | I8: 249 | J8: 4日 | K8: =SUM(INDIRECT("'"&(O$4)&"'!"&(N8)&"")) -> 0 | L8: =SUM(INDIRECT("'"&(O$4)&"'!"&(O8)&"")) -> 474 | M8: =IFERROR(L8/K8,"-") -> - | N8: =CONCATENATE(Q$4,P8) -> T250 | O8: =CONCATENATE(Q$4,Q8) -> T251 | P8: 250 | Q8: 251 | R8: 4日 | S8: =SUM(INDIRECT("'"&(W$4)&"'!"&(V8)&"")) -> 0 | T8: =SUM(INDIRECT("'"&(W$4)&"'!"&(W8)&"")) -> 30000 | U8: =IFERROR(T8/S8,"-") -> - | V8: =CONCATENATE(Y$4,X8) -> T262 | W8: =CONCATENATE(Y$4,Y8) -> T263 | X8: 262 | Y8: 263
B9: 5日 | C9: =SUM(INDIRECT("'"&(G$4)&"'!"&(F9)&"")) -> 0 | D9: =SUM(INDIRECT("'"&(G$4)&"'!"&(G9)&"")) -> 0 | E9: =IFERROR(D9/C9,"-") -> - | F9: =CONCATENATE(I$4,H9) -> T301 | G9: =CONCATENATE(I$4,I9) -> T302 | H9: 301 | I9: 302 | J9: 5日 | K9: =SUM(INDIRECT("'"&(O$4)&"'!"&(N9)&"")) -> 0 | L9: =SUM(INDIRECT("'"&(O$4)&"'!"&(O9)&"")) -> 0 | M9: =IFERROR(L9/K9,"-") -> - | N9: =CONCATENATE(Q$4,P9) -> T303 | O9: =CONCATENATE(Q$4,Q9) -> T304 | P9: 303 | Q9: 304 | R9: 5日 | S9: =SUM(INDIRECT("'"&(W$4)&"'!"&(V9)&"")) -> 0 | T9: =SUM(INDIRECT("'"&(W$4)&"'!"&(W9)&"")) -> 0 | U9: =IFERROR(T9/S9,"-") -> - | V9: =CONCATENATE(Y$4,X9) -> T315 | W9: =CONCATENATE(Y$4,Y9) -> T316 | X9: 315 | Y9: 316
B10: 6日 | C10: =SUM(INDIRECT("'"&(G$4)&"'!"&(F10)&"")) -> 504 | D10: =SUM(INDIRECT("'"&(G$4)&"'!"&(G10)&"")) -> 173254 | E10: =IFERROR(D10/C10,"-") -> 343.75794 | F10: =CONCATENATE(I$4,H10) -> T354 | G10: =CONCATENATE(I$4,I10) -> T355 | H10: 354 | I10: 355 | J10: 6日 | K10: =SUM(INDIRECT("'"&(O$4)&"'!"&(N10)&"")) -> 0 | L10: =SUM(INDIRECT("'"&(O$4)&"'!"&(O10)&"")) -> 0 | M10: =IFERROR(L10/K10,"-") -> - | N10: =CONCATENATE(Q$4,P10) -> T356 | O10: =CONCATENATE(Q$4,Q10) -> T357 | P10: 356 | Q10: 357 | R10: 6日 | S10: =SUM(INDIRECT("'"&(W$4)&"'!"&(V10)&"")) -> 3000 | T10: =SUM(INDIRECT("'"&(W$4)&"'!"&(W10)&"")) -> 0 | U10: =IFERROR(T10/S10,"-") -> 0 | V10: =CONCATENATE(Y$4,X10) -> T368 | W10: =CONCATENATE(Y$4,Y10) -> T369 | X10: 368 | Y10: 369
B11: 7日 | C11: =SUM(INDIRECT("'"&(G$4)&"'!"&(F11)&"")) -> 0 | D11: =SUM(INDIRECT("'"&(G$4)&"'!"&(G11)&"")) -> 0 | E11: =IFERROR(D11/C11,"-") -> - | F11: =CONCATENATE(I$4,H11) -> T407 | G11: =CONCATENATE(I$4,I11) -> T408 | H11: 407 | I11: 408 | J11: 7日 | K11: =SUM(INDIRECT("'"&(O$4)&"'!"&(N11)&"")) -> 354850 | L11: =SUM(INDIRECT("'"&(O$4)&"'!"&(O11)&"")) -> 0 | M11: =IFERROR(L11/K11,"-") -> 0 | N11: =CONCATENATE(Q$4,P11) -> T409 | O11: =CONCATENATE(Q$4,Q11) -> T410 | P11: 409 | Q11: 410 | R11: 7日 | S11: =SUM(INDIRECT("'"&(W$4)&"'!"&(V11)&"")) -> 2000 | T11: =SUM(INDIRECT("'"&(W$4)&"'!"&(W11)&"")) -> 2000 | U11: =IFERROR(T11/S11,"-") -> 1 | V11: =CONCATENATE(Y$4,X11) -> T421 | W11: =CONCATENATE(Y$4,Y11) -> T422 | X11: 421 | Y11: 422
B12: 8日 | C12: =SUM(INDIRECT("'"&(G$4)&"'!"&(F12)&"")) -> 0 | D12: =SUM(INDIRECT("'"&(G$4)&"'!"&(G12)&"")) -> 0 | E12: =IFERROR(D12/C12,"-") -> - | F12: =CONCATENATE(I$4,H12) -> T460 | G12: =CONCATENATE(I$4,I12) -> T461 | H12: 460 | I12: 461 | J12: 8日 | K12: =SUM(INDIRECT("'"&(O$4)&"'!"&(N12)&"")) -> 0 | L12: =SUM(INDIRECT("'"&(O$4)&"'!"&(O12)&"")) -> 150400 | M12: =IFERROR(L12/K12,"-") -> - | N12: =CONCATENATE(Q$4,P12) -> T462 | O12: =CONCATENATE(Q$4,Q12) -> T463 | P12: 462 | Q12: 463 | R12: 8日 | S12: =SUM(INDIRECT("'"&(W$4)&"'!"&(V12)&"")) -> 0 | T12: =SUM(INDIRECT("'"&(W$4)&"'!"&(W12)&"")) -> 1000 | U12: =IFERROR(T12/S12,"-") -> - | V12: =CONCATENATE(Y$4,X12) -> T474 | W12: =CONCATENATE(Y$4,Y12) -> T475 | X12: 474 | Y12: 475
B13: 9日 | C13: =SUM(INDIRECT("'"&(G$4)&"'!"&(F13)&"")) -> 0 | D13: =SUM(INDIRECT("'"&(G$4)&"'!"&(G13)&"")) -> 0 | E13: =IFERROR(D13/C13,"-") -> - | F13: =CONCATENATE(I$4,H13) -> T513 | G13: =CONCATENATE(I$4,I13) -> T514 | H13: 513 | I13: 514 | J13: 9日 | K13: =SUM(INDIRECT("'"&(O$4)&"'!"&(N13)&"")) -> 0 | L13: =SUM(INDIRECT("'"&(O$4)&"'!"&(O13)&"")) -> 0 | M13: =IFERROR(L13/K13,"-") -> - | N13: =CONCATENATE(Q$4,P13) -> T515 | O13: =CONCATENATE(Q$4,Q13) -> T516 | P13: 515 | Q13: 516 | R13: 9日 | S13: =SUM(INDIRECT("'"&(W$4)&"'!"&(V13)&"")) -> 10260 | T13: =SUM(INDIRECT("'"&(W$4)&"'!"&(W13)&"")) -> 2280 | U13: =IFERROR(T13/S13,"-") -> 0.22222222 | V13: =CONCATENATE(Y$4,X13) -> T527 | W13: =CONCATENATE(Y$4,Y13) -> T528 | X13: 527 | Y13: 528
B14: 10日 | C14: =SUM(INDIRECT("'"&(G$4)&"'!"&(F14)&"")) -> 0 | D14: =SUM(INDIRECT("'"&(G$4)&"'!"&(G14)&"")) -> 9500 | E14: =IFERROR(D14/C14,"-") -> - | F14: =CONCATENATE(I$4,H14) -> T566 | G14: =CONCATENATE(I$4,I14) -> T567 | H14: 566 | I14: 567 | J14: 10日 | K14: =SUM(INDIRECT("'"&(O$4)&"'!"&(N14)&"")) -> 0 | L14: =SUM(INDIRECT("'"&(O$4)&"'!"&(O14)&"")) -> 0 | M14: =IFERROR(L14/K14,"-") -> - | N14: =CONCATENATE(Q$4,P14) -> T568 | O14: =CONCATENATE(Q$4,Q14) -> T569 | P14: 568 | Q14: 569 | R14: 10日 | S14: =SUM(INDIRECT("'"&(W$4)&"'!"&(V14)&"")) -> 0 | T14: =SUM(INDIRECT("'"&(W$4)&"'!"&(W14)&"")) -> 0 | U14: =IFERROR(T14/S14,"-") -> - | V14: =CONCATENATE(Y$4,X14) -> T580 | W14: =CONCATENATE(Y$4,Y14) -> T581 | X14: 580 | Y14: 581
B15: 11日 | C15: =SUM(INDIRECT("'"&(G$4)&"'!"&(F15)&"")) -> 0 | D15: =SUM(INDIRECT("'"&(G$4)&"'!"&(G15)&"")) -> 0 | E15: =IFERROR(D15/C15,"-") -> - | F15: =CONCATENATE(I$4,H15) -> T619 | G15: =CONCATENATE(I$4,I15) -> T620 | H15: 619 | I15: 620 | J15: 11日 | K15: =SUM(INDIRECT("'"&(O$4)&"'!"&(N15)&"")) -> 0 | L15: =SUM(INDIRECT("'"&(O$4)&"'!"&(O15)&"")) -> 0 | M15: =IFERROR(L15/K15,"-") -> - | N15: =CONCATENATE(Q$4,P15) -> T621 | O15: =CONCATENATE(Q$4,Q15) -> T622 | P15: 621 | Q15: 622 | R15: 11日 | S15: =SUM(INDIRECT("'"&(W$4)&"'!"&(V15)&"")) -> 0 | T15: =SUM(INDIRECT("'"&(W$4)&"'!"&(W15)&"")) -> 0 | U15: =IFERROR(T15/S15,"-") -> - | V15: =CONCATENATE(Y$4,X15) -> T633 | W15: =CONCATENATE(Y$4,Y15) -> T634 | X15: 633 | Y15: 634
B16: 12日 | C16: =SUM(INDIRECT("'"&(G$4)&"'!"&(F16)&"")) -> 381000 | D16: =SUM(INDIRECT("'"&(G$4)&"'!"&(G16)&"")) -> 0 | E16: =IFERROR(D16/C16,"-") -> 0 | F16: =CONCATENATE(I$4,H16) -> T672 | G16: =CONCATENATE(I$4,I16) -> T673 | H16: 672 | I16: 673 | J16: 12日 | K16: =SUM(INDIRECT("'"&(O$4)&"'!"&(N16)&"")) -> 1600 | L16: =SUM(INDIRECT("'"&(O$4)&"'!"&(O16)&"")) -> 382600 | M16: =IFERROR(L16/K16,"-") -> 239.125 | N16: =CONCATENATE(Q$4,P16) -> T674 | O16: =CONCATENATE(Q$4,Q16) -> T675 | P16: 674 | Q16: 675 | R16: 12日 | S16: =SUM(INDIRECT("'"&(W$4)&"'!"&(V16)&"")) -> 1136900 | T16: =SUM(INDIRECT("'"&(W$4)&"'!"&(W16)&"")) -> 0 | U16: =IFERROR(T16/S16,"-") -> 0 | V16: =CONCATENATE(Y$4,X16) -> T686 | W16: =CONCATENATE(Y$4,Y16) -> T687 | X16: 686 | Y16: 687
... B35: 31日 | C35: =SUM(INDIRECT("'"&(G$4)&"'!"&(F35)&"")) -> 0 | D35: =SUM(INDIRECT("'"&(G$4)&"'!"&(G35)&"")) -> 0 | E35: =IFERROR(D35/C35,"-") -> - | F35: =CONCATENATE(I$4,H35) -> T1679 | G35: =CONCATENATE(I$4,I35) -> T1680 | H35: 1679 | I35: 1680 | J35: 31日 | K35: =SUM(INDIRECT("'"&(O$4)&"'!"&(N35)&"")) -> 123500 | L35: =SUM(INDIRECT("'"&(O$4)&"'!"&(O35)&"")) -> 0 | M35: =IFERROR(L35/K35,"-") -> 0 | N35: =CONCATENATE(Q$4,P35) -> T1681 | O35: =CONCATENATE(Q$4,Q35) -> T1682 | P35: 1681 | Q35: 1682 | R35: 31日 | S35: =SUM(INDIRECT("'"&(W$4)&"'!"&(V35)&"")) -> 0 | T35: =SUM(INDIRECT("'"&(W$4)&"'!"&(W35)&"")) -> 0 | U35: =IFERROR(T35/S35,"-") -> - | V35: =CONCATENATE(Y$4,X35) -> T1693 | W35: =CONCATENATE(Y$4,Y35) -> T1694 | X35: 1693 | Y35: 1694
B36: 合 計 | C36: =SUM(C5:C35) -> 1051254 | D36: =SUM(D5:D35) -> 684580 | E36: =IF(D36=0,"-",D36/C36) -> 0.65120323 | J36: 合 計 | K36: =SUM(K5:K35) -> 1212400 | L36: =SUM(L5:L35) -> 2376284 | M36: =IF(L36=0,"-",L36/K36) -> 1.9599835 | R36: 合 計 | S36: =SUM(S5:S35) -> 3215809 | T36: =SUM(T5:T35) -> 3692418 | U36: =IF(T36=0,"-",T36/S36) -> 1.1482081

Sheet 売店売上日別
A2: おーろら売店売上 | I2: おーろら2売店売上 | Q2: 合計売店売上
A4: 日にち | B4: 前 年 | C4: 本 年 | D4: 前年比 | E4: 昨年日報 | F4: 日報 | G4: S | H4: Z | I4: 日にち | J4: 前 年 | K4: 本 年 | L4: 前年比 | M4: 昨年日報 | N4: 日報 | O4: S | P4: Z | Q4: 日にち | R4: 前 年 | S4: 本 年 | T4: 前年比
A5: 1日 | B5: =SUM(INDIRECT("'"&(E$4)&"'!"&(E5)&"")) -> 0 | C5: =SUM(INDIRECT("'"&(F$4)&"'!"&(F5)&"")) -> 17960 | D5: =IFERROR(C5/B5,"-") -> - | E5: =CONCATENATE(G$4,G5) -> S95 | F5: =CONCATENATE(G$4,H5) -> S95 | G5: 95 | H5: 95 | I5: 1日 | J5: =SUM(INDIRECT("'"&(M$4)&"'!"&(M5)&"")) -> 0 | K5: =SUM(INDIRECT("'"&(N$4)&"'!"&(N5)&"")) -> 0 | L5: =IFERROR(K5/J5,"-") -> - | M5: =CONCATENATE(O$4,O5) -> S96 | N5: =CONCATENATE(O$4,P5) -> S96 | O5: 96 | P5: 96 | Q5: 1日 | R5: =SUM(B5+J5) -> 0 | S5: =SUM(C5+K5) -> 17960 | T5: =IFERROR(S5/R5,"-") -> -
A6: 2日 | B6: =SUM(INDIRECT("'"&(E$4)&"'!"&(E6)&"")) -> 0 | C6: =SUM(INDIRECT("'"&(F$4)&"'!"&(F6)&"")) -> 0 | D6: =IFERROR(C6/B6,"-") -> - | E6: =CONCATENATE(G$4,G6) -> S148 | F6: =CONCATENATE(G$4,H6) -> S148 | G6: 148 | H6: 148 | I6: 2日 | J6: =SUM(INDIRECT("'"&(M$4)&"'!"&(M6)&"")) -> 4530 | K6: =SUM(INDIRECT("'"&(N$4)&"'!"&(N6)&"")) -> 0 | L6: =IFERROR(K6/J6,"-") -> 0 | M6: =CONCATENATE(O$4,O6) -> S149 | N6: =CONCATENATE(O$4,P6) -> S149 | O6: 149 | P6: 149 | Q6: 2日 | R6: =SUM(B6+J6) -> 4530 | S6: =SUM(C6+K6) -> 0 | T6: =IFERROR(S6/R6,"-") -> 0
A7: 3日 | B7: =SUM(INDIRECT("'"&(E$4)&"'!"&(E7)&"")) -> 0 | C7: =SUM(INDIRECT("'"&(F$4)&"'!"&(F7)&"")) -> 0 | D7: =IFERROR(C7/B7,"-") -> - | E7: =CONCATENATE(G$4,G7) -> S201 | F7: =CONCATENATE(G$4,H7) -> S201 | G7: 201 | H7: 201 | I7: 3日 | J7: =SUM(INDIRECT("'"&(M$4)&"'!"&(M7)&"")) -> 0 | K7: =SUM(INDIRECT("'"&(N$4)&"'!"&(N7)&"")) -> 0 | L7: =IFERROR(K7/J7,"-") -> - | M7: =CONCATENATE(O$4,O7) -> S202 | N7: =CONCATENATE(O$4,P7) -> S202 | O7: 202 | P7: 202 | Q7: 3日 | R7: =SUM(B7+J7) -> 0 | S7: =SUM(C7+K7) -> 0 | T7: =IFERROR(S7/R7,"-") -> -
A8: 4日 | B8: =SUM(INDIRECT("'"&(E$4)&"'!"&(E8)&"")) -> 0 | C8: =SUM(INDIRECT("'"&(F$4)&"'!"&(F8)&"")) -> 0 | D8: =IFERROR(C8/B8,"-") -> - | E8: =CONCATENATE(G$4,G8) -> S254 | F8: =CONCATENATE(G$4,H8) -> S254 | G8: 254 | H8: 254 | I8: 4日 | J8: =SUM(INDIRECT("'"&(M$4)&"'!"&(M8)&"")) -> 0 | K8: =SUM(INDIRECT("'"&(N$4)&"'!"&(N8)&"")) -> 0 | L8: =IFERROR(K8/J8,"-") -> - | M8: =CONCATENATE(O$4,O8) -> S255 | N8: =CONCATENATE(O$4,P8) -> S255 | O8: 255 | P8: 255 | Q8: 4日 | R8: =SUM(B8+J8) -> 0 | S8: =SUM(C8+K8) -> 0 | T8: =IFERROR(S8/R8,"-") -> -
A9: 5日 | B9: =SUM(INDIRECT("'"&(E$4)&"'!"&(E9)&"")) -> 0 | C9: =SUM(INDIRECT("'"&(F$4)&"'!"&(F9)&"")) -> 0 | D9: =IFERROR(C9/B9,"-") -> - | E9: =CONCATENATE(G$4,G9) -> S307 | F9: =CONCATENATE(G$4,H9) -> S307 | G9: 307 | H9: 307 | I9: 5日 | J9: =SUM(INDIRECT("'"&(M$4)&"'!"&(M9)&"")) -> 0 | K9: =SUM(INDIRECT("'"&(N$4)&"'!"&(N9)&"")) -> 0 | L9: =IFERROR(K9/J9,"-") -> - | M9: =CONCATENATE(O$4,O9) -> S308 | N9: =CONCATENATE(O$4,P9) -> S308 | O9: 308 | P9: 308 | Q9: 5日 | R9: =SUM(B9+J9) -> 0 | S9: =SUM(C9+K9) -> 0 | T9: =IFERROR(S9/R9,"-") -> -
A10: 6日 | B10: =SUM(INDIRECT("'"&(E$4)&"'!"&(E10)&"")) -> 0 | C10: =SUM(INDIRECT("'"&(F$4)&"'!"&(F10)&"")) -> 0 | D10: =IFERROR(C10/B10,"-") -> - | E10: =CONCATENATE(G$4,G10) -> S360 | F10: =CONCATENATE(G$4,H10) -> S360 | G10: 360 | H10: 360 | I10: 6日 | J10: =SUM(INDIRECT("'"&(M$4)&"'!"&(M10)&"")) -> 0 | K10: =SUM(INDIRECT("'"&(N$4)&"'!"&(N10)&"")) -> 0 | L10: =IFERROR(K10/J10,"-") -> - | M10: =CONCATENATE(O$4,O10) -> S361 | N10: =CONCATENATE(O$4,P10) -> S361 | O10: 361 | P10: 361 | Q10: 6日 | R10: =SUM(B10+J10) -> 0 | S10: =SUM(C10+K10) -> 0 | T10: =IFERROR(S10/R10,"-") -> -
A11: 7日 | B11: =SUM(INDIRECT("'"&(E$4)&"'!"&(E11)&"")) -> 0 | C11: =SUM(INDIRECT("'"&(F$4)&"'!"&(F11)&"")) -> 0 | D11: =IFERROR(C11/B11,"-") -> - | E11: =CONCATENATE(G$4,G11) -> S413 | F11: =CONCATENATE(G$4,H11) -> S413 | G11: 413 | H11: 413 | I11: 7日 | J11: =SUM(INDIRECT("'"&(M$4)&"'!"&(M11)&"")) -> 0 | K11: =SUM(INDIRECT("'"&(N$4)&"'!"&(N11)&"")) -> 0 | L11: =IFERROR(K11/J11,"-") -> - | M11: =CONCATENATE(O$4,O11) -> S414 | N11: =CONCATENATE(O$4,P11) -> S414 | O11: 414 | P11: 414 | Q11: 7日 | R11: =SUM(B11+J11) -> 0 | S11: =SUM(C11+K11) -> 0 | T11: =IFERROR(S11/R11,"-") -> -
A12: 8日 | B12: =SUM(INDIRECT("'"&(E$4)&"'!"&(E12)&"")) -> 0 | C12: =SUM(INDIRECT("'"&(F$4)&"'!"&(F12)&"")) -> 0 | D12: =IFERROR(C12/B12,"-") -> - | E12: =CONCATENATE(G$4,G12) -> S466 | F12: =CONCATENATE(G$4,H12) -> S466 | G12: 466 | H12: 466 | I12: 8日 | J12: =SUM(INDIRECT("'"&(M$4)&"'!"&(M12)&"")) -> 0 | K12: =SUM(INDIRECT("'"&(N$4)&"'!"&(N12)&"")) -> 0 | L12: =IFERROR(K12/J12,"-") -> - | M12: =CONCATENATE(O$4,O12) -> S467 | N12: =CONCATENATE(O$4,P12) -> S467 | O12: 467 | P12: 467 | Q12: 8日 | R12: =SUM(B12+J12) -> 0 | S12: =SUM(C12+K12) -> 0 | T12: =IFERROR(S12/R12,"-") -> -
A13: 9日 | B13: =SUM(INDIRECT("'"&(E$4)&"'!"&(E13)&"")) -> 0 | C13: =SUM(INDIRECT("'"&(F$4)&"'!"&(F13)&"")) -> 0 | D13: =IFERROR(C13/B13,"-") -> - | E13: =CONCATENATE(G$4,G13) -> S519 | F13: =CONCATENATE(G$4,H13) -> S519 | G13: 519 | H13: 519 | I13: 9日 | J13: =SUM(INDIRECT("'"&(M$4)&"'!"&(M13)&"")) -> 0 | K13: =SUM(INDIRECT("'"&(N$4)&"'!"&(N13)&"")) -> 0 | L13: =IFERROR(K13/J13,"-") -> - | M13: =CONCATENATE(O$4,O13) -> S520 | N13: =CONCATENATE(O$4,P13) -> S520 | O13: 520 | P13: 520 | Q13: 9日 | R13: =SUM(B13+J13) -> 0 | S13: =SUM(C13+K13) -> 0 | T13: =IFERROR(S13/R13,"-") -> -
A14: 10日 | B14: =SUM(INDIRECT("'"&(E$4)&"'!"&(E14)&"")) -> 0 | C14: =SUM(INDIRECT("'"&(F$4)&"'!"&(F14)&"")) -> 0 | D14: =IFERROR(C14/B14,"-") -> - | E14: =CONCATENATE(G$4,G14) -> S572 | F14: =CONCATENATE(G$4,H14) -> S572 | G14: 572 | H14: 572 | I14: 10日 | J14: =SUM(INDIRECT("'"&(M$4)&"'!"&(M14)&"")) -> 0 | K14: =SUM(INDIRECT("'"&(N$4)&"'!"&(N14)&"")) -> 0 | L14: =IFERROR(K14/J14,"-") -> - | M14: =CONCATENATE(O$4,O14) -> S573 | N14: =CONCATENATE(O$4,P14) -> S573 | O14: 573 | P14: 573 | Q14: 10日 | R14: =SUM(B14+J14) -> 0 | S14: =SUM(C14+K14) -> 0 | T14: =IFERROR(S14/R14,"-") -> -
A15: 11日 | B15: =SUM(INDIRECT("'"&(E$4)&"'!"&(E15)&"")) -> 0 | C15: =SUM(INDIRECT("'"&(F$4)&"'!"&(F15)&"")) -> 0 | D15: =IFERROR(C15/B15,"-") -> - | E15: =CONCATENATE(G$4,G15) -> S625 | F15: =CONCATENATE(G$4,H15) -> S625 | G15: 625 | H15: 625 | I15: 11日 | J15: =SUM(INDIRECT("'"&(M$4)&"'!"&(M15)&"")) -> 0 | K15: =SUM(INDIRECT("'"&(N$4)&"'!"&(N15)&"")) -> 0 | L15: =IFERROR(K15/J15,"-") -> - | M15: =CONCATENATE(O$4,O15) -> S626 | N15: =CONCATENATE(O$4,P15) -> S626 | O15: 626 | P15: 626 | Q15: 11日 | R15: =SUM(B15+J15) -> 0 | S15: =SUM(C15+K15) -> 0 | T15: =IFERROR(S15/R15,"-") -> -
A16: 12日 | B16: =SUM(INDIRECT("'"&(E$4)&"'!"&(E16)&"")) -> 0 | C16: =SUM(INDIRECT("'"&(F$4)&"'!"&(F16)&"")) -> 0 | D16: =IFERROR(C16/B16,"-") -> - | E16: =CONCATENATE(G$4,G16) -> S678 | F16: =CONCATENATE(G$4,H16) -> S678 | G16: 678 | H16: 678 | I16: 12日 | J16: =SUM(INDIRECT("'"&(M$4)&"'!"&(M16)&"")) -> 0 | K16: =SUM(INDIRECT("'"&(N$4)&"'!"&(N16)&"")) -> 0 | L16: =IFERROR(K16/J16,"-") -> - | M16: =CONCATENATE(O$4,O16) -> S679 | N16: =CONCATENATE(O$4,P16) -> S679 | O16: 679 | P16: 679 | Q16: 12日 | R16: =SUM(B16+J16) -> 0 | S16: =SUM(C16+K16) -> 0 | T16: =IFERROR(S16/R16,"-") -> -
... A35: 31日 | B35: =SUM(INDIRECT("'"&(E$4)&"'!"&(E35)&"")) -> 0 | C35: =SUM(INDIRECT("'"&(F$4)&"'!"&(F35)&"")) -> 0 | D35: =IFERROR(C35/B35,"-") -> - | E35: =CONCATENATE(G$4,G35) -> S1685 | F35: =CONCATENATE(G$4,H35) -> S1685 | G35: 1685 | H35: 1685 | I35: 31日 | J35: =SUM(INDIRECT("'"&(M$4)&"'!"&(M35)&"")) -> 0 | K35: =SUM(INDIRECT("'"&(N$4)&"'!"&(N35)&"")) -> 0 | L35: =IFERROR(K35/J35,"-") -> - | M35: =CONCATENATE(O$4,O35) -> S1686 | N35: =CONCATENATE(O$4,P35) -> S1686 | O35: 1686 | P35: 1686 | Q35: 31日 | R35: =SUM(B35+J35) -> 0 | S35: =SUM(C35+K35) -> 0 | T35: =IFERROR(S35/R35,"-") -> -
A36: 合 計 | B36: =SUM(B5:B35) -> 0 | C36: =SUM(C5:C35) -> 17960 | D36: =IF(C36=0,"-",C36/B36) -> #DIV/0! | I36: 合 計 | J36: =SUM(J5:J35) -> 4530 | K36: =SUM(K5:K35) -> 0 | L36: =IF(K36=0,"-",K36/J36) -> - | Q36: 合 計 | R36: =SUM(R5:R35) -> 4530 | S36: =SUM(S5:S35) -> 17960 | T36: =IF(S36=0,"-",S36/R36) -> 3.9646799

Sheet 指定席売上日別
A2: おーろら指定席売上 | I2: おーろら2指定席売上 | Q2: 合計指定席売上
A4: 日にち | B4: 前 年 | C4: 本 年 | D4: 前年比 | E4: 昨年日報 | F4: 日報 | G4: S | H4: Z | I4: 日にち | J4: 前 年 | K4: 本 年 | L4: 前年比 | M4: 昨年日報 | N4: 日報 | O4: S | P4: Z | Q4: 日にち | R4: 前 年 | S4: 本 年 | T4: 前年比
A5: 1日 | B5: =SUM(INDIRECT("'"&(E$4)&"'!"&(E5)&"")) -> 0 | C5: =SUM(INDIRECT("'"&(F$4)&"'!"&(F5)&"")) -> 21200 | D5: =IFERROR(C5/B5,"-") -> - | E5: =CONCATENATE(G$4,G5) -> S97 | F5: =CONCATENATE(G$4,H5) -> S97 | G5: 97 | H5: 97 | I5: 1日 | J5: =SUM(INDIRECT("'"&(M$4)&"'!"&(M5)&"")) -> 0 | K5: =SUM(INDIRECT("'"&(N$4)&"'!"&(N5)&"")) -> 0 | L5: =IFERROR(K5/J5,"-") -> - | M5: =CONCATENATE(O$4,O5) -> S98 | N5: =CONCATENATE(O$4,P5) -> S98 | O5: 98 | P5: 98 | Q5: 1日 | R5: =SUM(B5+J5) -> 0 | S5: =SUM(C5+K5) -> 21200 | T5: =IFERROR(S5/R5,"-") -> -
A6: 2日 | B6: =SUM(INDIRECT("'"&(E$4)&"'!"&(E6)&"")) -> 0 | C6: =SUM(INDIRECT("'"&(F$4)&"'!"&(F6)&"")) -> 0 | D6: =IFERROR(C6/B6,"-") -> - | E6: =CONCATENATE(G$4,G6) -> S150 | F6: =CONCATENATE(G$4,H6) -> S150 | G6: 150 | H6: 150 | I6: 2日 | J6: =SUM(INDIRECT("'"&(M$4)&"'!"&(M6)&"")) -> 3000 | K6: =SUM(INDIRECT("'"&(N$4)&"'!"&(N6)&"")) -> 0 | L6: =IFERROR(K6/J6,"-") -> 0 | M6: =CONCATENATE(O$4,O6) -> S151 | N6: =CONCATENATE(O$4,P6) -> S151 | O6: 151 | P6: 151 | Q6: 2日 | R6: =SUM(B6+J6) -> 3000 | S6: =SUM(C6+K6) -> 0 | T6: =IFERROR(S6/R6,"-") -> 0
A7: 3日 | B7: =SUM(INDIRECT("'"&(E$4)&"'!"&(E7)&"")) -> 0 | C7: =SUM(INDIRECT("'"&(F$4)&"'!"&(F7)&"")) -> 0 | D7: =IFERROR(C7/B7,"-") -> - | E7: =CONCATENATE(G$4,G7) -> S203 | F7: =CONCATENATE(G$4,H7) -> S203 | G7: 203 | H7: 203 | I7: 3日 | J7: =SUM(INDIRECT("'"&(M$4)&"'!"&(M7)&"")) -> 0 | K7: =SUM(INDIRECT("'"&(N$4)&"'!"&(N7)&"")) -> 0 | L7: =IFERROR(K7/J7,"-") -> - | M7: =CONCATENATE(O$4,O7) -> S204 | N7: =CONCATENATE(O$4,P7) -> S204 | O7: 204 | P7: 204 | Q7: 3日 | R7: =SUM(B7+J7) -> 0 | S7: =SUM(C7+K7) -> 0 | T7: =IFERROR(S7/R7,"-") -> -
A8: 4日 | B8: =SUM(INDIRECT("'"&(E$4)&"'!"&(E8)&"")) -> 0 | C8: =SUM(INDIRECT("'"&(F$4)&"'!"&(F8)&"")) -> 0 | D8: =IFERROR(C8/B8,"-") -> - | E8: =CONCATENATE(G$4,G8) -> S256 | F8: =CONCATENATE(G$4,H8) -> S256 | G8: 256 | H8: 256 | I8: 4日 | J8: =SUM(INDIRECT("'"&(M$4)&"'!"&(M8)&"")) -> 52630 | K8: =SUM(INDIRECT("'"&(N$4)&"'!"&(N8)&"")) -> 0 | L8: =IFERROR(K8/J8,"-") -> 0 | M8: =CONCATENATE(O$4,O8) -> S257 | N8: =CONCATENATE(O$4,P8) -> S257 | O8: 257 | P8: 257 | Q8: 4日 | R8: =SUM(B8+J8) -> 52630 | S8: =SUM(C8+K8) -> 0 | T8: =IFERROR(S8/R8,"-") -> 0
A9: 5日 | B9: =SUM(INDIRECT("'"&(E$4)&"'!"&(E9)&"")) -> 0 | C9: =SUM(INDIRECT("'"&(F$4)&"'!"&(F9)&"")) -> 0 | D9: =IFERROR(C9/B9,"-") -> - | E9: =CONCATENATE(G$4,G9) -> S309 | F9: =CONCATENATE(G$4,H9) -> S309 | G9: 309 | H9: 309 | I9: 5日 | J9: =SUM(INDIRECT("'"&(M$4)&"'!"&(M9)&"")) -> 0 | K9: =SUM(INDIRECT("'"&(N$4)&"'!"&(N9)&"")) -> 0 | L9: =IFERROR(K9/J9,"-") -> - | M9: =CONCATENATE(O$4,O9) -> S310 | N9: =CONCATENATE(O$4,P9) -> S310 | O9: 310 | P9: 310 | Q9: 5日 | R9: =SUM(B9+J9) -> 0 | S9: =SUM(C9+K9) -> 0 | T9: =IFERROR(S9/R9,"-") -> -
A10: 6日 | B10: =SUM(INDIRECT("'"&(E$4)&"'!"&(E10)&"")) -> 0 | C10: =SUM(INDIRECT("'"&(F$4)&"'!"&(F10)&"")) -> 0 | D10: =IFERROR(C10/B10,"-") -> - | E10: =CONCATENATE(G$4,G10) -> S362 | F10: =CONCATENATE(G$4,H10) -> S362 | G10: 362 | H10: 362 | I10: 6日 | J10: =SUM(INDIRECT("'"&(M$4)&"'!"&(M10)&"")) -> 0 | K10: =SUM(INDIRECT("'"&(N$4)&"'!"&(N10)&"")) -> 0 | L10: =IFERROR(K10/J10,"-") -> - | M10: =CONCATENATE(O$4,O10) -> S363 | N10: =CONCATENATE(O$4,P10) -> S363 | O10: 363 | P10: 363 | Q10: 6日 | R10: =SUM(B10+J10) -> 0 | S10: =SUM(C10+K10) -> 0 | T10: =IFERROR(S10/R10,"-") -> -
A11: 7日 | B11: =SUM(INDIRECT("'"&(E$4)&"'!"&(E11)&"")) -> 0 | C11: =SUM(INDIRECT("'"&(F$4)&"'!"&(F11)&"")) -> 0 | D11: =IFERROR(C11/B11,"-") -> - | E11: =CONCATENATE(G$4,G11) -> S415 | F11: =CONCATENATE(G$4,H11) -> S415 | G11: 415 | H11: 415 | I11: 7日 | J11: =SUM(INDIRECT("'"&(M$4)&"'!"&(M11)&"")) -> 0 | K11: =SUM(INDIRECT("'"&(N$4)&"'!"&(N11)&"")) -> 0 | L11: =IFERROR(K11/J11,"-") -> - | M11: =CONCATENATE(O$4,O11) -> S416 | N11: =CONCATENATE(O$4,P11) -> S416 | O11: 416 | P11: 416 | Q11: 7日 | R11: =SUM(B11+J11) -> 0 | S11: =SUM(C11+K11) -> 0 | T11: =IFERROR(S11/R11,"-") -> -
A12: 8日 | B12: =SUM(INDIRECT("'"&(E$4)&"'!"&(E12)&"")) -> 0 | C12: =SUM(INDIRECT("'"&(F$4)&"'!"&(F12)&"")) -> 0 | D12: =IFERROR(C12/B12,"-") -> - | E12: =CONCATENATE(G$4,G12) -> S468 | F12: =CONCATENATE(G$4,H12) -> S468 | G12: 468 | H12: 468 | I12: 8日 | J12: =SUM(INDIRECT("'"&(M$4)&"'!"&(M12)&"")) -> 0 | K12: =SUM(INDIRECT("'"&(N$4)&"'!"&(N12)&"")) -> 0 | L12: =IFERROR(K12/J12,"-") -> - | M12: =CONCATENATE(O$4,O12) -> S469 | N12: =CONCATENATE(O$4,P12) -> S469 | O12: 469 | P12: 469 | Q12: 8日 | R12: =SUM(B12+J12) -> 0 | S12: =SUM(C12+K12) -> 0 | T12: =IFERROR(S12/R12,"-") -> -
A13: 9日 | B13: =SUM(INDIRECT("'"&(E$4)&"'!"&(E13)&"")) -> 0 | C13: =SUM(INDIRECT("'"&(F$4)&"'!"&(F13)&"")) -> 0 | D13: =IFERROR(C13/B13,"-") -> - | E13: =CONCATENATE(G$4,G13) -> S521 | F13: =CONCATENATE(G$4,H13) -> S521 | G13: 521 | H13: 521 | I13: 9日 | J13: =SUM(INDIRECT("'"&(M$4)&"'!"&(M13)&"")) -> 0 | K13: =SUM(INDIRECT("'"&(N$4)&"'!"&(N13)&"")) -> 0 | L13: =IFERROR(K13/J13,"-") -> - | M13: =CONCATENATE(O$4,O13) -> S522 | N13: =CONCATENATE(O$4,P13) -> S522 | O13: 522 | P13: 522 | Q13: 9日 | R13: =SUM(B13+J13) -> 0 | S13: =SUM(C13+K13) -> 0 | T13: =IFERROR(S13/R13,"-") -> -
A14: 10日 | B14: =SUM(INDIRECT("'"&(E$4)&"'!"&(E14)&"")) -> 0 | C14: =SUM(INDIRECT("'"&(F$4)&"'!"&(F14)&"")) -> 0 | D14: =IFERROR(C14/B14,"-") -> - | E14: =CONCATENATE(G$4,G14) -> S574 | F14: =CONCATENATE(G$4,H14) -> S574 | G14: 574 | H14: 574 | I14: 10日 | J14: =SUM(INDIRECT("'"&(M$4)&"'!"&(M14)&"")) -> 0 | K14: =SUM(INDIRECT("'"&(N$4)&"'!"&(N14)&"")) -> 0 | L14: =IFERROR(K14/J14,"-") -> - | M14: =CONCATENATE(O$4,O14) -> S575 | N14: =CONCATENATE(O$4,P14) -> S575 | O14: 575 | P14: 575 | Q14: 10日 | R14: =SUM(B14+J14) -> 0 | S14: =SUM(C14+K14) -> 0 | T14: =IFERROR(S14/R14,"-") -> -
A15: 11日 | B15: =SUM(INDIRECT("'"&(E$4)&"'!"&(E15)&"")) -> 0 | C15: =SUM(INDIRECT("'"&(F$4)&"'!"&(F15)&"")) -> 0 | D15: =IFERROR(C15/B15,"-") -> - | E15: =CONCATENATE(G$4,G15) -> S627 | F15: =CONCATENATE(G$4,H15) -> S627 | G15: 627 | H15: 627 | I15: 11日 | J15: =SUM(INDIRECT("'"&(M$4)&"'!"&(M15)&"")) -> 0 | K15: =SUM(INDIRECT("'"&(N$4)&"'!"&(N15)&"")) -> 0 | L15: =IFERROR(K15/J15,"-") -> - | M15: =CONCATENATE(O$4,O15) -> S628 | N15: =CONCATENATE(O$4,P15) -> S628 | O15: 628 | P15: 628 | Q15: 11日 | R15: =SUM(B15+J15) -> 0 | S15: =SUM(C15+K15) -> 0 | T15: =IFERROR(S15/R15,"-") -> -
A16: 12日 | B16: =SUM(INDIRECT("'"&(E$4)&"'!"&(E16)&"")) -> 0 | C16: =SUM(INDIRECT("'"&(F$4)&"'!"&(F16)&"")) -> 0 | D16: =IFERROR(C16/B16,"-") -> - | E16: =CONCATENATE(G$4,G16) -> S680 | F16: =CONCATENATE(G$4,H16) -> S680 | G16: 680 | H16: 680 | I16: 12日 | J16: =SUM(INDIRECT("'"&(M$4)&"'!"&(M16)&"")) -> 0 | K16: =SUM(INDIRECT("'"&(N$4)&"'!"&(N16)&"")) -> 0 | L16: =IFERROR(K16/J16,"-") -> - | M16: =CONCATENATE(O$4,O16) -> S681 | N16: =CONCATENATE(O$4,P16) -> S681 | O16: 681 | P16: 681 | Q16: 12日 | R16: =SUM(B16+J16) -> 0 | S16: =SUM(C16+K16) -> 0 | T16: =IFERROR(S16/R16,"-") -> -
... A35: 31日 | B35: =SUM(INDIRECT("'"&(E$4)&"'!"&(E35)&"")) -> 0 | C35: =SUM(INDIRECT("'"&(F$4)&"'!"&(F35)&"")) -> 0 | D35: =IFERROR(C35/B35,"-") -> - | E35: =CONCATENATE(G$4,G35) -> S1687 | F35: =CONCATENATE(G$4,H35) -> S1687 | G35: 1687 | H35: 1687 | I35: 31日 | J35: =SUM(INDIRECT("'"&(M$4)&"'!"&(M35)&"")) -> 0 | K35: =SUM(INDIRECT("'"&(N$4)&"'!"&(N35)&"")) -> 0 | L35: =IFERROR(K35/J35,"-") -> - | M35: =CONCATENATE(O$4,O35) -> S1688 | N35: =CONCATENATE(O$4,P35) -> S1688 | O35: 1688 | P35: 1688 | Q35: 31日 | R35: =SUM(B35+J35) -> 0 | S35: =SUM(C35+K35) -> 0 | T35: =IFERROR(S35/R35,"-") -> -
A36: 合 計 | B36: =SUM(B5:B35) -> 0 | C36: =SUM(C5:C35) -> 21200 | D36: =IF(C36=0,"-",C36/B36) -> #DIV/0! | I36: 合 計 | J36: =SUM(J5:J35) -> 55630 | K36: =SUM(K5:K35) -> 0 | L36: =IF(K36=0,"-",K36/J36) -> - | Q36: 合 計 | R36: =SUM(R5:R35) -> 55630 | S36: =SUM(S5:S35) -> 21200 | T36: =IF(S36=0,"-",S36/R36) -> 0.38108934

Sheet 双眼鏡売上日別
A2: おーろら双眼鏡売上 | I2: おーろら2双眼鏡売上 | Q2: 合計双眼鏡売上
A4: 日にち | B4: 前 年 | C4: 本 年 | D4: 前年比 | E4: 昨年日報 | F4: 日報 | G4: S | H4: Z | I4: 日にち | J4: 前 年 | K4: 本 年 | L4: 前年比 | M4: 昨年日報 | N4: 日報 | O4: S | P4: Z | Q4: 日にち | R4: 前 年 | S4: 本 年 | T4: 前年比
A5: 1日 | B5: =SUM(INDIRECT("'"&(E$4)&"'!"&(E5)&"")) -> 0 | C5: =SUM(INDIRECT("'"&(F$4)&"'!"&(F5)&"")) -> 8000 | D5: =IFERROR(C5/B5,"-") -> - | E5: =CONCATENATE(G$4,G5) -> S101 | F5: =CONCATENATE(G$4,H5) -> S101 | G5: 101 | H5: 101 | I5: 1日 | J5: =SUM(INDIRECT("'"&(M$4)&"'!"&(M5)&"")) -> 0 | K5: =SUM(INDIRECT("'"&(N$4)&"'!"&(N5)&"")) -> 0 | L5: =IFERROR(K5/J5,"-") -> - | M5: =CONCATENATE(O$4,O5) -> S102 | N5: =CONCATENATE(O$4,P5) -> S102 | O5: 102 | P5: 102 | Q5: 1日 | R5: =SUM(B5+J5) -> 0 | S5: =SUM(C5+K5) -> 8000 | T5: =IFERROR(S5/R5,"-") -> -
A6: 2日 | B6: =SUM(INDIRECT("'"&(E$4)&"'!"&(E6)&"")) -> 0 | C6: =SUM(INDIRECT("'"&(F$4)&"'!"&(F6)&"")) -> 0 | D6: =IFERROR(C6/B6,"-") -> - | E6: =CONCATENATE(G$4,G6) -> S154 | F6: =CONCATENATE(G$4,H6) -> S154 | G6: 154 | H6: 154 | I6: 2日 | J6: =SUM(INDIRECT("'"&(M$4)&"'!"&(M6)&"")) -> 1500 | K6: =SUM(INDIRECT("'"&(N$4)&"'!"&(N6)&"")) -> 0 | L6: =IFERROR(K6/J6,"-") -> 0 | M6: =CONCATENATE(O$4,O6) -> S155 | N6: =CONCATENATE(O$4,P6) -> S155 | O6: 155 | P6: 155 | Q6: 2日 | R6: =SUM(B6+J6) -> 1500 | S6: =SUM(C6+K6) -> 0 | T6: =IFERROR(S6/R6,"-") -> 0
A7: 3日 | B7: =SUM(INDIRECT("'"&(E$4)&"'!"&(E7)&"")) -> 0 | C7: =SUM(INDIRECT("'"&(F$4)&"'!"&(F7)&"")) -> 0 | D7: =IFERROR(C7/B7,"-") -> - | E7: =CONCATENATE(G$4,G7) -> S207 | F7: =CONCATENATE(G$4,H7) -> S207 | G7: 207 | H7: 207 | I7: 3日 | J7: =SUM(INDIRECT("'"&(M$4)&"'!"&(M7)&"")) -> 0 | K7: =SUM(INDIRECT("'"&(N$4)&"'!"&(N7)&"")) -> 0 | L7: =IFERROR(K7/J7,"-") -> - | M7: =CONCATENATE(O$4,O7) -> S208 | N7: =CONCATENATE(O$4,P7) -> S208 | O7: 208 | P7: 208 | Q7: 3日 | R7: =SUM(B7+J7) -> 0 | S7: =SUM(C7+K7) -> 0 | T7: =IFERROR(S7/R7,"-") -> -
A8: 4日 | B8: =SUM(INDIRECT("'"&(E$4)&"'!"&(E8)&"")) -> 0 | C8: =SUM(INDIRECT("'"&(F$4)&"'!"&(F8)&"")) -> 0 | D8: =IFERROR(C8/B8,"-") -> - | E8: =CONCATENATE(G$4,G8) -> S260 | F8: =CONCATENATE(G$4,H8) -> S260 | G8: 260 | H8: 260 | I8: 4日 | J8: =SUM(INDIRECT("'"&(M$4)&"'!"&(M8)&"")) -> 0 | K8: =SUM(INDIRECT("'"&(N$4)&"'!"&(N8)&"")) -> 0 | L8: =IFERROR(K8/J8,"-") -> - | M8: =CONCATENATE(O$4,O8) -> S261 | N8: =CONCATENATE(O$4,P8) -> S261 | O8: 261 | P8: 261 | Q8: 4日 | R8: =SUM(B8+J8) -> 0 | S8: =SUM(C8+K8) -> 0 | T8: =IFERROR(S8/R8,"-") -> -
A9: 5日 | B9: =SUM(INDIRECT("'"&(E$4)&"'!"&(E9)&"")) -> 25100 | C9: =SUM(INDIRECT("'"&(F$4)&"'!"&(F9)&"")) -> 0 | D9: =IFERROR(C9/B9,"-") -> 0 | E9: =CONCATENATE(G$4,G9) -> S313 | F9: =CONCATENATE(G$4,H9) -> S313 | G9: 313 | H9: 313 | I9: 5日 | J9: =SUM(INDIRECT("'"&(M$4)&"'!"&(M9)&"")) -> 0 | K9: =SUM(INDIRECT("'"&(N$4)&"'!"&(N9)&"")) -> 0 | L9: =IFERROR(K9/J9,"-") -> - | M9: =CONCATENATE(O$4,O9) -> S314 | N9: =CONCATENATE(O$4,P9) -> S314 | O9: 314 | P9: 314 | Q9: 5日 | R9: =SUM(B9+J9) -> 25100 | S9: =SUM(C9+K9) -> 0 | T9: =IFERROR(S9/R9,"-") -> 0
A10: 6日 | B10: =SUM(INDIRECT("'"&(E$4)&"'!"&(E10)&"")) -> 0 | C10: =SUM(INDIRECT("'"&(F$4)&"'!"&(F10)&"")) -> 0 | D10: =IFERROR(C10/B10,"-") -> - | E10: =CONCATENATE(G$4,G10) -> S366 | F10: =CONCATENATE(G$4,H10) -> S366 | G10: 366 | H10: 366 | I10: 6日 | J10: =SUM(INDIRECT("'"&(M$4)&"'!"&(M10)&"")) -> 4200 | K10: =SUM(INDIRECT("'"&(N$4)&"'!"&(N10)&"")) -> 3000 | L10: =IFERROR(K10/J10,"-") -> 0.71428571 | M10: =CONCATENATE(O$4,O10) -> S367 | N10: =CONCATENATE(O$4,P10) -> S367 | O10: 367 | P10: 367 | Q10: 6日 | R10: =SUM(B10+J10) -> 4200 | S10: =SUM(C10+K10) -> 3000 | T10: =IFERROR(S10/R10,"-") -> 0.71428571
A11: 7日 | B11: =SUM(INDIRECT("'"&(E$4)&"'!"&(E11)&"")) -> 4700 | C11: =SUM(INDIRECT("'"&(F$4)&"'!"&(F11)&"")) -> 3810 | D11: =IFERROR(C11/B11,"-") -> 0.8106383 | E11: =CONCATENATE(G$4,G11) -> S419 | F11: =CONCATENATE(G$4,H11) -> S419 | G11: 419 | H11: 419 | I11: 7日 | J11: =SUM(INDIRECT("'"&(M$4)&"'!"&(M11)&"")) -> 0 | K11: =SUM(INDIRECT("'"&(N$4)&"'!"&(N11)&"")) -> 0 | L11: =IFERROR(K11/J11,"-") -> - | M11: =CONCATENATE(O$4,O11) -> S420 | N11: =CONCATENATE(O$4,P11) -> S420 | O11: 420 | P11: 420 | Q11: 7日 | R11: =SUM(B11+J11) -> 4700 | S11: =SUM(C11+K11) -> 3810 | T11: =IFERROR(S11/R11,"-") -> 0.8106383
A12: 8日 | B12: =SUM(INDIRECT("'"&(E$4)&"'!"&(E12)&"")) -> 0 | C12: =SUM(INDIRECT("'"&(F$4)&"'!"&(F12)&"")) -> 3500 | D12: =IFERROR(C12/B12,"-") -> - | E12: =CONCATENATE(G$4,G12) -> S472 | F12: =CONCATENATE(G$4,H12) -> S472 | G12: 472 | H12: 472 | I12: 8日 | J12: =SUM(INDIRECT("'"&(M$4)&"'!"&(M12)&"")) -> 5920 | K12: =SUM(INDIRECT("'"&(N$4)&"'!"&(N12)&"")) -> 0 | L12: =IFERROR(K12/J12,"-") -> 0 | M12: =CONCATENATE(O$4,O12) -> S473 | N12: =CONCATENATE(O$4,P12) -> S473 | O12: 473 | P12: 473 | Q12: 8日 | R12: =SUM(B12+J12) -> 5920 | S12: =SUM(C12+K12) -> 3500 | T12: =IFERROR(S12/R12,"-") -> 0.59121622
A13: 9日 | B13: =SUM(INDIRECT("'"&(E$4)&"'!"&(E13)&"")) -> 0 | C13: =SUM(INDIRECT("'"&(F$4)&"'!"&(F13)&"")) -> 0 | D13: =IFERROR(C13/B13,"-") -> - | E13: =CONCATENATE(G$4,G13) -> S525 | F13: =CONCATENATE(G$4,H13) -> S525 | G13: 525 | H13: 525 | I13: 9日 | J13: =SUM(INDIRECT("'"&(M$4)&"'!"&(M13)&"")) -> 0 | K13: =SUM(INDIRECT("'"&(N$4)&"'!"&(N13)&"")) -> 0 | L13: =IFERROR(K13/J13,"-") -> - | M13: =CONCATENATE(O$4,O13) -> S526 | N13: =CONCATENATE(O$4,P13) -> S526 | O13: 526 | P13: 526 | Q13: 9日 | R13: =SUM(B13+J13) -> 0 | S13: =SUM(C13+K13) -> 0 | T13: =IFERROR(S13/R13,"-") -> -
A14: 10日 | B14: =SUM(INDIRECT("'"&(E$4)&"'!"&(E14)&"")) -> 0 | C14: =SUM(INDIRECT("'"&(F$4)&"'!"&(F14)&"")) -> 0 | D14: =IFERROR(C14/B14,"-") -> - | E14: =CONCATENATE(G$4,G14) -> S578 | F14: =CONCATENATE(G$4,H14) -> S578 | G14: 578 | H14: 578 | I14: 10日 | J14: =SUM(INDIRECT("'"&(M$4)&"'!"&(M14)&"")) -> 0 | K14: =SUM(INDIRECT("'"&(N$4)&"'!"&(N14)&"")) -> 0 | L14: =IFERROR(K14/J14,"-") -> - | M14: =CONCATENATE(O$4,O14) -> S579 | N14: =CONCATENATE(O$4,P14) -> S579 | O14: 579 | P14: 579 | Q14: 10日 | R14: =SUM(B14+J14) -> 0 | S14: =SUM(C14+K14) -> 0 | T14: =IFERROR(S14/R14,"-") -> -
A15: 11日 | B15: =SUM(INDIRECT("'"&(E$4)&"'!"&(E15)&"")) -> 0 | C15: =SUM(INDIRECT("'"&(F$4)&"'!"&(F15)&"")) -> 0 | D15: =IFERROR(C15/B15,"-") -> - | E15: =CONCATENATE(G$4,G15) -> S631 | F15: =CONCATENATE(G$4,H15) -> S631 | G15: 631 | H15: 631 | I15: 11日 | J15: =SUM(INDIRECT("'"&(M$4)&"'!"&(M15)&"")) -> 0 | K15: =SUM(INDIRECT("'"&(N$4)&"'!"&(N15)&"")) -> 0 | L15: =IFERROR(K15/J15,"-") -> - | M15: =CONCATENATE(O$4,O15) -> S632 | N15: =CONCATENATE(O$4,P15) -> S632 | O15: 632 | P15: 632 | Q15: 11日 | R15: =SUM(B15+J15) -> 0 | S15: =SUM(C15+K15) -> 0 | T15: =IFERROR(S15/R15,"-") -> -
A16: 12日 | B16: =SUM(INDIRECT("'"&(E$4)&"'!"&(E16)&"")) -> 0 | C16: =SUM(INDIRECT("'"&(F$4)&"'!"&(F16)&"")) -> 0 | D16: =IFERROR(C16/B16,"-") -> - | E16: =CONCATENATE(G$4,G16) -> S684 | F16: =CONCATENATE(G$4,H16) -> S684 | G16: 684 | H16: 684 | I16: 12日 | J16: =SUM(INDIRECT("'"&(M$4)&"'!"&(M16)&"")) -> 0 | K16: =SUM(INDIRECT("'"&(N$4)&"'!"&(N16)&"")) -> 0 | L16: =IFERROR(K16/J16,"-") -> - | M16: =CONCATENATE(O$4,O16) -> S685 | N16: =CONCATENATE(O$4,P16) -> S685 | O16: 685 | P16: 685 | Q16: 12日 | R16: =SUM(B16+J16) -> 0 | S16: =SUM(C16+K16) -> 0 | T16: =IFERROR(S16/R16,"-") -> -
... A35: 31日 | B35: =SUM(INDIRECT("'"&(E$4)&"'!"&(E35)&"")) -> 0 | C35: =SUM(INDIRECT("'"&(F$4)&"'!"&(F35)&"")) -> 0 | D35: =IFERROR(C35/B35,"-") -> - | E35: =CONCATENATE(G$4,G35) -> S1691 | F35: =CONCATENATE(G$4,H35) -> S1691 | G35: 1691 | H35: 1691 | I35: 31日 | J35: =SUM(INDIRECT("'"&(M$4)&"'!"&(M35)&"")) -> 0 | K35: =SUM(INDIRECT("'"&(N$4)&"'!"&(N35)&"")) -> 0 | L35: =IFERROR(K35/J35,"-") -> - | M35: =CONCATENATE(O$4,O35) -> S1692 | N35: =CONCATENATE(O$4,P35) -> S1692 | O35: 1692 | P35: 1692 | Q35: 31日 | R35: =SUM(B35+J35) -> 0 | S35: =SUM(C35+K35) -> 0 | T35: =IFERROR(S35/R35,"-") -> -
A36: 合 計 | B36: =SUM(B5:B35) -> 29800 | C36: =SUM(C5:C35) -> 15310 | D36: =IF(C36=0,"-",C36/B36) -> 0.51375839 | I36: 合 計 | J36: =SUM(J5:J35) -> 11620 | K36: =SUM(K5:K35) -> 3000 | L36: =IF(K36=0,"-",K36/J36) -> 0.25817556 | Q36: 合 計 | R36: =SUM(R5:R35) -> 41420 | S36: =SUM(S5:S35) -> 18310 | T36: =IF(S36=0,"-",S36/R36) -> 0.44205698

Sheet 印刷用集計データ
C3: =TODAY() -> 46274 | D3: 現在 当月 | F3: =+C3 -> 46274 | G3: 現在 全期
A4: 乗客数 | B4: 昨年 | C4: =SUM(乗船人数・収入日別簡易表印刷データ集計表用!C36) -> 0 | D4: =IFERROR(C5/C4,"-") -> - | E4: 昨年 | F4: =SUM(C4+前月ペースト場所!AI34) -> 278 | G4: =IFERROR(F5/F4,"-") -> 2463.0144
B5: 本年 | C5: =SUM(乗船人数・収入日別簡易表印刷データ集計表用!D36) -> 684580 | E5: 本年 | F5: =SUM(C5+前月ペースト場所!AI35) -> 684718
C6: =+C5-C4 -> 684580 | F6: =+F5-F4 -> 684440
C8: =+C3 -> 46274 | D8: 現在 当月 | F8: =+C8 -> 46274 | G8: 現在 全期
A9: ①売店 | B9: 昨年 | C9: =SUM(乗船人数・収入日別簡易表印刷データ集計表用!AA36) -> 0 | D9: =IFERROR(C10/C9,"-") -> - | E9: 昨年 | F9: =SUM(C9+前月ペースト場所!AM60) -> 17400 | G9: =IFERROR(F10/F9,"-") -> 1.1545977
B10: 本年 | C10: =SUM(乗船人数・収入日別簡易表印刷データ集計表用!AB36) -> 17960 | E10: 本年 | F10: =SUM(C10+前月ペースト場所!AM7) -> 20090
B11: 昨年差 | C11: =+C10-C9 -> 17960 | F11: =+F10-F9 -> 2690
C13: =+C8 -> 46274 | D13: 現在 当月 | F13: =+C13 -> 46274 | G13: 現在 全期
A14: ②売店 | B14: 昨年 | C14: =SUM(乗船人数・収入日別簡易表印刷データ集計表用!AI36) -> 0 | D14: =IFERROR(C15/C14,"-") -> - | E14: 昨年 | F14: =SUM(C14+前月ペースト場所!AM61) -> 0 | G14: =IFERROR(F15/F14,"-") -> -
B15: 本年 | C15: =SUM(乗船人数・収入日別簡易表印刷データ集計表用!AJ36) -> 0 | E15: 本年 | F15: =SUM(C15+前月ペースト場所!AM8) -> 0
B16: 昨年差 | C16: =+C15-C14 -> 0 | F16: =+F15-F14 -> 0
C18: =+C13 -> 46274 | D18: 現在 当月 | F18: =+C18 -> 46274 | G18: 現在 全期
A19: ①双眼 | B19: 昨年 | C19: =SUM(乗船人数・収入日別簡易表印刷データ集計表用!AQ36) -> 4700 | D19: =IFERROR(C20/C19,"-") -> 3.2574468 | E19: 昨年 | F19: =SUM(C19+前月ペースト場所!AM68) -> 12200 | G19: =IFERROR(F20/F19,"-") -> 1.3368852
B20: 本年 | C20: =SUM(乗船人数・収入日別簡易表印刷データ集計表用!AR36) -> 15310 | E20: 本年 | F20: =SUM(C20+前月ペースト場所!AM15) -> 16310
B21: 昨年差 | C21: =+C20-C19 -> 10610 | F21: =+F20-F19 -> 4110
C23: =+C18 -> 46274 | D23: 現在 当月 | F23: =+C23 -> 46274 | G23: 現在 全期
A24: ②双眼 | B24: 昨年 | C24: =SUM(乗船人数・収入日別簡易表印刷データ集計表用!AY36) -> 0 | D24: =IFERROR(C25/C24,"-") -> - | E24: 昨年 | F24: =SUM(C24+前月ペースト場所!AM69) -> 0 | G24: =IFERROR(F25/F24,"-") -> -
B25: 本年 | C25: =SUM(乗船人数・収入日別簡易表印刷データ集計表用!AZ36) -> 3000 | E25: 本年 | F25: =SUM(C25+前月ペースト場所!AM16) -> 3000
B26: 昨年差 | C26: =+C25-C24 -> 3000 | F26: =+F25-F24 -> 3000
E27: 同時期昨対
B28: 売店+双眼TOTAL | C28: おーろら | D28: =+F10+F20 -> 36400 | E28: =IFERROR(D28/F28,"-") -> 7.7446809 | F28: =SUM(C9+C19) -> 4700
C29: おーろら2 | D29: =+F15+F25 -> 3000 | E29: =IFERROR(D29/F29,"-") -> - | F29: =SUM(C14+C24) -> 0
C31: =+C23 -> 46274 | D31: 現在 当月 | F31: =+F23 -> 46274 | G31: 現在 全期
A32: 総合計 | B32: 昨年 | C32: =SUM(乗船人数・収入日別簡易表印刷データ集計表用!S36) -> 614062 | D32: =IFERROR(C33/C32,"-") -> 6.0131029 | E32: 昨年 | F32: =SUM(C32+前月ペースト場所!AI48) -> 1855922 | G32: =IFERROR(F33/F32,"-") -> 2.3815139
B33: 本年 | C33: =SUM(乗船人数・収入日別簡易表印刷データ集計表用!T36) -> 3692418 | E33: 本年 | F33: =SUM(C33+前月ペースト場所!AI49) -> 4419904
B34: 昨年差 | C34: =+C33-C32 -> 3078356 | F34: =+F33-F32 -> 2563982

Sheet 来月コピー用
A1: ⇧ここからｺﾋﾟｰ | AJ1: 天 | AL1: 午 前 | AM1: 午 後 | AN1: ⇧ここまで
A2: 貼り付けは値で | AJ2: 候
AL6: 船内売店売上月累計
AL7: おーろら | AM7: =SUM(日報!AG1682+前月ペースト場所!AM7) -> 283070
AL8: おーろら2 | AM8: =SUM(日報!AG1683+前月ペースト場所!AM8) -> 0
AL10: 座席指定料月累計
AL11: おーろら | AM11: =SUM(日報!AG1686+前月ペースト場所!AM11) -> 307200
AL12: おーろら2 | AM12: =SUM(日報!AG1687+前月ペースト場所!AM12) -> 0
AL14: 双眼鏡レンタル月累計
AL15: おーろら | AM15: =SUM(日報!AG1690+前月ペースト場所!AM15) -> 49500
AL16: おーろら2 | AM16: =SUM(日報!AG1691+前月ペースト場所!AM16) -> 0
AL18: 当日取扱現金
AL20: 現金売上
AL22: 売掛回収
AL24: 預り金
AL26: 乗船手数料
AL28: 過不足金
W29: 1
AL30: 預金額計
X32: 収入内訳 | AL32: 記 事
Z33: 当 日 | AD33: 当 月 累 計 | AI33: 全 期 累 計
Y34: （昨年） | AC34: （昨年） | AD34: =SUM(日報!X1709) -> 4817 | AG34: （昨年） | AI34: =SUM(日報!AC1709) -> 5095
X35: 乗 客 数 | Y35: （本年） | AB35: =+IF(ISERROR(Z35/Z34*100),"",(Z35/Z34*100)) | AC35: （本年） | AD35: =SUM(日報!X1710) -> 4409 | AF35: =+IF(ISERROR(AD35/AD34*100),"",(AD35/AD34*100)) -> 91.529998 | AG35: （本年） | AI35: =SUM(日報!AC1710) -> 4547 | AJ35: =+IF(ISERROR(AI35/AI34*100),"",(AI35/AI34*100)) -> 89.244357
AD36: =SUM(日報!X1711) -> 22788980 | AI36: =SUM(日報!AC1711) -> 23972940
X37: 旅客収入 | AB37: =+IF(ISERROR(Z37/Z36*100),"",(Z37/Z36*100)) | AD37: =SUM(日報!X1712) -> 22690910 | AF37: =+IF(ISERROR(AD37/AD36*100),"",(AD37/AD36*100)) -> 99.56966 | AI37: =SUM(日報!AC1712) -> 23366670 | AJ37: =+IF(ISERROR(AI37/AI36*100),"",(AI37/AI36*100)) -> 97.471024
X38: フイルム | AD38: =SUM(日報!X1713) -> 10000 | AI38: =SUM(日報!AC1713) -> 10000
B39: 全期計 | F39: 全期 航路別乗船人数・売上金額 | X39: 売 店 | AB39: =+IF(ISERROR(Z39/Z38*100),"",(Z39/Z38*100)) | AD39: =SUM(日報!X1714) -> 36204 | AF39: =+IF(ISERROR(AD39/AD38*100),"",(AD39/AD38*100)) -> 362.04 | AI39: =SUM(日報!AC1714) -> 67420 | AJ39: =+IF(ISERROR(AI39/AI38*100),"",(AI39/AI38*100)) -> 674.2
B40: 航路名 | F40: 一般A | H40: 団体B | J40: 学割 | L40: 小人A | N40: 小人B | O40: 人 数 | P40: 金 額 | X40: 船舶売店1 | AD40: =SUM(日報!X1715) -> 342940 | AI40: =SUM(日報!AC1715) -> 360340
B41: 硫黄山 | X41: 船舶売店2 | AB41: =+IF(ISERROR(Z41/Z40*100),"",(Z41/Z40*100)) | AD41: =SUM(日報!X1716) -> 280940 | AF41: =+IF(ISERROR(AD41/AD40*100),"",(AD41/AD40*100)) -> 81.921036 | AI41: =SUM(日報!AC1716) -> 285950 | AJ41: =+IF(ISERROR(AI41/AI40*100),"",(AI41/AI40*100)) -> 79.355609
B42: 全期小計 | F42: =SUM(日報!F1717) -> 1276 | G42: =SUM(日報!G1717) -> 323000 | H42: =SUM(日報!H1717) -> 2116 | I42: =SUM(日報!I1717) -> 238000 | J42: =SUM(日報!J1717) -> 58 | K42: =SUM(日報!K1717) -> 170000 | L42: =SUM(日報!L1717) -> 40 | M42: =SUM(日報!M1717) -> 161840 | ... P42: =SUM(日報!P1717) -> 16767320 | X42: 座席指定1 | AD42: =SUM(日報!X1717) -> 291800 | AI42: =SUM(日報!AC1717) -> 324800
B43: 水晶岬 | X43: 座席指定2 | AB43: =+IF(ISERROR(Z43/Z42*100),"",(Z43/Z42*100)) | AD43: =SUM(日報!X1718) -> 304700 | AF43: =+IF(ISERROR(AD43/AD42*100),"",(AD43/AD42*100)) -> 104.42084 | AI43: =SUM(日報!AC1718) -> 313700 | AJ43: =+IF(ISERROR(AI43/AI42*100),"",(AI43/AI42*100)) -> 96.582512
B44: 全期小計 | F44: =SUM(日報!F1719) -> 0 | G44: =SUM(日報!G1719) -> 0 | H44: =SUM(日報!H1719) -> 0 | I44: =SUM(日報!I1719) -> 0 | J44: =SUM(日報!J1719) -> 0 | K44: =SUM(日報!K1719) -> 0 | L44: =SUM(日報!L1719) -> 0 | M44: =SUM(日報!M1719) -> 0 | ... P44: =SUM(日報!P1719) -> 0 | AD44: =SUM(日報!X1719) -> 2800 | AI44: =SUM(日報!AC1719) -> 2800
B45: 岩尾別 | X45: そ の 他 | AB45: =+IF(ISERROR(Z45/Z44*100),"",(Z45/Z44*100)) | AD45: =SUM(日報!X1720) -> 3200 | AF45: =+IF(ISERROR(AD45/AD44*100),"",(AD45/AD44*100)) -> 114.28571 | AI45: =SUM(日報!AC1720) -> 3200 | AJ45: =+IF(ISERROR(AI45/AI44*100),"",(AI45/AI44*100)) -> 114.28571
B46: 全期小計 | F46: =SUM(日報!F1721) -> 70 | G46: =SUM(日報!G1721) -> 14250 | H46: =SUM(日報!H1721) -> 217 | I46: =SUM(日報!I1721) -> 10500 | J46: =SUM(日報!J1721) -> 0 | K46: =SUM(日報!K1721) -> 7500 | L46: =SUM(日報!L1721) -> 2 | M46: =SUM(日報!M1721) -> 7150 | ... P46: =SUM(日報!P1721) -> 831450 | X46: レンタル1 | AD46: =SUM(日報!X1721) -> 81500 | AI46: =SUM(日報!AC1721) -> 89000
B47: 知床岬 | X47: 双眼鏡 2 | AB47: =+IF(ISERROR(Z47/Z46*100),"",(Z47/Z46*100)) | AD47: =SUM(日報!X1722) -> 48500 | AF47: =+IF(ISERROR(AD47/AD46*100),"",(AD47/AD46*100)) -> 59.509202 | AI47: =SUM(日報!AC1722) -> 55000 | AJ47: =+IF(ISERROR(AI47/AI46*100),"",(AI47/AI46*100)) -> 61.797753
B48: 全期小計 | F48: =SUM(日報!F1723) -> 60 | G48: =SUM(日報!G1723) -> 9500 | H48: =SUM(日報!H1723) -> 9 | I48: =SUM(日報!I1723) -> 7000 | J48: =SUM(日報!J1723) -> 0 | K48: =SUM(日報!K1723) -> 5000 | L48: =SUM(日報!L1723) -> 2 | M48: =SUM(日報!M1723) -> 4750 | ... P48: =SUM(日報!P1723) -> 695500 | AD48: =SUM(日報!X1723) -> 23518020 | AI48: =SUM(日報!AC1723) -> 24759880
B49: カシュニ | X49: 合 計 | AB49: =+IF(ISERROR(Z49/Z48*100),"",(Z49/Z48*100)) | AD49: =SUM(日報!X1724) -> 23364454 | AF49: =+IF(ISERROR(AD49/AD48*100),"",(AD49/AD48*100)) -> 99.347028 | AI49: =SUM(日報!AC1724) -> 24091940 | AJ49: =+IF(ISERROR(AI49/AI48*100),"",(AI49/AI48*100)) -> 97.302329
B50: 全期小計 | F50: =SUM(日報!F1725) -> 478 | G50: =SUM(日報!G1725) -> 76000 | H50: =SUM(日報!H1725) -> 122 | I50: =SUM(日報!I1725) -> 56000 | J50: =SUM(日報!J1725) -> 0 | K50: =SUM(日報!K1725) -> 40000 | L50: =SUM(日報!L1725) -> 29 | M50: =SUM(日報!M1725) -> 38000 | ... P50: =SUM(日報!P1725) -> 5072400 | AD50: =SUM(日報!X1725) -> 21382786 | AI50: =SUM(日報!AC1725) -> 22511840
X51: 税引後 | AB51: =+IF(ISERROR(Z51/Z50*100),"",(Z51/Z50*100)) | AD51: =SUM(日報!X1726) -> 21242601 | AF51: =+IF(ISERROR(AD51/AD50*100),"",(AD51/AD50*100)) -> 99.344405 | AI51: =SUM(日報!AC1726) -> 21903997 | AJ51: =+IF(ISERROR(AI51/AI50*100),"",(AI51/AI50*100)) -> 97.2999
B52: 全期累計 | F52: =SUM(日報!F1727) -> 1884 | G52: =SUM(日報!G1727) -> 422750 | H52: =SUM(日報!H1727) -> 2464 | I52: =SUM(日報!I1727) -> 311500 | J52: =SUM(日報!J1727) -> 58 | K52: =SUM(日報!K1727) -> 222500 | L52: =SUM(日報!L1727) -> 73 | M52: =SUM(日報!M1727) -> 211740 | ... P52: =SUM(日報!P1727) -> 23366670 | Y52: （税額） | AC52: （税額） | AD52: =SUM(日報!X1727) -> 2121853.1 | AG52: （税額） | AI52: =SUM(日報!AC1727) -> 2187942.5
A54: =#REF!+1 -> #REF! | X54: 前 年 | AJ54: 天 | AL54: 午 前 | AM54: 午 後
Y55: 43102 | AC55: =TEXT(Y55,"aaaa") -> 火曜日 | AJ55: 候
B57: 航路別売上 | X57: 発券精算 | AB57: 請求精算 | AF57: 前入金及びその他収入内訳
F58: 沖合航路 （A) ・ 能取岬航路 （B） | X58: エージェント名 | Z58: 金 額 | AB58: エージェント名 | AD58: 金 額 | AF58: （乗船券類前入金）
B59: 航 | C59: 次 | D59: 船 | F59: 一般A | H59: 団体B | J59: 学割 | L59: 小人A | N59: 小人B | P59: OP | R59: 市民A | T59: 市民AC | U59: 人 数 | V59: 金 額 | AL59: 船内売店売上月累計
U60: =IF(SUM(F60+H60+J60+L60+N60+P60+R60+T60)=0,"",SUM(F60+H60+J60+L60+N60+P60+R60+T60)) | V60: =IF(ISERROR(SUM(E60*F60+G60*H60+I60*J60+K60*L60+M60*N60+O60*P60+Q60*R60+S60*T60)),"",SUM(E60*F60+G60*H60+I60*J60+K60*L60+M60*N60+O60*P60+Q60*R60+S60*T60)) | AL60: おーろら | AM60: =SUM(昨年日報!AG1682+前月ペースト場所!AM60) -> 360340
U61: =IF(SUM(F61+H61+J61+L61+N61+P61+R61+T61)=0,"",SUM(F61+H61+J61+L61+N61+P61+R61+T61)) | V61: =IF(ISERROR(SUM(E61*F61+G61*H61+I61*J61+K61*L61+M61*N61+O61*P61+Q61*R61+S61*T61)),"",SUM(E61*F61+G61*H61+I61*J61+K61*L61+M61*N61+O61*P61+Q61*R61+S61*T61)) | AL61: おーろら2 | AM61: =SUM(昨年日報!AG1683+前月ペースト場所!AM61) -> 0
U62: =IF(SUM(F62+H62+J62+L62+N62+P62+R62+T62)=0,"",SUM(F62+H62+J62+L62+N62+P62+R62+T62)) | V62: =IF(ISERROR(SUM(E62*F62+G62*H62+I62*J62+K62*L62+M62*N62+O62*P62+Q62*R62+S62*T62)),"",SUM(E62*F62+G62*H62+I62*J62+K62*L62+M62*N62+O62*P62+Q62*R62+S62*T62))
U63: =IF(SUM(F63+H63+J63+L63+N63+P63+R63+T63)=0,"",SUM(F63+H63+J63+L63+N63+P63+R63+T63)) | V63: =IF(ISERROR(SUM(E63*F63+G63*H63+I63*J63+K63*L63+M63*N63+O63*P63+Q63*R63+S63*T63)),"",SUM(E63*F63+G63*H63+I63*J63+K63*L63+M63*N63+O63*P63+Q63*R63+S63*T63)) | AF63: その他収入計 | AI63: =SUM(AI59:AI61) -> 0 | AL63: 座席指定料月累計
U64: =IF(SUM(F64+H64+J64+L64+N64+P64+R64+T64)=0,"",SUM(F64+H64+J64+L64+N64+P64+R64+T64)) | V64: =IF(ISERROR(SUM(E64*F64+G64*H64+I64*J64+K64*L64+M64*N64+O64*P64+Q64*R64+S64*T64)),"",SUM(E64*F64+G64*H64+I64*J64+K64*L64+M64*N64+O64*P64+Q64*R64+S64*T64)) | AL64: おーろら | AM64: =SUM(昨年日報!AG1686+前月ペースト場所!AM64) -> 324800
U65: =IF(SUM(F65+H65+J65+L65+N65+P65+R65+T65)=0,"",SUM(F65+H65+J65+L65+N65+P65+R65+T65)) | V65: =IF(ISERROR(SUM(E65*F65+G65*H65+I65*J65+K65*L65+M65*N65+O65*P65+Q65*R65+S65*T65)),"",SUM(E65*F65+G65*H65+I65*J65+K65*L65+M65*N65+O65*P65+Q65*R65+S65*T65)) | AF65: （その他収入内訳） | AL65: おーろら2 | AM65: =SUM(昨年日報!AG1687+前月ペースト場所!AM65) -> 0
U66: =IF(SUM(F66+H66+J66+L66+N66+P66+R66+T66)=0,"",SUM(F66+H66+J66+L66+N66+P66+R66+T66)) | V66: =IF(ISERROR(SUM(E66*F66+G66*H66+I66*J66+K66*L66+M66*N66+O66*P66+Q66*R66+S66*T66)),"",SUM(E66*F66+G66*H66+I66*J66+K66*L66+M66*N66+O66*P66+Q66*R66+S66*T66))
U67: =IF(SUM(F67+H67+J67+L67+N67+P67+R67+T67)=0,"",SUM(F67+H67+J67+L67+N67+P67+R67+T67)) | V67: =IF(ISERROR(SUM(E67*F67+G67*H67+I67*J67+K67*L67+M67*N67+O67*P67+Q67*R67+S67*T67)),"",SUM(E67*F67+G67*H67+I67*J67+K67*L67+M67*N67+O67*P67+Q67*R67+S67*T67)) | AL67: 双眼鏡レンタル月累計
U68: =IF(SUM(F68+H68+J68+L68+N68+P68+R68+T68)=0,"",SUM(F68+H68+J68+L68+N68+P68+R68+T68)) | V68: =IF(ISERROR(SUM(E68*F68+G68*H68+I68*J68+K68*L68+M68*N68+O68*P68+Q68*R68+S68*T68)),"",SUM(E68*F68+G68*H68+I68*J68+K68*L68+M68*N68+O68*P68+Q68*R68+S68*T68)) | AL68: おーろら | AM68: =SUM(昨年日報!AG1690+前月ペースト場所!AM68) -> 89000
U69: =IF(SUM(F69+H69+J69+L69+N69+P69+R69+T69)=0,"",SUM(F69+H69+J69+L69+N69+P69+R69+T69)) | V69: =IF(ISERROR(SUM(E69*F69+G69*H69+I69*J69+K69*L69+M69*N69+O69*P69+Q69*R69+S69*T69)),"",SUM(E69*F69+G69*H69+I69*J69+K69*L69+M69*N69+O69*P69+Q69*R69+S69*T69)) | AL69: おーろら2 | AM69: =SUM(昨年日報!AG1691+前月ペースト場所!AM69) -> 0
U70: =IF(SUM(F70+H70+J70+L70+N70+P70+R70+T70)=0,"",SUM(F70+H70+J70+L70+N70+P70+R70+T70)) | V70: =IF(ISERROR(SUM(E70*F70+G70*H70+I70*J70+K70*L70+M70*N70+O70*P70+Q70*R70+S70*T70)),"",SUM(E70*F70+G70*H70+I70*J70+K70*L70+M70*N70+O70*P70+Q70*R70+S70*T70))
U71: =IF(SUM(F71+H71+J71+L71+N71+P71+R71+T71)=0,"",SUM(F71+H71+J71+L71+N71+P71+R71+T71)) | V71: =IF(ISERROR(SUM(E71*F71+G71*H71+I71*J71+K71*L71+M71*N71+O71*P71+Q71*R71+S71*T71)),"",SUM(E71*F71+G71*H71+I71*J71+K71*L71+M71*N71+O71*P71+Q71*R71+S71*T71)) | AL71: 当日取扱現金
U72: =IF(SUM(F72+H72+J72+L72+N72+P72+R72+T72)=0,"",SUM(F72+H72+J72+L72+N72+P72+R72+T72)) | V72: =IF(ISERROR(SUM(E72*F72+G72*H72+I72*J72+K72*L72+M72*N72+O72*P72+Q72*R72+S72*T72)),"",SUM(E72*F72+G72*H72+I72*J72+K72*L72+M72*N72+O72*P72+Q72*R72+S72*T72))
U73: =IF(SUM(F73+H73+J73+L73+N73+P73+R73+T73)=0,"",SUM(F73+H73+J73+L73+N73+P73+R73+T73)) | V73: =IF(ISERROR(SUM(E73*F73+G73*H73+I73*J73+K73*L73+M73*N73+O73*P73+Q73*R73+S73*T73)),"",SUM(E73*F73+G73*H73+I73*J73+K73*L73+M73*N73+O73*P73+Q73*R73+S73*T73)) | AL73: 現金売上 | AM73: =+Z107-Z84-AI88-Z88 -> -5095
U74: =IF(SUM(F74+H74+J74+L74+N74+P74+R74+T74)=0,"",SUM(F74+H74+J74+L74+N74+P74+R74+T74)) | V74: =IF(ISERROR(SUM(E74*F74+G74*H74+I74*J74+K74*L74+M74*N74+O74*P74+Q74*R74+S74*T74)),"",SUM(E74*F74+G74*H74+I74*J74+K74*L74+M74*N74+O74*P74+Q74*R74+S74*T74))
U75: =IF(SUM(F75+H75+J75+L75+N75+P75+R75+T75)=0,"",SUM(F75+H75+J75+L75+N75+P75+R75+T75)) | V75: =IF(ISERROR(SUM(E75*F75+G75*H75+I75*J75+K75*L75+M75*N75+O75*P75+Q75*R75+S75*T75)),"",SUM(E75*F75+G75*H75+I75*J75+K75*L75+M75*N75+O75*P75+Q75*R75+S75*T75)) | AL75: 売掛回収
U76: =IF(SUM(F76+H76+J76+L76+N76+P76+R76+T76)=0,"",SUM(F76+H76+J76+L76+N76+P76+R76+T76)) | V76: =IF(ISERROR(SUM(E76*F76+G76*H76+I76*J76+K76*L76+M76*N76+O76*P76+Q76*R76+S76*T76)),"",SUM(E76*F76+G76*H76+I76*J76+K76*L76+M76*N76+O76*P76+Q76*R76+S76*T76)) | X76: 小 計 | Z76: =SUM(Z59:Z75) -> 0
U77: =IF(SUM(F77+H77+J77+L77+N77+P77+R77+T77)=0,"",SUM(F77+H77+J77+L77+N77+P77+R77+T77)) | V77: =IF(ISERROR(SUM(E77*F77+G77*H77+I77*J77+K77*L77+M77*N77+O77*P77+Q77*R77+S77*T77)),"",SUM(E77*F77+G77*H77+I77*J77+K77*L77+M77*N77+O77*P77+Q77*R77+S77*T77)) | X77: 売店売掛（発券精算分） | AL77: 預り金
B79: 小 計 | F79: =SUM(F60:F77) -> 0 | H79: =SUM(H60:H77) -> 0 | J79: =SUM(J60:J77) -> 0 | L79: =SUM(L60:L77) -> 0 | N79: =SUM(N60:N77) -> 0 | P79: =SUM(P60:P77) -> 0 | R79: =SUM(R60:R77) -> 0 | T79: =SUM(T60:T77) -> 0 | U79: =SUM(U60:U77) -> 0 | V79: =SUM(V60:V77) -> 0 | X79: 発 券 精 算 計 | Z79: =SUM(Z76+Z78) -> 0 | AF79: その他収入計 | AI79: =SUM(AI66:AI77) -> 0 | AL79: 乗船手数料
AF80: 現金=0、前入金・後入金=1入力
B81: 月 累 計 | F81: =+#REF!+F79 -> #REF! | H81: =+#REF!+H79 -> #REF! | J81: =+#REF!+J79 -> #REF! | L81: =+#REF!+L79 -> #REF! | N81: =+#REF!+N79 -> #REF! | P81: =+#REF!+P79 -> #REF! | R81: =+#REF!+R79 -> #REF! | T81: =+#REF!+T79 -> #REF! | U81: =+#REF!+U79 -> #REF! | V81: =+#REF!+V79 -> #REF! | X81: 売店売掛（請求精算分） | AL81: 過不足金
W82: 1
F83: 港 内 航 路 （C) | X83: 請 求 精 算 計 | Z83: =SUM(AD83+Z82) -> 0 | AB83: 小 計 | AD83: =SUM(AD59:AD82) -> 0 | AF83: 前 後 入 金 計 | AI83: =+AH59*AI59+AH60*AI60+AH61*AI61+AH66*AI66+AH67*AI67+AH68*AI68+AH69*AI69+AH70*AI70+AH71*AI71+AH72*AI72+AH73*AI73+AH74*AI74+AH75*AI75+AH76*AI76+AH77*AI77 -> 0 | AL83: 預金額計 | AM83: =SUM(AM73:AM82) -> -5095
B84: 航 | C84: 次 | D84: 船 | F84: 一般A | H84: 団体B | J84: 学割 | L84: 小人A | N84: 小人B | P84: OP | R84: 市民A | T84: 市民AC | U84: 人 数 | V84: 金 額
U85: =IF(SUM(F85+H85+J85+L85+N85+P85+R85+T85)=0,"",SUM(F85+H85+J85+L85+N85+P85+R85+T85)) | V85: =IF(ISERROR(SUM(E85*F85+G85*H85+I85*J85+K85*L85+M85*N85+O85*P85+Q85*R85+S85*T85)),"",SUM(E85*F85+G85*H85+I85*J85+K85*L85+M85*N85+O85*P85+Q85*R85+S85*T85)) | X85: 収入内訳 | AL85: 記 事
U86: =IF(SUM(F86+H86+J86+L86+N86+P86+R86+T86)=0,"",SUM(F86+H86+J86+L86+N86+P86+R86+T86)) | V86: =IF(ISERROR(SUM(E86*F86+G86*H86+I86*J86+K86*L86+M86*N86+O86*P86+Q86*R86+S86*T86)),"",SUM(E86*F86+G86*H86+I86*J86+K86*L86+M86*N86+O86*P86+Q86*R86+S86*T86)) | Z86: 当 日 | AD86: 当 月 累 計 | AI86: 全 期 累 計
U87: =IF(SUM(F87+H87+J87+L87+N87+P87+R87+T87)=0,"",SUM(F87+H87+J87+L87+N87+P87+R87+T87)) | V87: =IF(ISERROR(SUM(E87*F87+G87*H87+I87*J87+K87*L87+M87*N87+O87*P87+Q87*R87+S87*T87)),"",SUM(E87*F87+G87*H87+I87*J87+K87*L87+M87*N87+O87*P87+Q87*R87+S87*T87)) | Y87: （昨年） | AC87: （昨年） | AD87: =SUM(昨年日報!X1709) -> 2297 | AG87: （昨年） | AI87: =SUM(昨年日報!AC1709) -> 2616
U88: =IF(SUM(F88+H88+J88+L88+N88+P88+R88+T88)=0,"",SUM(F88+H88+J88+L88+N88+P88+R88+T88)) | V88: =IF(ISERROR(SUM(E88*F88+G88*H88+I88*J88+K88*L88+M88*N88+O88*P88+Q88*R88+S88*T88)),"",SUM(E88*F88+G88*H88+I88*J88+K88*L88+M88*N88+O88*P88+Q88*R88+S88*T88)) | X88: 乗 客 数 | Y88: （本年） | AB88: =+IF(ISERROR(Z88/Z87*100),"",(Z88/Z87*100)) | AC88: （本年） | AD88: =SUM(昨年日報!X1710) -> 4817 | AF88: =+IF(ISERROR(AD88/AD87*100),"",(AD88/AD87*100)) -> 209.70832 | AG88: （本年） | AI88: =SUM(昨年日報!AC1710) -> 5095 | AJ88: =+IF(ISERROR(AI88/AI87*100),"",(AI88/AI87*100)) -> 194.763
U89: =IF(SUM(F89+H89+J89+L89+N89+P89+R89+T89)=0,"",SUM(F89+H89+J89+L89+N89+P89+R89+T89)) | V89: =IF(ISERROR(SUM(E89*F89+G89*H89+I89*J89+K89*L89+M89*N89+O89*P89+Q89*R89+S89*T89)),"",SUM(E89*F89+G89*H89+I89*J89+K89*L89+M89*N89+O89*P89+Q89*R89+S89*T89)) | AD89: =SUM(昨年日報!X1711) -> 7676800 | AI89: =SUM(昨年日報!AC1711) -> 8721410
U90: =IF(SUM(F90+H90+J90+L90+N90+P90+R90+T90)=0,"",SUM(F90+H90+J90+L90+N90+P90+R90+T90)) | V90: =IF(ISERROR(SUM(E90*F90+G90*H90+I90*J90+K90*L90+M90*N90+O90*P90+Q90*R90+S90*T90)),"",SUM(E90*F90+G90*H90+I90*J90+K90*L90+M90*N90+O90*P90+Q90*R90+S90*T90)) | X90: 旅客収入 | AB90: =+IF(ISERROR(Z90/Z89*100),"",(Z90/Z89*100)) | AD90: =SUM(昨年日報!X1712) -> 22788980 | AF90: =+IF(ISERROR(AD90/AD89*100),"",(AD90/AD89*100)) -> 296.8552 | AI90: =SUM(昨年日報!AC1712) -> 23972940 | AJ90: =+IF(ISERROR(AI90/AI89*100),"",(AI90/AI89*100)) -> 274.87459
U91: =IF(SUM(F91+H91+J91+L91+N91+P91+R91+T91)=0,"",SUM(F91+H91+J91+L91+N91+P91+R91+T91)) | V91: =IF(ISERROR(SUM(E91*F91+G91*H91+I91*J91+K91*L91+M91*N91+O91*P91+Q91*R91+S91*T91)),"",SUM(E91*F91+G91*H91+I91*J91+K91*L91+M91*N91+O91*P91+Q91*R91+S91*T91)) | X91: フイルム | AD91: =SUM(昨年日報!X1713) -> 2100 | AI91: =SUM(昨年日報!AC1713) -> 2100
U92: =IF(SUM(F92+H92+J92+L92+N92+P92+R92+T92)=0,"",SUM(F92+H92+J92+L92+N92+P92+R92+T92)) | V92: =IF(ISERROR(SUM(E92*F92+G92*H92+I92*J92+K92*L92+M92*N92+O92*P92+Q92*R92+S92*T92)),"",SUM(E92*F92+G92*H92+I92*J92+K92*L92+M92*N92+O92*P92+Q92*R92+S92*T92)) | X92: 売 店 | AB92: =+IF(ISERROR(Z92/Z91*100),"",(Z92/Z91*100)) | AD92: =SUM(昨年日報!X1714) -> 10000 | AF92: =+IF(ISERROR(AD92/AD91*100),"",(AD92/AD91*100)) -> 476.19048 | AI92: =SUM(昨年日報!AC1714) -> 10000 | AJ92: =+IF(ISERROR(AI92/AI91*100),"",(AI92/AI91*100)) -> 476.19048
U93: =IF(SUM(F93+H93+J93+L93+N93+P93+R93+T93)=0,"",SUM(F93+H93+J93+L93+N93+P93+R93+T93)) | V93: =IF(ISERROR(SUM(E93*F93+G93*H93+I93*J93+K93*L93+M93*N93+O93*P93+Q93*R93+S93*T93)),"",SUM(E93*F93+G93*H93+I93*J93+K93*L93+M93*N93+O93*P93+Q93*R93+S93*T93)) | X93: 船舶売店1 | AD93: =SUM(昨年日報!X1715) -> 137190 | AI93: =SUM(昨年日報!AC1715) -> 157210
U94: =IF(SUM(F94+H94+J94+L94+N94+P94+R94+T94)=0,"",SUM(F94+H94+J94+L94+N94+P94+R94+T94)) | V94: =IF(ISERROR(SUM(E94*F94+G94*H94+I94*J94+K94*L94+M94*N94+O94*P94+Q94*R94+S94*T94)),"",SUM(E94*F94+G94*H94+I94*J94+K94*L94+M94*N94+O94*P94+Q94*R94+S94*T94)) | X94: 船舶売店2 | AB94: =+IF(ISERROR(Z94/Z93*100),"",(Z94/Z93*100)) | AD94: =SUM(昨年日報!X1716) -> 342940 | AF94: =+IF(ISERROR(AD94/AD93*100),"",(AD94/AD93*100)) -> 249.97449 | AI94: =SUM(昨年日報!AC1716) -> 360340 | AJ94: =+IF(ISERROR(AI94/AI93*100),"",(AI94/AI93*100)) -> 229.20934
U95: =IF(SUM(F95+H95+J95+L95+N95+P95+R95+T95)=0,"",SUM(F95+H95+J95+L95+N95+P95+R95+T95)) | V95: =IF(ISERROR(SUM(E95*F95+G95*H95+I95*J95+K95*L95+M95*N95+O95*P95+Q95*R95+S95*T95)),"",SUM(E95*F95+G95*H95+I95*J95+K95*L95+M95*N95+O95*P95+Q95*R95+S95*T95)) | X95: 座席指定1 | AD95: =SUM(昨年日報!X1717) -> 133200 | AI95: =SUM(昨年日報!AC1717) -> 156000
U96: =IF(SUM(F96+H96+J96+L96+N96+P96+R96+T96)=0,"",SUM(F96+H96+J96+L96+N96+P96+R96+T96)) | V96: =IF(ISERROR(SUM(E96*F96+G96*H96+I96*J96+K96*L96+M96*N96+O96*P96+Q96*R96+S96*T96)),"",SUM(E96*F96+G96*H96+I96*J96+K96*L96+M96*N96+O96*P96+Q96*R96+S96*T96)) | X96: 座席指定2 | AB96: =+IF(ISERROR(Z96/Z95*100),"",(Z96/Z95*100)) | AD96: =SUM(昨年日報!X1718) -> 291800 | AF96: =+IF(ISERROR(AD96/AD95*100),"",(AD96/AD95*100)) -> 219.06907 | AI96: =SUM(昨年日報!AC1718) -> 324800 | AJ96: =+IF(ISERROR(AI96/AI95*100),"",(AI96/AI95*100)) -> 208.20513
U97: =IF(SUM(F97+H97+J97+L97+N97+P97+R97+T97)=0,"",SUM(F97+H97+J97+L97+N97+P97+R97+T97)) | V97: =IF(ISERROR(SUM(E97*F97+G97*H97+I97*J97+K97*L97+M97*N97+O97*P97+Q97*R97+S97*T97)),"",SUM(E97*F97+G97*H97+I97*J97+K97*L97+M97*N97+O97*P97+Q97*R97+S97*T97)) | AD97: =SUM(昨年日報!X1719) -> 0 | AI97: =SUM(昨年日報!AC1719) -> 0
U98: =IF(SUM(F98+H98+J98+L98+N98+P98+R98+T98)=0,"",SUM(F98+H98+J98+L98+N98+P98+R98+T98)) | V98: =IF(ISERROR(SUM(E98*F98+G98*H98+I98*J98+K98*L98+M98*N98+O98*P98+Q98*R98+S98*T98)),"",SUM(E98*F98+G98*H98+I98*J98+K98*L98+M98*N98+O98*P98+Q98*R98+S98*T98)) | X98: そ の 他 | AB98: =+IF(ISERROR(Z98/Z97*100),"",(Z98/Z97*100)) | AD98: =SUM(昨年日報!X1720) -> 2800 | AF98: =+IF(ISERROR(AD98/AD97*100),"",(AD98/AD97*100)) | AI98: =SUM(昨年日報!AC1720) -> 2800 | AJ98: =+IF(ISERROR(AI98/AI97*100),"",(AI98/AI97*100))
U99: =IF(SUM(F99+H99+J99+L99+N99+P99+R99+T99)=0,"",SUM(F99+H99+J99+L99+N99+P99+R99+T99)) | V99: =IF(ISERROR(SUM(E99*F99+G99*H99+I99*J99+K99*L99+M99*N99+O99*P99+Q99*R99+S99*T99)),"",SUM(E99*F99+G99*H99+I99*J99+K99*L99+M99*N99+O99*P99+Q99*R99+S99*T99)) | X99: レンタル1 | AD99: =SUM(昨年日報!X1721) -> 36000 | AI99: =SUM(昨年日報!AC1721) -> 49500
U100: =IF(SUM(F100+H100+J100+L100+N100+P100+R100+T100)=0,"",SUM(F100+H100+J100+L100+N100+P100+R100+T100)) | V100: =IF(ISERROR(SUM(E100*F100+G100*H100+I100*J100+K100*L100+M100*N100+O100*P100+Q100*R100+S100*T100)),"",SUM(E100*F100+G100*H100+I100*J100+K100*L100+M100*N100+O100*P100+Q100*R100+S100*T100)) | X100: 双眼鏡 2 | AB100: =+IF(ISERROR(Z100/Z99*100),"",(Z100/Z99*100)) | AD100: =SUM(昨年日報!X1722) -> 81500 | AF100: =+IF(ISERROR(AD100/AD99*100),"",(AD100/AD99*100)) -> 226.38889 | AI100: =SUM(昨年日報!AC1722) -> 89000 | AJ100: =+IF(ISERROR(AI100/AI99*100),"",(AI100/AI99*100)) -> 179.79798
U101: =IF(SUM(F101+H101+J101+L101+N101+P101+R101+T101)=0,"",SUM(F101+H101+J101+L101+N101+P101+R101+T101)) | V101: =IF(ISERROR(SUM(E101*F101+G101*H101+I101*J101+K101*L101+M101*N101+O101*P101+Q101*R101+S101*T101)),"",SUM(E101*F101+G101*H101+I101*J101+K101*L101+M101*N101+O101*P101+Q101*R101+S101*T101)) | AD101: =SUM(昨年日報!X1723) -> 7985290 | AI101: =SUM(昨年日報!AC1723) -> 9086220
X102: 合 計 | AB102: =+IF(ISERROR(Z102/Z101*100),"",(Z102/Z101*100)) | AD102: =SUM(昨年日報!X1724) -> 23518020 | AF102: =+IF(ISERROR(AD102/AD101*100),"",(AD102/AD101*100)) -> 294.51679 | AI102: =SUM(昨年日報!AC1724) -> 24759880 | AJ102: =+IF(ISERROR(AI102/AI101*100),"",(AI102/AI101*100)) -> 272.49924
B103: 小 計 | F103: =SUM(F85:F101) -> 0 | H103: =SUM(H85:H101) -> 0 | J103: =SUM(J85:J101) -> 0 | L103: =SUM(L85:L101) -> 0 | N103: =SUM(N85:N101) -> 0 | P103: =SUM(P85:P101) -> 0 | R103: =SUM(R85:R101) -> 0 | T103: =SUM(T85:T101) -> 0 | U103: =SUM(U85:U101) -> 0 | V103: =SUM(V85:V101) -> 0 | AD103: =SUM(昨年日報!X1725) -> 7260530.1 | AI103: =SUM(昨年日報!AC1725) -> 8261541.2
X104: 税引後 | AB104: =+IF(ISERROR(Z104/Z103*100),"",(Z104/Z103*100)) | AD104: =SUM(昨年日報!X1726) -> 21382786 | AF104: =+IF(ISERROR(AD104/AD103*100),"",(AD104/AD103*100)) -> 294.50722 | AI104: =SUM(昨年日報!AC1726) -> 22511840 | AJ104: =+IF(ISERROR(AI104/AI103*100),"",(AI104/AI103*100)) -> 272.48959
B105: 月 累 計 | F105: =+#REF!+F103 -> #REF! | H105: =+#REF!+H103 -> #REF! | J105: =+#REF!+J103 -> #REF! | L105: =+#REF!+L103 -> #REF! | N105: =+#REF!+N103 -> #REF! | P105: =+#REF!+P103 -> #REF! | R105: =+#REF!+R103 -> #REF! | T105: =+#REF!+T103 -> #REF! | U105: =+#REF!+U103 -> #REF! | V105: =+#REF!+V103 -> #REF! | Y105: （税額） | AC105: （税額） | AD105: =SUM(昨年日報!X1727) -> 2135234.5 | AG105: （税額） | AI105: =SUM(昨年日報!AC1727) -> 2248040.4

Sheet 前月ペースト場所
A1: ⇧ここからｺﾋﾟｰ | AJ1: 天 | AL1: 午 前 | AM1: 午 後 | AN1: ⇧ここまで
A2: 貼り付けは値で | AJ2: 候
AL6: 船内売店売上月累計
AL7: おーろら | AM7: 2130
AL8: おーろら2 | AM8: 0
AL10: 座席指定料月累計
AL11: おーろら | AM11: 2500
AL12: おーろら2 | AM12: 0
AL14: 双眼鏡レンタル月累計
AL15: おーろら | AM15: 1000
AL16: おーろら2 | AM16: 0
AL18: 当日取扱現金
AL20: 現金売上
AL22: 売掛回収
AL24: 預り金
AL26: 乗船手数料
AL28: 過不足金
W29: 1
AL30: 預金額計
X32: 収入内訳 | AL32: 記 事
Z33: 当 日 | AD33: 当 月 累 計 | AI33: 全 期 累 計
Y34: （昨年） | AC34: （昨年） | AD34: 278 | AG34: （昨年） | AI34: 278
X35: 乗 客 数 | Y35: （本年） | AC35: （本年） | AD35: 138 | AF35: 49.640288 | AG35: （本年） | AI35: 138 | AJ35: 49.640288
AD36: 1183960 | AI36: 1183960
X37: 旅客収入 | AD37: 675760 | AF37: 57.076253 | AI37: 675760 | AJ37: 57.076253
X38: フイルム | AD38: 0 | AI38: 0
B39: 全期計 | F39: 全期 航路別乗船人数・売上金額 | X39: 売 店 | AD39: 31216 | AI39: 31216
B40: 航路名 | F40: 一般A | H40: 団体B | J40: 学割 | L40: 小人A | N40: 小人B | O40: 人 数 | P40: 金 額 | X40: 船舶売店1 | AD40: 17400 | AI40: 17400
B41: 硫黄山 | X41: 船舶売店2 | AD41: 5010 | AF41: 28.793103 | AI41: 5010 | AJ41: 12.241379
B42: 全期小計 | F42: 118 | G42: 19000 | H42: 16 | I42: 14000 | J42: 0 | K42: 10000 | L42: 2 | M42: 9520 | N42: 2 | O42: 138 | P42: 675760 | X42: 座席指定1 | AD42: 33000 | AI42: 33000
B43: 水晶岬 | X43: 座席指定2 | AD43: 9000 | AF43: 27.272727 | AI43: 9000 | AJ43: 7.5757576
B44: 全期小計 | F44: 0 | G44: 0 | H44: 0 | I44: 0 | J44: 0 | K44: 0 | L44: 0 | M44: 0 | N44: 0 | O44: 0 | P44: 0 | AD44: 0 | AI44: 0
B45: 岩尾別 | X45: そ の 他 | AD45: 0 | AI45: 0
B46: 全期小計 | F46: 0 | G46: 0 | H46: 0 | I46: 0 | J46: 0 | K46: 0 | L46: 0 | M46: 0 | N46: 0 | O46: 0 | P46: 0 | X46: レンタル1 | AD46: 7500 | AI46: 7500
B47: 知床岬 | X47: 双眼鏡 2 | AD47: 6500 | AF47: 86.666667 | AI47: 6500 | AJ47: 13.333333
B48: 全期小計 | F48: 0 | G48: 0 | H48: 0 | I48: 0 | J48: 0 | K48: 0 | L48: 0 | M48: 0 | N48: 0 | O48: 0 | P48: 0 | AD48: 1241860 | AI48: 1241860
B49: カシュニ | X49: 合 計 | AD49: 727486 | AF49: 58.580355 | AI49: 727486 | AJ49: 57.382153
B50: 全期小計 | F50: 0 | G50: 0 | H50: 0 | I50: 0 | J50: 0 | K50: 0 | L50: 0 | M50: 0 | N50: 0 | O50: 0 | P50: 0 | AD50: 1129054 | AI50: 1129054
X51: 税引後 | AD51: 661396.53 | AF51: 58.579706 | AI51: 661396.53 | AJ51: 57.379467
B52: 全期累計 | F52: 118 | G52: 19000 | H52: 16 | I52: 14000 | J52: 0 | K52: 10000 | L52: 2 | M52: 9520 | N52: 2 | O52: 138 | P52: 675760 | Y52: （税額） | AC52: （税額） | AD52: 66089.468 | AG52: （税額） | AI52: 66089.468
A54: #REF! | X54: 前 年 | AJ54: 天 | AL54: 午 前 | AM54: 午 後
Y55: 43102 | AC55: 火曜日 | AJ55: 候
B57: 航路別売上 | X57: 発券精算 | AB57: 請求精算 | AF57: 前入金及びその他収入内訳
F58: 沖合航路 （A) ・ 能取岬航路 （B） | X58: エージェント名 | Z58: 金 額 | AB58: エージェント名 | AD58: 金 額 | AF58: （乗船券類前入金）
B59: 航 | C59: 次 | D59: 船 | F59: 一般A | H59: 団体B | J59: 学割 | L59: 小人A | N59: 小人B | P59: OP | R59: 市民A | T59: 市民AC | U59: 人 数 | V59: 金 額 | AL59: 船内売店売上月累計
AL60: おーろら | AM60: 17400
AL61: おーろら2 | AM61: 0
AF63: その他収入計 | AI63: 0 | AL63: 座席指定料月累計
AL64: おーろら | AM64: 33000
AF65: （その他収入内訳） | AL65: おーろら2 | AM65: 0
AL67: 双眼鏡レンタル月累計
AL68: おーろら | AM68: 7500
AL69: おーろら2 | AM69: 0
AL71: 当日取扱現金
AL73: 現金売上 | AM73: -278
AL75: 売掛回収
X76: 小 計 | Z76: 0
X77: 売店売掛（発券精算分） | AL77: 預り金
B79: 小 計 | F79: 0 | H79: 0 | J79: 0 | L79: 0 | N79: 0 | P79: 0 | R79: 0 | T79: 0 | U79: 0 | V79: 0 | X79: 発 券 精 算 計 | Z79: 0 | AF79: その他収入計 | AI79: 0 | AL79: 乗船手数料
AF80: 現金=0、前入金・後入金=1入力
B81: 月 累 計 | F81: #REF! | H81: #REF! | J81: #REF! | L81: #REF! | N81: #REF! | P81: #REF! | R81: #REF! | T81: #REF! | U81: #REF! | V81: #REF! | X81: 売店売掛（請求精算分） | AL81: 過不足金
W82: 1
F83: 港 内 航 路 （C) | X83: 請 求 精 算 計 | Z83: 0 | AB83: 小 計 | AD83: 0 | AF83: 前 後 入 金 計 | AI83: 0 | AL83: 預金額計 | AM83: -278
B84: 航 | C84: 次 | D84: 船 | F84: 一般A | H84: 団体B | J84: 学割 | L84: 小人A | N84: 小人B | P84: OP | R84: 市民A | T84: 市民AC | U84: 人 数 | V84: 金 額
X85: 収入内訳 | AL85: 記 事
Z86: 当 日 | AD86: 当 月 累 計 | AI86: 全 期 累 計
Y87: （昨年） | AC87: （昨年） | AD87: 319 | AG87: （昨年） | AI87: 319
X88: 乗 客 数 | Y88: （本年） | AC88: （本年） | AD88: 278 | AF88: 87.147335 | AG88: （本年） | AI88: 278 | AJ88: 87.147335
AD89: 1044610 | AI89: 1044610
X90: 旅客収入 | AD90: 1183960 | AF90: 113.33991 | AI90: 1183960 | AJ90: 113.33991
X91: フイルム | AD91: 0 | AI91: 0
X92: 売 店 | AD92: 0 | AI92: 0
X93: 船舶売店1 | AD93: 20020 | AI93: 20020
X94: 船舶売店2 | AD94: 17400 | AF94: 86.913087 | AI94: 17400 | AJ94: 86.913087
X95: 座席指定1 | AD95: 22800 | AI95: 22800
X96: 座席指定2 | AD96: 33000 | AF96: 144.73684 | AI96: 33000 | AJ96: 144.73684
AD97: 0 | AI97: 0
X98: そ の 他 | AD98: 0 | AI98: 0
X99: レンタル1 | AD99: 13500 | AI99: 13500
X100: 双眼鏡 2 | AD100: 7500 | AF100: 55.555556 | AI100: 7500 | AJ100: 55.555556
AD101: 1100930 | AI101: 1100930
X102: 合 計 | AD102: 1241860 | AF102: 112.801 | AI102: 1241860 | AJ102: 112.801
B103: 小 計 | F103: 0 | H103: 0 | J103: 0 | L103: 0 | N103: 0 | P103: 0 | R103: 0 | T103: 0 | U103: 0 | V103: 0 | AD103: 1001011.1 | AI103: 1001011.1
X104: 税引後 | AD104: 1129054 | AF104: 112.79136 | AI104: 1129054 | AJ104: 112.79136
B105: 月 累 計 | F105: #REF! | H105: #REF! | J105: #REF! | L105: #REF! | N105: #REF! | P105: #REF! | R105: #REF! | T105: #REF! | U105: #REF! | V105: #REF! | Y105: （税額） | AC105: （税額） | AD105: 112805.96 | AG105: （税額） | AI105: 112805.96

Sheet 乗船人数・収入日別簡易表印刷データ集計表用
B2: 乗船人数 | J2: 旅客収入 | R2: 合計収入 | Z2: おーろら売店売上 | AH2: おーろら2売店売上 | AP2: おーろら双眼鏡売上 | AX2: おーろら2双眼鏡売上
B4: 日にち | C4: 前 年 | D4: 本 年 | E4: 前年比 | G4: 日報 | I4: T | J4: 日にち | K4: 前 年 | L4: 本 年 | M4: 前年比 | O4: 日報 | Q4: T | R4: 日にち | S4: 前 年 | T4: 本 年 | U4: 前年比 | W4: 日報 | Y4: T | Z4: 日にち | AA4: 前 年 | AB4: 本 年 | AC4: 前年比 | AD4: 昨年日報 | AE4: 日報 | AF4: S | AG4: Z | AH4: 日にち | AI4: 前 年 | AJ4: 本 年 | AK4: 前年比 | AL4: 昨年日報 | AM4: 日報 | AN4: S | AO4: Z | AP4: 日にち | AQ4: 前 年 | AR4: 本 年 | AS4: 前年比 | AT4: 昨年日報 | AU4: 日報 | AV4: S | AW4: Z | AX4: 日にち | AY4: 前 年 | AZ4: 本 年 | BA4: 前年比 | BB4: 昨年日報 | BC4: 日報 | BD4: S | BE4: Z
A5: V56 | B5: 1日 | C5: =IF(INDIRECT("'"&(G$4)&"'!"&($A5)&"")="","0",SUM(INDIRECT("'"&(G$4)&"'!"&(F5)&""))) -> 0 | D5: =SUM(INDIRECT("'"&(G$4)&"'!"&(G5)&"")) -> 135 | E5: =IFERROR(D5/C5,"-") -> - | F5: =CONCATENATE(I$4,H5) -> T89 | G5: =CONCATENATE(I$4,I5) -> T90 | H5: 89 | I5: 90 | J5: 1日 | K5: =IF(INDIRECT("'"&(O$4)&"'!"&($A5)&"")="","0",SUM(INDIRECT("'"&(O$4)&"'!"&(N5)&""))) -> 0 | L5: =SUM(INDIRECT("'"&(O$4)&"'!"&(O5)&"")) -> 1105600 | M5: =IFERROR(L5/K5,"-") -> - | N5: =CONCATENATE(Q$4,P5) -> T91 | O5: =CONCATENATE(Q$4,Q5) -> T92 | P5: 91 | Q5: 92 | R5: 1日 | S5: =IF(INDIRECT("'"&(W$4)&"'!"&($A5)&"")="","0",SUM(INDIRECT("'"&(W$4)&"'!"&(V5)&""))) -> 0 | T5: =SUM(INDIRECT("'"&(W$4)&"'!"&(W5)&"")) -> 1152760 | U5: =IFERROR(T5/S5,"-") -> - | V5: =CONCATENATE(Y$4,X5) -> T103 | W5: =CONCATENATE(Y$4,Y5) -> T104 | X5: 103 | Y5: 104 | Z5: 1日 | AA5: =IF(INDIRECT("'"&(AE$4)&"'!"&($A5)&"")="","0",SUM(INDIRECT("'"&(AD$4)&"'!"&(AD5)&""))) -> 0 | AB5: =SUM(INDIRECT("'"&(AE$4)&"'!"&(AE5)&"")) -> 17960 | AC5: =IFERROR(AB5/AA5,"-") -> - | AD5: =CONCATENATE(AF$4,AF5) -> S95 | AE5: =CONCATENATE(AF$4,AG5) -> S95 | AF5: 95 | AG5: 95 | AH5: 1日 | AI5: =IF(INDIRECT("'"&(AM$4)&"'!"&($A5)&"")="","0",SUM(INDIRECT("'"&(AL$4)&"'!"&(AL5)&""))) -> 0 | AJ5: =SUM(INDIRECT("'"&(AM$4)&"'!"&(AM5)&"")) -> 0 | AK5: =IFERROR(AJ5/AI5,"-") -> - | AL5: =CONCATENATE(AN$4,AN5) -> S96 | AM5: =CONCATENATE(AN$4,AO5) -> S96 | AN5: 96 | AO5: 96 | AP5: 1日 | AQ5: =IF(INDIRECT("'"&(AU$4)&"'!"&($A5)&"")="","0",SUM(INDIRECT("'"&(AT$4)&"'!"&(AT5)&""))) -> 0 | AR5: =SUM(INDIRECT("'"&(AU$4)&"'!"&(AU5)&"")) -> 8000 | AS5: =IFERROR(AR5/AQ5,"-") -> - | AT5: =CONCATENATE(AV$4,AV5) -> S101 | AU5: =CONCATENATE(AV$4,AW5) -> S101 | AV5: 101 | AW5: 101 | AX5: 1日 | AY5: =IF(INDIRECT("'"&(BC$4)&"'!"&($A5)&"")="","0",SUM(INDIRECT("'"&(BB$4)&"'!"&(BB5)&""))) -> 0 | AZ5: =SUM(INDIRECT("'"&(BC$4)&"'!"&(BC5)&"")) -> 0 | BA5: =IFERROR(AZ5/AY5,"-") -> - | BB5: =CONCATENATE(BD$4,BD5) -> S102 | BC5: =CONCATENATE(BD$4,BE5) -> S102 | BD5: 102 | BE5: 102
A6: V109 | B6: 2日 | C6: =IF(INDIRECT("'"&(G$4)&"'!"&($A6)&"")="","0",SUM(INDIRECT("'"&(G$4)&"'!"&(F6)&""))) -> 0 | D6: =SUM(INDIRECT("'"&(G$4)&"'!"&(G6)&"")) -> 91 | E6: =IFERROR(D6/C6,"-") -> - | F6: =CONCATENATE(I$4,H6) -> T142 | G6: =CONCATENATE(I$4,I6) -> T143 | H6: 142 | I6: 143 | J6: 2日 | K6: =IF(INDIRECT("'"&(O$4)&"'!"&($A6)&"")="","0",SUM(INDIRECT("'"&(O$4)&"'!"&(N6)&""))) -> 0 | L6: =SUM(INDIRECT("'"&(O$4)&"'!"&(O6)&"")) -> 347710 | M6: =IFERROR(L6/K6,"-") -> - | N6: =CONCATENATE(Q$4,P6) -> T144 | O6: =CONCATENATE(Q$4,Q6) -> T145 | P6: 144 | Q6: 145 | R6: 2日 | S6: =IF(INDIRECT("'"&(W$4)&"'!"&($A6)&"")="","0",SUM(INDIRECT("'"&(W$4)&"'!"&(V6)&""))) -> 0 | T6: =SUM(INDIRECT("'"&(W$4)&"'!"&(W6)&"")) -> 356740 | U6: =IFERROR(T6/S6,"-") -> - | V6: =CONCATENATE(Y$4,X6) -> T156 | W6: =CONCATENATE(Y$4,Y6) -> T157 | X6: 156 | Y6: 157 | Z6: 2日 | AA6: =IF(INDIRECT("'"&(AE$4)&"'!"&($A6)&"")="","0",SUM(INDIRECT("'"&(AD$4)&"'!"&(AD6)&""))) -> 0 | AB6: =SUM(INDIRECT("'"&(AE$4)&"'!"&(AE6)&"")) -> 0 | AC6: =IFERROR(AB6/AA6,"-") -> - | AD6: =CONCATENATE(AF$4,AF6) -> S148 | AE6: =CONCATENATE(AF$4,AG6) -> S148 | AF6: 148 | AG6: 148 | AH6: 2日 | AI6: =IF(INDIRECT("'"&(AM$4)&"'!"&($A6)&"")="","0",SUM(INDIRECT("'"&(AL$4)&"'!"&(AL6)&""))) -> 0 | AJ6: =SUM(INDIRECT("'"&(AM$4)&"'!"&(AM6)&"")) -> 0 | AK6: =IFERROR(AJ6/AI6,"-") -> - | AL6: =CONCATENATE(AN$4,AN6) -> S149 | AM6: =CONCATENATE(AN$4,AO6) -> S149 | AN6: 149 | AO6: 149 | AP6: 2日 | AQ6: =IF(INDIRECT("'"&(AU$4)&"'!"&($A6)&"")="","0",SUM(INDIRECT("'"&(AT$4)&"'!"&(AT6)&""))) -> 0 | AR6: =SUM(INDIRECT("'"&(AU$4)&"'!"&(AU6)&"")) -> 0 | AS6: =IFERROR(AR6/AQ6,"-") -> - | AT6: =CONCATENATE(AV$4,AV6) -> S154 | AU6: =CONCATENATE(AV$4,AW6) -> S154 | AV6: 154 | AW6: 154 | AX6: 2日 | AY6: =IF(INDIRECT("'"&(BC$4)&"'!"&($A6)&"")="","0",SUM(INDIRECT("'"&(BB$4)&"'!"&(BB6)&""))) -> 0 | AZ6: =SUM(INDIRECT("'"&(BC$4)&"'!"&(BC6)&"")) -> 0 | BA6: =IFERROR(AZ6/AY6,"-") -> - | BB6: =CONCATENATE(BD$4,BD6) -> S155 | BC6: =CONCATENATE(BD$4,BE6) -> S155 | BD6: 155 | BE6: 155
A7: V162 | B7: 3日 | C7: =IF(INDIRECT("'"&(G$4)&"'!"&($A7)&"")="","0",SUM(INDIRECT("'"&(G$4)&"'!"&(F7)&""))) -> 0 | D7: =SUM(INDIRECT("'"&(G$4)&"'!"&(G7)&"")) -> 0 | E7: =IFERROR(D7/C7,"-") -> - | F7: =CONCATENATE(I$4,H7) -> T195 | G7: =CONCATENATE(I$4,I7) -> T196 | H7: 195 | I7: 196 | J7: 3日 | K7: =IF(INDIRECT("'"&(O$4)&"'!"&($A7)&"")="","0",SUM(INDIRECT("'"&(O$4)&"'!"&(N7)&""))) -> 0 | L7: =SUM(INDIRECT("'"&(O$4)&"'!"&(O7)&"")) -> 0 | M7: =IFERROR(L7/K7,"-") -> - | N7: =CONCATENATE(Q$4,P7) -> T197 | O7: =CONCATENATE(Q$4,Q7) -> T198 | P7: 197 | Q7: 198 | R7: 3日 | S7: =IF(INDIRECT("'"&(W$4)&"'!"&($A7)&"")="","0",SUM(INDIRECT("'"&(W$4)&"'!"&(V7)&""))) -> 0 | T7: =SUM(INDIRECT("'"&(W$4)&"'!"&(W7)&"")) -> 0 | U7: =IFERROR(T7/S7,"-") -> - | V7: =CONCATENATE(Y$4,X7) -> T209 | W7: =CONCATENATE(Y$4,Y7) -> T210 | X7: 209 | Y7: 210 | Z7: 3日 | AA7: =IF(INDIRECT("'"&(AE$4)&"'!"&($A7)&"")="","0",SUM(INDIRECT("'"&(AD$4)&"'!"&(AD7)&""))) -> 0 | AB7: =SUM(INDIRECT("'"&(AE$4)&"'!"&(AE7)&"")) -> 0 | AC7: =IFERROR(AB7/AA7,"-") -> - | AD7: =CONCATENATE(AF$4,AF7) -> S201 | AE7: =CONCATENATE(AF$4,AG7) -> S201 | AF7: 201 | AG7: 201 | AH7: 3日 | AI7: =IF(INDIRECT("'"&(AM$4)&"'!"&($A7)&"")="","0",SUM(INDIRECT("'"&(AL$4)&"'!"&(AL7)&""))) -> 0 | AJ7: =SUM(INDIRECT("'"&(AM$4)&"'!"&(AM7)&"")) -> 0 | AK7: =IFERROR(AJ7/AI7,"-") -> - | AL7: =CONCATENATE(AN$4,AN7) -> S202 | AM7: =CONCATENATE(AN$4,AO7) -> S202 | AN7: 202 | AO7: 202 | AP7: 3日 | AQ7: =IF(INDIRECT("'"&(AU$4)&"'!"&($A7)&"")="","0",SUM(INDIRECT("'"&(AT$4)&"'!"&(AT7)&""))) -> 0 | AR7: =SUM(INDIRECT("'"&(AU$4)&"'!"&(AU7)&"")) -> 0 | AS7: =IFERROR(AR7/AQ7,"-") -> - | AT7: =CONCATENATE(AV$4,AV7) -> S207 | AU7: =CONCATENATE(AV$4,AW7) -> S207 | AV7: 207 | AW7: 207 | AX7: 3日 | AY7: =IF(INDIRECT("'"&(BC$4)&"'!"&($A7)&"")="","0",SUM(INDIRECT("'"&(BB$4)&"'!"&(BB7)&""))) -> 0 | AZ7: =SUM(INDIRECT("'"&(BC$4)&"'!"&(BC7)&"")) -> 0 | BA7: =IFERROR(AZ7/AY7,"-") -> - | BB7: =CONCATENATE(BD$4,BD7) -> S208 | BC7: =CONCATENATE(BD$4,BE7) -> S208 | BD7: 208 | BE7: 208
A8: V215 | B8: 4日 | C8: =IF(INDIRECT("'"&(G$4)&"'!"&($A8)&"")="","0",SUM(INDIRECT("'"&(G$4)&"'!"&(F8)&""))) -> 0 | D8: =SUM(INDIRECT("'"&(G$4)&"'!"&(G8)&"")) -> 0 | E8: =IFERROR(D8/C8,"-") -> - | F8: =CONCATENATE(I$4,H8) -> T248 | G8: =CONCATENATE(I$4,I8) -> T249 | H8: 248 | I8: 249 | J8: 4日 | K8: =IF(INDIRECT("'"&(O$4)&"'!"&($A8)&"")="","0",SUM(INDIRECT("'"&(O$4)&"'!"&(N8)&""))) -> 0 | L8: =SUM(INDIRECT("'"&(O$4)&"'!"&(O8)&"")) -> 474 | M8: =IFERROR(L8/K8,"-") -> - | N8: =CONCATENATE(Q$4,P8) -> T250 | O8: =CONCATENATE(Q$4,Q8) -> T251 | P8: 250 | Q8: 251 | R8: 4日 | S8: =IF(INDIRECT("'"&(W$4)&"'!"&($A8)&"")="","0",SUM(INDIRECT("'"&(W$4)&"'!"&(V8)&""))) -> 0 | T8: =SUM(INDIRECT("'"&(W$4)&"'!"&(W8)&"")) -> 30000 | U8: =IFERROR(T8/S8,"-") -> - | V8: =CONCATENATE(Y$4,X8) -> T262 | W8: =CONCATENATE(Y$4,Y8) -> T263 | X8: 262 | Y8: 263 | Z8: 4日 | AA8: =IF(INDIRECT("'"&(AE$4)&"'!"&($A8)&"")="","0",SUM(INDIRECT("'"&(AD$4)&"'!"&(AD8)&""))) -> 0 | AB8: =SUM(INDIRECT("'"&(AE$4)&"'!"&(AE8)&"")) -> 0 | AC8: =IFERROR(AB8/AA8,"-") -> - | AD8: =CONCATENATE(AF$4,AF8) -> S254 | AE8: =CONCATENATE(AF$4,AG8) -> S254 | AF8: 254 | AG8: 254 | AH8: 4日 | AI8: =IF(INDIRECT("'"&(AM$4)&"'!"&($A8)&"")="","0",SUM(INDIRECT("'"&(AL$4)&"'!"&(AL8)&""))) -> 0 | AJ8: =SUM(INDIRECT("'"&(AM$4)&"'!"&(AM8)&"")) -> 0 | AK8: =IFERROR(AJ8/AI8,"-") -> - | AL8: =CONCATENATE(AN$4,AN8) -> S255 | AM8: =CONCATENATE(AN$4,AO8) -> S255 | AN8: 255 | AO8: 255 | AP8: 4日 | AQ8: =IF(INDIRECT("'"&(AU$4)&"'!"&($A8)&"")="","0",SUM(INDIRECT("'"&(AT$4)&"'!"&(AT8)&""))) -> 0 | AR8: =SUM(INDIRECT("'"&(AU$4)&"'!"&(AU8)&"")) -> 0 | AS8: =IFERROR(AR8/AQ8,"-") -> - | AT8: =CONCATENATE(AV$4,AV8) -> S260 | AU8: =CONCATENATE(AV$4,AW8) -> S260 | AV8: 260 | AW8: 260 | AX8: 4日 | AY8: =IF(INDIRECT("'"&(BC$4)&"'!"&($A8)&"")="","0",SUM(INDIRECT("'"&(BB$4)&"'!"&(BB8)&""))) -> 0 | AZ8: =SUM(INDIRECT("'"&(BC$4)&"'!"&(BC8)&"")) -> 0 | BA8: =IFERROR(AZ8/AY8,"-") -> - | BB8: =CONCATENATE(BD$4,BD8) -> S261 | BC8: =CONCATENATE(BD$4,BE8) -> S261 | BD8: 261 | BE8: 261
A9: V268 | B9: 5日 | C9: =IF(INDIRECT("'"&(G$4)&"'!"&($A9)&"")="","0",SUM(INDIRECT("'"&(G$4)&"'!"&(F9)&""))) -> 0 | D9: =SUM(INDIRECT("'"&(G$4)&"'!"&(G9)&"")) -> 0 | E9: =IFERROR(D9/C9,"-") -> - | F9: =CONCATENATE(I$4,H9) -> T301 | G9: =CONCATENATE(I$4,I9) -> T302 | H9: 301 | I9: 302 | J9: 5日 | K9: =IF(INDIRECT("'"&(O$4)&"'!"&($A9)&"")="","0",SUM(INDIRECT("'"&(O$4)&"'!"&(N9)&""))) -> 0 | L9: =SUM(INDIRECT("'"&(O$4)&"'!"&(O9)&"")) -> 0 | M9: =IFERROR(L9/K9,"-") -> - | N9: =CONCATENATE(Q$4,P9) -> T303 | O9: =CONCATENATE(Q$4,Q9) -> T304 | P9: 303 | Q9: 304 | R9: 5日 | S9: =IF(INDIRECT("'"&(W$4)&"'!"&($A9)&"")="","0",SUM(INDIRECT("'"&(W$4)&"'!"&(V9)&""))) -> 0 | T9: =SUM(INDIRECT("'"&(W$4)&"'!"&(W9)&"")) -> 0 | U9: =IFERROR(T9/S9,"-") -> - | V9: =CONCATENATE(Y$4,X9) -> T315 | W9: =CONCATENATE(Y$4,Y9) -> T316 | X9: 315 | Y9: 316 | Z9: 5日 | AA9: =IF(INDIRECT("'"&(AE$4)&"'!"&($A9)&"")="","0",SUM(INDIRECT("'"&(AD$4)&"'!"&(AD9)&""))) -> 0 | AB9: =SUM(INDIRECT("'"&(AE$4)&"'!"&(AE9)&"")) -> 0 | AC9: =IFERROR(AB9/AA9,"-") -> - | AD9: =CONCATENATE(AF$4,AF9) -> S307 | AE9: =CONCATENATE(AF$4,AG9) -> S307 | AF9: 307 | AG9: 307 | AH9: 5日 | AI9: =IF(INDIRECT("'"&(AM$4)&"'!"&($A9)&"")="","0",SUM(INDIRECT("'"&(AL$4)&"'!"&(AL9)&""))) -> 0 | AJ9: =SUM(INDIRECT("'"&(AM$4)&"'!"&(AM9)&"")) -> 0 | AK9: =IFERROR(AJ9/AI9,"-") -> - | AL9: =CONCATENATE(AN$4,AN9) -> S308 | AM9: =CONCATENATE(AN$4,AO9) -> S308 | AN9: 308 | AO9: 308 | AP9: 5日 | AQ9: =IF(INDIRECT("'"&(AU$4)&"'!"&($A9)&"")="","0",SUM(INDIRECT("'"&(AT$4)&"'!"&(AT9)&""))) -> 0 | AR9: =SUM(INDIRECT("'"&(AU$4)&"'!"&(AU9)&"")) -> 0 | AS9: =IFERROR(AR9/AQ9,"-") -> - | AT9: =CONCATENATE(AV$4,AV9) -> S313 | AU9: =CONCATENATE(AV$4,AW9) -> S313 | AV9: 313 | AW9: 313 | AX9: 5日 | AY9: =IF(INDIRECT("'"&(BC$4)&"'!"&($A9)&"")="","0",SUM(INDIRECT("'"&(BB$4)&"'!"&(BB9)&""))) -> 0 | AZ9: =SUM(INDIRECT("'"&(BC$4)&"'!"&(BC9)&"")) -> 0 | BA9: =IFERROR(AZ9/AY9,"-") -> - | BB9: =CONCATENATE(BD$4,BD9) -> S314 | BC9: =CONCATENATE(BD$4,BE9) -> S314 | BD9: 314 | BE9: 314
A10: V321 | B10: 6日 | C10: =IF(INDIRECT("'"&(G$4)&"'!"&($A10)&"")="","0",SUM(INDIRECT("'"&(G$4)&"'!"&(F10)&""))) -> 0 | D10: =SUM(INDIRECT("'"&(G$4)&"'!"&(G10)&"")) -> 173254 | E10: =IFERROR(D10/C10,"-") -> - | F10: =CONCATENATE(I$4,H10) -> T354 | G10: =CONCATENATE(I$4,I10) -> T355 | H10: 354 | I10: 355 | J10: 6日 | K10: =IF(INDIRECT("'"&(O$4)&"'!"&($A10)&"")="","0",SUM(INDIRECT("'"&(O$4)&"'!"&(N10)&""))) -> 0 | L10: =SUM(INDIRECT("'"&(O$4)&"'!"&(O10)&"")) -> 0 | M10: =IFERROR(L10/K10,"-") -> - | N10: =CONCATENATE(Q$4,P10) -> T356 | O10: =CONCATENATE(Q$4,Q10) -> T357 | P10: 356 | Q10: 357 | R10: 6日 | S10: =IF(INDIRECT("'"&(W$4)&"'!"&($A10)&"")="","0",SUM(INDIRECT("'"&(W$4)&"'!"&(V10)&""))) -> 0 | T10: =SUM(INDIRECT("'"&(W$4)&"'!"&(W10)&"")) -> 0 | U10: =IFERROR(T10/S10,"-") -> - | V10: =CONCATENATE(Y$4,X10) -> T368 | W10: =CONCATENATE(Y$4,Y10) -> T369 | X10: 368 | Y10: 369 | Z10: 6日 | AA10: =IF(INDIRECT("'"&(AE$4)&"'!"&($A10)&"")="","0",SUM(INDIRECT("'"&(AD$4)&"'!"&(AD10)&""))) -> 0 | AB10: =SUM(INDIRECT("'"&(AE$4)&"'!"&(AE10)&"")) -> 0 | AC10: =IFERROR(AB10/AA10,"-") -> - | AD10: =CONCATENATE(AF$4,AF10) -> S360 | AE10: =CONCATENATE(AF$4,AG10) -> S360 | AF10: 360 | AG10: 360 | AH10: 6日 | AI10: =IF(INDIRECT("'"&(AM$4)&"'!"&($A10)&"")="","0",SUM(INDIRECT("'"&(AL$4)&"'!"&(AL10)&""))) -> 0 | AJ10: =SUM(INDIRECT("'"&(AM$4)&"'!"&(AM10)&"")) -> 0 | AK10: =IFERROR(AJ10/AI10,"-") -> - | AL10: =CONCATENATE(AN$4,AN10) -> S361 | AM10: =CONCATENATE(AN$4,AO10) -> S361 | AN10: 361 | AO10: 361 | AP10: 6日 | AQ10: =IF(INDIRECT("'"&(AU$4)&"'!"&($A10)&"")="","0",SUM(INDIRECT("'"&(AT$4)&"'!"&(AT10)&""))) -> 0 | AR10: =SUM(INDIRECT("'"&(AU$4)&"'!"&(AU10)&"")) -> 0 | AS10: =IFERROR(AR10/AQ10,"-") -> - | AT10: =CONCATENATE(AV$4,AV10) -> S366 | AU10: =CONCATENATE(AV$4,AW10) -> S366 | AV10: 366 | AW10: 366 | AX10: 6日 | AY10: =IF(INDIRECT("'"&(BC$4)&"'!"&($A10)&"")="","0",SUM(INDIRECT("'"&(BB$4)&"'!"&(BB10)&""))) -> 0 | AZ10: =SUM(INDIRECT("'"&(BC$4)&"'!"&(BC10)&"")) -> 3000 | BA10: =IFERROR(AZ10/AY10,"-") -> - | BB10: =CONCATENATE(BD$4,BD10) -> S367 | BC10: =CONCATENATE(BD$4,BE10) -> S367 | BD10: 367 | BE10: 367
A11: V374 | B11: 7日 | C11: =IF(INDIRECT("'"&(G$4)&"'!"&($A11)&"")="","0",SUM(INDIRECT("'"&(G$4)&"'!"&(F11)&""))) -> 0 | D11: =SUM(INDIRECT("'"&(G$4)&"'!"&(G11)&"")) -> 0 | E11: =IFERROR(D11/C11,"-") -> - | F11: =CONCATENATE(I$4,H11) -> T407 | G11: =CONCATENATE(I$4,I11) -> T408 | H11: 407 | I11: 408 | J11: 7日 | K11: =IF(INDIRECT("'"&(O$4)&"'!"&($A11)&"")="","0",SUM(INDIRECT("'"&(O$4)&"'!"&(N11)&""))) -> 354850 | L11: =SUM(INDIRECT("'"&(O$4)&"'!"&(O11)&"")) -> 0 | M11: =IFERROR(L11/K11,"-") -> 0 | N11: =CONCATENATE(Q$4,P11) -> T409 | O11: =CONCATENATE(Q$4,Q11) -> T410 | P11: 409 | Q11: 410 | R11: 7日 | S11: =IF(INDIRECT("'"&(W$4)&"'!"&($A11)&"")="","0",SUM(INDIRECT("'"&(W$4)&"'!"&(V11)&""))) -> 2000 | T11: =SUM(INDIRECT("'"&(W$4)&"'!"&(W11)&"")) -> 2000 | U11: =IFERROR(T11/S11,"-") -> 1 | V11: =CONCATENATE(Y$4,X11) -> T421 | W11: =CONCATENATE(Y$4,Y11) -> T422 | X11: 421 | Y11: 422 | Z11: 7日 | AA11: =IF(INDIRECT("'"&(AE$4)&"'!"&($A11)&"")="","0",SUM(INDIRECT("'"&(AD$4)&"'!"&(AD11)&""))) -> 0 | AB11: =SUM(INDIRECT("'"&(AE$4)&"'!"&(AE11)&"")) -> 0 | AC11: =IFERROR(AB11/AA11,"-") -> - | AD11: =CONCATENATE(AF$4,AF11) -> S413 | AE11: =CONCATENATE(AF$4,AG11) -> S413 | AF11: 413 | AG11: 413 | AH11: 7日 | AI11: =IF(INDIRECT("'"&(AM$4)&"'!"&($A11)&"")="","0",SUM(INDIRECT("'"&(AL$4)&"'!"&(AL11)&""))) -> 0 | AJ11: =SUM(INDIRECT("'"&(AM$4)&"'!"&(AM11)&"")) -> 0 | AK11: =IFERROR(AJ11/AI11,"-") -> - | AL11: =CONCATENATE(AN$4,AN11) -> S414 | AM11: =CONCATENATE(AN$4,AO11) -> S414 | AN11: 414 | AO11: 414 | AP11: 7日 | AQ11: =IF(INDIRECT("'"&(AU$4)&"'!"&($A11)&"")="","0",SUM(INDIRECT("'"&(AT$4)&"'!"&(AT11)&""))) -> 4700 | AR11: =SUM(INDIRECT("'"&(AU$4)&"'!"&(AU11)&"")) -> 3810 | AS11: =IFERROR(AR11/AQ11,"-") -> 0.8106383 | AT11: =CONCATENATE(AV$4,AV11) -> S419 | AU11: =CONCATENATE(AV$4,AW11) -> S419 | AV11: 419 | AW11: 419 | AX11: 7日 | AY11: =IF(INDIRECT("'"&(BC$4)&"'!"&($A11)&"")="","0",SUM(INDIRECT("'"&(BB$4)&"'!"&(BB11)&""))) -> 0 | AZ11: =SUM(INDIRECT("'"&(BC$4)&"'!"&(BC11)&"")) -> 0 | BA11: =IFERROR(AZ11/AY11,"-") -> - | BB11: =CONCATENATE(BD$4,BD11) -> S420 | BC11: =CONCATENATE(BD$4,BE11) -> S420 | BD11: 420 | BE11: 420
A12: V427 | B12: 8日 | C12: =IF(INDIRECT("'"&(G$4)&"'!"&($A12)&"")="","0",SUM(INDIRECT("'"&(G$4)&"'!"&(F12)&""))) -> 0 | D12: =SUM(INDIRECT("'"&(G$4)&"'!"&(G12)&"")) -> 0 | E12: =IFERROR(D12/C12,"-") -> - | F12: =CONCATENATE(I$4,H12) -> T460 | G12: =CONCATENATE(I$4,I12) -> T461 | H12: 460 | I12: 461 | J12: 8日 | K12: =IF(INDIRECT("'"&(O$4)&"'!"&($A12)&"")="","0",SUM(INDIRECT("'"&(O$4)&"'!"&(N12)&""))) -> 0 | L12: =SUM(INDIRECT("'"&(O$4)&"'!"&(O12)&"")) -> 150400 | M12: =IFERROR(L12/K12,"-") -> - | N12: =CONCATENATE(Q$4,P12) -> T462 | O12: =CONCATENATE(Q$4,Q12) -> T463 | P12: 462 | Q12: 463 | R12: 8日 | S12: =IF(INDIRECT("'"&(W$4)&"'!"&($A12)&"")="","0",SUM(INDIRECT("'"&(W$4)&"'!"&(V12)&""))) -> 0 | T12: =SUM(INDIRECT("'"&(W$4)&"'!"&(W12)&"")) -> 1000 | U12: =IFERROR(T12/S12,"-") -> - | V12: =CONCATENATE(Y$4,X12) -> T474 | W12: =CONCATENATE(Y$4,Y12) -> T475 | X12: 474 | Y12: 475 | Z12: 8日 | AA12: =IF(INDIRECT("'"&(AE$4)&"'!"&($A12)&"")="","0",SUM(INDIRECT("'"&(AD$4)&"'!"&(AD12)&""))) -> 0 | AB12: =SUM(INDIRECT("'"&(AE$4)&"'!"&(AE12)&"")) -> 0 | AC12: =IFERROR(AB12/AA12,"-") -> - | AD12: =CONCATENATE(AF$4,AF12) -> S466 | AE12: =CONCATENATE(AF$4,AG12) -> S466 | AF12: 466 | AG12: 466 | AH12: 8日 | AI12: =IF(INDIRECT("'"&(AM$4)&"'!"&($A12)&"")="","0",SUM(INDIRECT("'"&(AL$4)&"'!"&(AL12)&""))) -> 0 | AJ12: =SUM(INDIRECT("'"&(AM$4)&"'!"&(AM12)&"")) -> 0 | AK12: =IFERROR(AJ12/AI12,"-") -> - | AL12: =CONCATENATE(AN$4,AN12) -> S467 | AM12: =CONCATENATE(AN$4,AO12) -> S467 | AN12: 467 | AO12: 467 | AP12: 8日 | AQ12: =IF(INDIRECT("'"&(AU$4)&"'!"&($A12)&"")="","0",SUM(INDIRECT("'"&(AT$4)&"'!"&(AT12)&""))) -> 0 | AR12: =SUM(INDIRECT("'"&(AU$4)&"'!"&(AU12)&"")) -> 3500 | AS12: =IFERROR(AR12/AQ12,"-") -> - | AT12: =CONCATENATE(AV$4,AV12) -> S472 | AU12: =CONCATENATE(AV$4,AW12) -> S472 | AV12: 472 | AW12: 472 | AX12: 8日 | AY12: =IF(INDIRECT("'"&(BC$4)&"'!"&($A12)&"")="","0",SUM(INDIRECT("'"&(BB$4)&"'!"&(BB12)&""))) -> 0 | AZ12: =SUM(INDIRECT("'"&(BC$4)&"'!"&(BC12)&"")) -> 0 | BA12: =IFERROR(AZ12/AY12,"-") -> - | BB12: =CONCATENATE(BD$4,BD12) -> S473 | BC12: =CONCATENATE(BD$4,BE12) -> S473 | BD12: 473 | BE12: 473
A13: V480 | B13: 9日 | C13: =IF(INDIRECT("'"&(G$4)&"'!"&($A13)&"")="","0",SUM(INDIRECT("'"&(G$4)&"'!"&(F13)&""))) -> 0 | D13: =SUM(INDIRECT("'"&(G$4)&"'!"&(G13)&"")) -> 0 | E13: =IFERROR(D13/C13,"-") -> - | F13: =CONCATENATE(I$4,H13) -> T513 | G13: =CONCATENATE(I$4,I13) -> T514 | H13: 513 | I13: 514 | J13: 9日 | K13: =IF(INDIRECT("'"&(O$4)&"'!"&($A13)&"")="","0",SUM(INDIRECT("'"&(O$4)&"'!"&(N13)&""))) -> 0 | L13: =SUM(INDIRECT("'"&(O$4)&"'!"&(O13)&"")) -> 0 | M13: =IFERROR(L13/K13,"-") -> - | N13: =CONCATENATE(Q$4,P13) -> T515 | O13: =CONCATENATE(Q$4,Q13) -> T516 | P13: 515 | Q13: 516 | R13: 9日 | S13: =IF(INDIRECT("'"&(W$4)&"'!"&($A13)&"")="","0",SUM(INDIRECT("'"&(W$4)&"'!"&(V13)&""))) -> 10260 | T13: =SUM(INDIRECT("'"&(W$4)&"'!"&(W13)&"")) -> 2280 | U13: =IFERROR(T13/S13,"-") -> 0.22222222 | V13: =CONCATENATE(Y$4,X13) -> T527 | W13: =CONCATENATE(Y$4,Y13) -> T528 | X13: 527 | Y13: 528 | Z13: 9日 | AA13: =IF(INDIRECT("'"&(AE$4)&"'!"&($A13)&"")="","0",SUM(INDIRECT("'"&(AD$4)&"'!"&(AD13)&""))) -> 0 | AB13: =SUM(INDIRECT("'"&(AE$4)&"'!"&(AE13)&"")) -> 0 | AC13: =IFERROR(AB13/AA13,"-") -> - | AD13: =CONCATENATE(AF$4,AF13) -> S519 | AE13: =CONCATENATE(AF$4,AG13) -> S519 | AF13: 519 | AG13: 519 | AH13: 9日 | AI13: =IF(INDIRECT("'"&(AM$4)&"'!"&($A13)&"")="","0",SUM(INDIRECT("'"&(AL$4)&"'!"&(AL13)&""))) -> 0 | AJ13: =SUM(INDIRECT("'"&(AM$4)&"'!"&(AM13)&"")) -> 0 | AK13: =IFERROR(AJ13/AI13,"-") -> - | AL13: =CONCATENATE(AN$4,AN13) -> S520 | AM13: =CONCATENATE(AN$4,AO13) -> S520 | AN13: 520 | AO13: 520 | AP13: 9日 | AQ13: =IF(INDIRECT("'"&(AU$4)&"'!"&($A13)&"")="","0",SUM(INDIRECT("'"&(AT$4)&"'!"&(AT13)&""))) -> 0 | AR13: =SUM(INDIRECT("'"&(AU$4)&"'!"&(AU13)&"")) -> 0 | AS13: =IFERROR(AR13/AQ13,"-") -> - | AT13: =CONCATENATE(AV$4,AV13) -> S525 | AU13: =CONCATENATE(AV$4,AW13) -> S525 | AV13: 525 | AW13: 525 | AX13: 9日 | AY13: =IF(INDIRECT("'"&(BC$4)&"'!"&($A13)&"")="","0",SUM(INDIRECT("'"&(BB$4)&"'!"&(BB13)&""))) -> 0 | AZ13: =SUM(INDIRECT("'"&(BC$4)&"'!"&(BC13)&"")) -> 0 | BA13: =IFERROR(AZ13/AY13,"-") -> - | BB13: =CONCATENATE(BD$4,BD13) -> S526 | BC13: =CONCATENATE(BD$4,BE13) -> S526 | BD13: 526 | BE13: 526
A14: V533 | B14: 10日 | C14: =IF(INDIRECT("'"&(G$4)&"'!"&($A14)&"")="","0",SUM(INDIRECT("'"&(G$4)&"'!"&(F14)&""))) -> 0 | D14: =SUM(INDIRECT("'"&(G$4)&"'!"&(G14)&"")) -> 9500 | E14: =IFERROR(D14/C14,"-") -> - | F14: =CONCATENATE(I$4,H14) -> T566 | G14: =CONCATENATE(I$4,I14) -> T567 | H14: 566 | I14: 567 | J14: 10日 | K14: =IF(INDIRECT("'"&(O$4)&"'!"&($A14)&"")="","0",SUM(INDIRECT("'"&(O$4)&"'!"&(N14)&""))) -> 0 | L14: =SUM(INDIRECT("'"&(O$4)&"'!"&(O14)&"")) -> 0 | M14: =IFERROR(L14/K14,"-") -> - | N14: =CONCATENATE(Q$4,P14) -> T568 | O14: =CONCATENATE(Q$4,Q14) -> T569 | P14: 568 | Q14: 569 | R14: 10日 | S14: =IF(INDIRECT("'"&(W$4)&"'!"&($A14)&"")="","0",SUM(INDIRECT("'"&(W$4)&"'!"&(V14)&""))) -> 0 | T14: =SUM(INDIRECT("'"&(W$4)&"'!"&(W14)&"")) -> 0 | U14: =IFERROR(T14/S14,"-") -> - | V14: =CONCATENATE(Y$4,X14) -> T580 | W14: =CONCATENATE(Y$4,Y14) -> T581 | X14: 580 | Y14: 581 | Z14: 10日 | AA14: =IF(INDIRECT("'"&(AE$4)&"'!"&($A14)&"")="","0",SUM(INDIRECT("'"&(AD$4)&"'!"&(AD14)&""))) -> 0 | AB14: =SUM(INDIRECT("'"&(AE$4)&"'!"&(AE14)&"")) -> 0 | AC14: =IFERROR(AB14/AA14,"-") -> - | AD14: =CONCATENATE(AF$4,AF14) -> S572 | AE14: =CONCATENATE(AF$4,AG14) -> S572 | AF14: 572 | AG14: 572 | AH14: 10日 | AI14: =IF(INDIRECT("'"&(AM$4)&"'!"&($A14)&"")="","0",SUM(INDIRECT("'"&(AL$4)&"'!"&(AL14)&""))) -> 0 | AJ14: =SUM(INDIRECT("'"&(AM$4)&"'!"&(AM14)&"")) -> 0 | AK14: =IFERROR(AJ14/AI14,"-") -> - | AL14: =CONCATENATE(AN$4,AN14) -> S573 | AM14: =CONCATENATE(AN$4,AO14) -> S573 | AN14: 573 | AO14: 573 | AP14: 10日 | AQ14: =IF(INDIRECT("'"&(AU$4)&"'!"&($A14)&"")="","0",SUM(INDIRECT("'"&(AT$4)&"'!"&(AT14)&""))) -> 0 | AR14: =SUM(INDIRECT("'"&(AU$4)&"'!"&(AU14)&"")) -> 0 | AS14: =IFERROR(AR14/AQ14,"-") -> - | AT14: =CONCATENATE(AV$4,AV14) -> S578 | AU14: =CONCATENATE(AV$4,AW14) -> S578 | AV14: 578 | AW14: 578 | AX14: 10日 | AY14: =IF(INDIRECT("'"&(BC$4)&"'!"&($A14)&"")="","0",SUM(INDIRECT("'"&(BB$4)&"'!"&(BB14)&""))) -> 0 | AZ14: =SUM(INDIRECT("'"&(BC$4)&"'!"&(BC14)&"")) -> 0 | BA14: =IFERROR(AZ14/AY14,"-") -> - | BB14: =CONCATENATE(BD$4,BD14) -> S579 | BC14: =CONCATENATE(BD$4,BE14) -> S579 | BD14: 579 | BE14: 579
A15: V586 | B15: 11日 | C15: =IF(INDIRECT("'"&(G$4)&"'!"&($A15)&"")="","0",SUM(INDIRECT("'"&(G$4)&"'!"&(F15)&""))) -> 0 | D15: =SUM(INDIRECT("'"&(G$4)&"'!"&(G15)&"")) -> 0 | E15: =IFERROR(D15/C15,"-") -> - | F15: =CONCATENATE(I$4,H15) -> T619 | G15: =CONCATENATE(I$4,I15) -> T620 | H15: 619 | I15: 620 | J15: 11日 | K15: =IF(INDIRECT("'"&(O$4)&"'!"&($A15)&"")="","0",SUM(INDIRECT("'"&(O$4)&"'!"&(N15)&""))) -> 0 | L15: =SUM(INDIRECT("'"&(O$4)&"'!"&(O15)&"")) -> 0 | M15: =IFERROR(L15/K15,"-") -> - | N15: =CONCATENATE(Q$4,P15) -> T621 | O15: =CONCATENATE(Q$4,Q15) -> T622 | P15: 621 | Q15: 622 | R15: 11日 | S15: =IF(INDIRECT("'"&(W$4)&"'!"&($A15)&"")="","0",SUM(INDIRECT("'"&(W$4)&"'!"&(V15)&""))) -> 0 | T15: =SUM(INDIRECT("'"&(W$4)&"'!"&(W15)&"")) -> 0 | U15: =IFERROR(T15/S15,"-") -> - | V15: =CONCATENATE(Y$4,X15) -> T633 | W15: =CONCATENATE(Y$4,Y15) -> T634 | X15: 633 | Y15: 634 | Z15: 11日 | AA15: =IF(INDIRECT("'"&(AE$4)&"'!"&($A15)&"")="","0",SUM(INDIRECT("'"&(AD$4)&"'!"&(AD15)&""))) -> 0 | AB15: =SUM(INDIRECT("'"&(AE$4)&"'!"&(AE15)&"")) -> 0 | AC15: =IFERROR(AB15/AA15,"-") -> - | AD15: =CONCATENATE(AF$4,AF15) -> S625 | AE15: =CONCATENATE(AF$4,AG15) -> S625 | AF15: 625 | AG15: 625 | AH15: 11日 | AI15: =IF(INDIRECT("'"&(AM$4)&"'!"&($A15)&"")="","0",SUM(INDIRECT("'"&(AL$4)&"'!"&(AL15)&""))) -> 0 | AJ15: =SUM(INDIRECT("'"&(AM$4)&"'!"&(AM15)&"")) -> 0 | AK15: =IFERROR(AJ15/AI15,"-") -> - | AL15: =CONCATENATE(AN$4,AN15) -> S626 | AM15: =CONCATENATE(AN$4,AO15) -> S626 | AN15: 626 | AO15: 626 | AP15: 11日 | AQ15: =IF(INDIRECT("'"&(AU$4)&"'!"&($A15)&"")="","0",SUM(INDIRECT("'"&(AT$4)&"'!"&(AT15)&""))) -> 0 | AR15: =SUM(INDIRECT("'"&(AU$4)&"'!"&(AU15)&"")) -> 0 | AS15: =IFERROR(AR15/AQ15,"-") -> - | AT15: =CONCATENATE(AV$4,AV15) -> S631 | AU15: =CONCATENATE(AV$4,AW15) -> S631 | AV15: 631 | AW15: 631 | AX15: 11日 | AY15: =IF(INDIRECT("'"&(BC$4)&"'!"&($A15)&"")="","0",SUM(INDIRECT("'"&(BB$4)&"'!"&(BB15)&""))) -> 0 | AZ15: =SUM(INDIRECT("'"&(BC$4)&"'!"&(BC15)&"")) -> 0 | BA15: =IFERROR(AZ15/AY15,"-") -> - | BB15: =CONCATENATE(BD$4,BD15) -> S632 | BC15: =CONCATENATE(BD$4,BE15) -> S632 | BD15: 632 | BE15: 632
